Workbook
Name Aflosmethode: dropdowns!$A$120:$A$121
Name ANNUITEITBEDRAG: OFFSET('Qredits maandlasten'!$B$17,0,'Qredits maandlasten'!$C$11,2,1)
Name Betalen: dropdowns!$A$72:$A$76
Name BTW: dropdowns!$A$80:$A$82
Name Cashflow_met_kosten: OFFSET(Schema!$M$9,0,0,'Qredits maandlasten'!$C$4+1,1)
Name Cashflow_zonder_kosten: OFFSET(Schema!$L$9,0,0,'Qredits maandlasten'!$C$4+1,1)
Name Datums: OFFSET(Schema!$C$9,0,0,'Qredits maandlasten'!$C$4+1,1)
Name Graceperiod: dropdowns!$A$32:$A$40
Name Inbreng: dropdowns!$A$28:$A$29
Name Ja_Nee: dropdowns!$A$24:$A$25
Name Looptijd: dropdowns!$A$93:$A$102
Name Maanden6: dropdowns!$A$105:$A$111
Name Meewerkaftrek: dropdowns!$A$85:$A$90
Name Ondernemers: dropdowns!$A$9:$A$11
Name Periodiek: dropdowns!#REF!
Name Periodiek2: dropdowns!#REF!
Name Rechtsvorm: dropdowns!$A$4:$A$6
Name Select_your_language: Intro!$B$7
Name Uitkering: dropdowns!$A$14:$A$21

Sheet Intro
B1: =Vertaling!A4 -> Financieel plan
B3: =Vertaling!A5 -> Let op! Voordat je verder gaat moet het bestand worden opgeslagen op jouw computer. Dit doe je via Bestand -> Opslaan als, of met F12.
B5: Select your language:
B7: Nederlands
B8: =Vertaling!A6 -> Introductie
B9: =Vertaling!A7 -> Het maken van een financieel plan is een belangrijk onderdeel van je ondernemingsplan, zeker als je een financiering wilt aanvragen. Een compleet financieel plan bestaat minimaal uit onderstaande begrotingen. Klik op de onderstaande begrotingen om ze te bekijken.
B10: =Vertaling!A8 -> Privébegroting
B11: =Vertaling!A9 -> Investeringsbegroting
B12: =Vertaling!A10 -> Financieringsbegroting
B13: =Vertaling!A11 -> Exploitatiebegroting
B14: =Vertaling!A12 -> Liquiditeitsbegroting
B16: =Vertaling!A13 -> Hoe in te vullen?
B17: =Vertaling!A14 -> Dit format helpt je met het opstellen van de begrotingen. Het opstellen van dit financieel plan doe je door het beantwoorden van de vragen die worden gesteld op het tabblad VRAGENLIJST. Bij de meeste vragen moet je een bedrag invullen, bij andere vragen moet je een getal of onderdeel selecteren uit een lijst. Door het beantwoorden van de vragenlijst, worden de financiële overzichten automatisch ingevuld en doorgerekend. Deze overzichten zijn te vinden op de blauwgekleurden tabbladen. Deze tabbladen zijn niet in te vullen of te wijzigen. Als je een wijziging wilt aanbrengen doe je dat door de lichtblauwe cellen in de vragenlijst te wijzigen! De overige cellen zijn vergrendeld met een wachtwoord. Dit wachtwoord is niet nodig voor het invullen van het plan en wordt ook niet vrijgegeven. Qredits wil namelijk niet dat het sjabloon wordt aangepast.
B19: =Vertaling!A21 -> Financieringsaanvraag
B20: =Vertaling!A22 -> Je kunt dit financieel plan gebruiken voor een kredietaanvraag bij Qredits. Kijk voor meer informatie over onze zakelijke kredieten op:
B22: =Vertaling!A23 -> https://qredits.nl/zakelijk-krediet
B24: =Vertaling!A24 -> Disclaimer: Qredits draagt er zorg voor om de inhoud van deze module regelmatig bij te werken of toevoegingen hieraan te maken. Desalniettemin is Qredits niet aansprakelijk voor onjuistheden of onvolledigheden in de aangeboden inhoud. Qredits is op geen enkele wijze aansprakelijk voor schade voortvloeiend uit het gebruik van deze module. Het is de gebruiker slechts toegestaan om de module voor eigen gebruik op te slaan, af te drukken en te kopiëren.
A26: Versie 02012025

Sheet Intro_oud
B1: Financieel plan
B3: N.B.: Voordat je verder gaat moet het bestand worden opgeslagen op jouw computer. Dit doe je via Bestand -> Opslaan als, of met F12.
B5: Introductie
B6: Het maken van een financieel plan is een belangrijk onderdeel van je ondernemingsplan, zeker als je een financiering wilt aanvragen. Een compleet financieel plan bestaat minimaal uit onderstaande begrotingen. Klik op de onderstaande begrotingen om ze te bekijken.
B7: Investeringsbegroting
B8: Financieringsbegroting
B9: Exploitatiebegroting
B10: Liquiditeitsbegroting
B12: Hoe in te vullen?
B13: Dit financiële format helpt je met het opstellen van deze prognoses.
B14: Het opstellen van dit financiële plan doe je door het beantwoorden van de vragen die worden gesteld op het tabblad VRAGENIJST
B15: Bij de meeste vragen moet je een bedrag invullen, bij andere vragen moet een getal of onderdeel selecteren uit een lijst.
... B45: Disclaimer: Qredits draagt er zorg voor om de inhoud van deze module regelmatig bij te werken of toevoegingen hieraan te maken. Desalniettemin is Qredits niet aansprakelijk voor onjuistheden of onvolledigheden in de aangeboden inhoud. Qredits is op geen enkele wijze aansprakelijkheid voor schade voortvloeiend uit het gebruik van deze module. Het is de gebruiker slechts toegestaan om de module voor eigen gebruik op te slaan, af te drukken en te kopiëren.
A46: Versie 4.2017.5

Sheet VRAGENLIJST
B1: =Vertaling!A27 -> Vragenlijst financieel plan
B3: =Vertaling!A28 -> Om mee te beginnen… | D3: =Vertaling!A31 -> Antwoord:
A4: 1. | B4: =Vertaling!A29 -> Welke rechtsvorm heeft je bedrijf? | C4: =Vertaling!$A$32 -> selecteer:
B6: =IF(OR(D4="Eenmanszaak",D4=""),"",Vertaling!A30) | C6: =IF(OR(D4="Eenmanszaak",D4=""),"",Vertaling!$A$32) | F6: =IF(AND(OR(D4=dropdowns!B5,D4=dropdowns!C5),OR(D6=dropdowns!B9,D6=dropdowns!C9)),Vertaling!A33,"")
C8: =IF(AND(OR(VRAGENLIJST!$D$4=dropdowns!$A$5,VRAGENLIJST!$D$4=dropdowns!$A$6),VRAGENLIJST!D6="Twee"),Vertaling!A38,IF(AND(OR(VRAGENLIJST!$D$4=dropdowns!$A$5,VRAGENLIJST!$D$4=dropdowns!$A$6),VRAGENLIJST!$D$6=dropdowns!$A$11),Vertaling!A39,Vertaling!A40)) -> Vul de antwoorden op de privévragen in bij kolom F.
D10: =IF(AND(OR(VRAGENLIJST!$D$4=dropdowns!$A$5,VRAGENLIJST!$D$4=dropdowns!$A$6),OR(OR(VRAGENLIJST!$D$6=dropdowns!$B$10,$D$6=dropdowns!$C$10),OR(VRAGENLIJST!$D$6=dropdowns!$B$11,VRAGENLIJST!$D$6=dropdowns!$C$11))),Vertaling!A42,"") | H10: =IF(AND(OR(OR(VRAGENLIJST!$D$4=dropdowns!$B$5,VRAGENLIJST!$D$4=dropdowns!$C$5,VRAGENLIJST!$D$4=dropdowns!$D$5,VRAGENLIJST!$D$4=dropdowns!$E$5),OR(VRAGENLIJST!$D$4=dropdowns!$B$6,VRAGENLIJST!$D$4=dropdowns!$C$6,VRAGENLIJST!$D$4=dropdowns!$D$6,VRAGENLIJST!$D$4=dropdowns!$E$6)),OR(OR(VRAGENLIJST!$D$6=dropdowns!$B$10,VRAGENLIJST!$D$6=dropdowns!$C$10,VRAGENLIJST!$D$6=dropdowns!$D$10,VRAGENLIJST!$D$6=dropdowns!$E$10),OR(VRAGENLIJST!$D$6=dropdowns!$B$11,VRAGENLIJST!$D$6=dropdowns!$C$11,VRAGENLIJST!$D$6=dropdowns!$D$11,VRAGENLIJST!$D$6=dropdowns!$E$11))),Vertaling!A43,Vertaling!A41) -> Ondernemer:
B11: =IF(D4="","",Vertaling!A44) | C11: =IF($D$14="","",Vertaling!A36) | F11: =IF(D4="","",Vertaling!A37) | H11: =IF(OR(D6=dropdowns!B9,VRAGENLIJST!D6=dropdowns!C9),1,1-D11) -> 1
B14: =Vertaling!A45 -> Privé-inkomsten (maandelijks) | D14: =D10 | H14: =H10 -> Ondernemer:
A15: =CONCATENATE(LEFT(A4,1)+1,".") -> 2. | B15: =Vertaling!A46 -> Hoeveel salaris (uit loondienstverband) krijg je maandelijks op je rekening gestort? | C15: =IF($D$14="","",Vertaling!$A$35) | F15: =Vertaling!A35 -> vul nettobedrag in:
A17: =CONCATENATE(LEFT(A15,1)+1,".") -> 3. | B17: =IF(OR(VRAGENLIJST!D15>0,VRAGENLIJST!H15>0),Vertaling!A47,"") | C17: =IF($D$14="","",IF(D15>0,Vertaling!$A$35,"")) | F17: =IF(H15>0,Vertaling!A35,"")
A19: =CONCATENATE(LEFT(A17,1)+1,".") -> 4. | B19: =Vertaling!A48 -> Als je een (tijdelijke) uitkering of overig inkomen ontvangt, hoe hoog is deze dan per maand? | C19: =IF($D$14="","",Vertaling!$A$35) | F19: =Vertaling!A35 -> vul nettobedrag in:
A21: =CONCATENATE(LEFT(A19,1)+1,".") -> 5. | B21: =IF(OR(VRAGENLIJST!D19>0,VRAGENLIJST!H19>0),Vertaling!A49,"") | C21: =IF($D$14="","",IF(D19>0,Vertaling!$A$32,"")) | F21: =IF(H19>0,Vertaling!A32,"")
A23: =CONCATENATE(LEFT(A21,1)+1,".") -> 6. | B23: =Vertaling!A50 -> Hoe hoog zijn de toeslagen (zoals kind-, zorg- en huurtoeslag) per maand? | C23: =IF($D$14="","",Vertaling!$A$35) | F23: =Vertaling!A35 -> vul nettobedrag in:
A25: =CONCATENATE(LEFT(A23,1)+1,".") -> 7. | B25: =Vertaling!A51 -> Heb je een levenspartner met inkomen (uit loondienstverband of uitkering)? | C25: =IF($D$14="","",Vertaling!A32) | F25: =Vertaling!A32 -> selecteer:
A27: =CONCATENATE(LEFT(A25,1)+1,".") -> 8. | B27: =IF(OR(VRAGENLIJST!D25=dropdowns!$B$24,VRAGENLIJST!H25=dropdowns!$B$24,VRAGENLIJST!D25=dropdowns!$C$24,VRAGENLIJST!H25=dropdowns!$C$24),Vertaling!A52,"") | C27: =IF($D$14="","",IF(OR(VRAGENLIJST!$D$25=dropdowns!$B$24,VRAGENLIJST!$D$25=dropdowns!$C$24),Vertaling!A35,"")) | F27: =IF(OR(VRAGENLIJST!H25=dropdowns!$B$24,VRAGENLIJST!H25=dropdowns!$C$24),Vertaling!A35,"")
A29: =CONCATENATE(LEFT(A27,1)+1,".") -> 9. | B29: =IF(OR(VRAGENLIJST!D25=dropdowns!$B$24,VRAGENLIJST!H25=dropdowns!$B$24,VRAGENLIJST!D25=dropdowns!$C$24,VRAGENLIJST!H25=dropdowns!$C$24),Vertaling!A53,"") | C29: =IF($D$14="","",IF(OR(VRAGENLIJST!$D$25=dropdowns!$B$24,VRAGENLIJST!$D$25=dropdowns!$C$24),Vertaling!A35,"")) | F29: =IF(OR(VRAGENLIJST!H25=dropdowns!$B$24,VRAGENLIJST!H25=dropdowns!$C$24),Vertaling!A35,"")
D31: =$D$14 | H31: =$H$14 -> Ondernemer:
B32: =Vertaling!A54 -> Totaal gezamenlijk maandinkomen op dit moment: | C32: =IF($D$14="","",Vertaling!A37) | D32: =D15+D19+D23+IF(OR(D25=dropdowns!B24,D25=dropdowns!C24,D25=dropdowns!D24,D25=dropdowns!E24),VRAGENLIJST!D27,0) -> 0 | F32: =Vertaling!A37 -> is berekend: | H32: =H15+H19+H23+IF(OR(H25=dropdowns!B24,H25=dropdowns!C24,H25=dropdowns!D24,H25=dropdowns!E24),H27,0) -> 0
B34: =Vertaling!A55 -> Totaal gezamenlijk maandinkomen wanneer je bedrijf is opgestart: | C34: =IF($D$14="","",Vertaling!A37) | D34: =D17+IF(OR(D21=dropdowns!$B$15,D21=dropdowns!$C$15),0,D19)+D23+IF(OR(D25=dropdowns!B24,D25=dropdowns!C24,D25=dropdowns!D24,D25=dropdowns!E24),VRAGENLIJST!D29,0) -> 0 | F34: =Vertaling!A37 -> is berekend: | H34: =H17+IF(OR(H21=dropdowns!$B$15,H21=dropdowns!$C$15),0,H19)+H23+IF(OR(H25=dropdowns!B24,H25=dropdowns!C24,H25=dropdowns!D24,H25=dropdowns!E24),H29,0) -> 0
B37: =Vertaling!A56 -> Privé-uitgaven (maandelijks)
A38: =CONCATENATE(LEFT(A29,1)+1,".") -> 10. | B38: =Vertaling!A57 -> Hoeveel geef je maandelijks privé uit? | D38: =$D$14 | H38: =$H$14 -> Ondernemer:
A39: - | B39: =Vertaling!A58 -> Huur woonhuis | C39: =IF($D$14="","",Vertaling!$A$34) | F39: =Vertaling!$A$34 -> vul bedrag in:
A41: - | B41: =Vertaling!A59 -> Aflossing en rente hypotheek (netto) | C41: =IF($D$14="","",Vertaling!$A$34) | F41: =Vertaling!$A$34 -> vul bedrag in:
A43: - | B43: =Vertaling!A60 -> Gas, water en elektriciteit | C43: =IF($D$14="","",Vertaling!$A$34) | F43: =Vertaling!$A$34 -> vul bedrag in:
A45: - | B45: =Vertaling!A61 -> Duurzame consumptiegoederen | C45: =IF($D$14="","",Vertaling!$A$34) | F45: =Vertaling!$A$34 -> vul bedrag in:
A47: - | B47: =Vertaling!A62 -> Ziektekostenverzekering | C47: =IF($D$14="","",Vertaling!$A$34) | F47: =Vertaling!$A$34 -> vul bedrag in:
A49: - | B49: =Vertaling!A63 -> Overige verzekeringen (inboedel, WA, e.d.) | C49: =IF($D$14="","",Vertaling!$A$34) | F49: =Vertaling!$A$34 -> vul bedrag in:
A51: - | B51: =Vertaling!A64 -> Vervoer (brandstof, onderhoud, abonnement) | C51: =IF($D$14="","",Vertaling!$A$34) | F51: =Vertaling!$A$34 -> vul bedrag in:
A53: - | B53: =Vertaling!A65 -> Huishoudelijke uitgaven (voeding, kleding, sport) | C53: =IF($D$14="","",Vertaling!$A$34) | F53: =Vertaling!$A$34 -> vul bedrag in:
A55: - | B55: =Vertaling!A66 -> Vakantie en recreatie | C55: =IF($D$14="","",Vertaling!$A$34) | F55: =Vertaling!$A$34 -> vul bedrag in:
A57: - | B57: =Vertaling!A67 -> Opleiding, studiekosten en opvang kinderen | C57: =IF($D$14="","",Vertaling!$A$34) | F57: =Vertaling!$A$34 -> vul bedrag in:
A59: - | B59: =Vertaling!A68 -> Aflossing en rente privélening (geen hypotheek) | C59: =IF($D$14="","",Vertaling!$A$34) | F59: =Vertaling!$A$34 -> vul bedrag in:
A61: - | B61: =Vertaling!A69 -> Overige privé-uitgaven | C61: =IF($D$14="","",Vertaling!$A$34) | F61: =Vertaling!$A$34 -> vul bedrag in:
D63: =$D$14 | H63: =$H$14 -> Ondernemer:
B64: =Vertaling!A70 -> Dit bedrag kan je maandelijks nog sparen voordat je met je bedrijf gaat starten: | C64: =IF($D$14="","",Vertaling!A37) | D64: =D32-SUM($D$39:$D$61) -> 0 | F64: =Vertaling!A37 -> is berekend: | H64: =H32-SUM($H$39:$H$61) -> 0
B66: =Vertaling!A71 -> Dit bedrag moet je maandelijks uit je onderneming halen voor privédoeleinden als je bent gestart: | C66: =IF($D$14="","",Vertaling!A37) | D66: =IF(SUM($D$39:$D$61)-D34<0,0,SUM($D$39:$D$61)-D34) -> 0 | F66: =Vertaling!A37 -> is berekend: | H66: =IF(SUM($H$39:$H$61)-H34<0,0,SUM($H$39:$H$61)-H34) -> 0
B68: =IF(OR(VRAGENLIJST!$D$4=dropdowns!$B$6,VRAGENLIJST!D4=dropdowns!C6),Vertaling!A72,"") | C68: =IF($D$14="","",Vertaling!$A73) | F68: =IF(VRAGENLIJST!$D$4=dropdowns!$A$6,Vertaling!A73,"")
B71: =Vertaling!A74 -> Privé: Eigen geld, bezittingen en schulden | D71: =$D$14 | H71: =$H$14 -> Ondernemer:
A72: =CONCATENATE(LEFT(A38,2)+1,".") -> 11. | B72: =Vertaling!A75 -> Heb je een koopwoning? | C72: =IF($D$14="","",Vertaling!A32) | F72: =Vertaling!A32 -> selecteer:
A74: =CONCATENATE(LEFT(A72,2)+1,".") -> 12. | B74: =IF(OR(VRAGENLIJST!D72=dropdowns!$B$24,VRAGENLIJST!H72=dropdowns!$B$24,VRAGENLIJST!D72=dropdowns!$C$24,VRAGENLIJST!H72=dropdowns!$C$24),Vertaling!A76,"") | C74: =IF(OR(VRAGENLIJST!D72=dropdowns!$B$24,VRAGENLIJST!D72=dropdowns!$C$24),IF($D$14="","",Vertaling!$A$34),"") | F74: =IF(OR(VRAGENLIJST!H72=dropdowns!$B$24,VRAGENLIJST!H72=dropdowns!$C$24),Vertaling!$A$34,"")
A76: =CONCATENATE(LEFT(A74,2)+1,".") -> 13. | B76: =IF(OR(VRAGENLIJST!D72=dropdowns!$B$24,VRAGENLIJST!H72=dropdowns!$B$24,VRAGENLIJST!D72=dropdowns!$C$24,VRAGENLIJST!H72=dropdowns!$C$24),Vertaling!A77,"") | C76: =IF(OR(VRAGENLIJST!D72=dropdowns!$B$24,VRAGENLIJST!D72=dropdowns!$C$24),IF($D$14="","",Vertaling!$A$34),"") | F76: =IF(OR(VRAGENLIJST!H72=dropdowns!$B$24,VRAGENLIJST!H72=dropdowns!$C$24),Vertaling!$A$34,"")
A78: =CONCATENATE(LEFT(A76,2)+1,".") -> 14. | B78: =Vertaling!A78 -> Als je (naast je hypotheek) nog andere schulden hebt, hoe hoog zijn deze schulden? | C78: =IF($D$14="","",Vertaling!$A$34) | F78: =Vertaling!$A$34 -> vul bedrag in:
A80: =CONCATENATE(LEFT(A78,2)+1,".") -> 15. | B80: =Vertaling!A79 -> Hoeveel spaargeld heb je op dit moment? | C80: =IF($D$14="","",Vertaling!$A$34) | F80: =Vertaling!$A$34 -> vul bedrag in:
A82: =CONCATENATE(LEFT(A80,2)+1,".") -> 16. | B82: =Vertaling!A81 -> Als je nog ander vermogen hebt, zoals aandelen of vastgoed, wat is de waarde hiervan? | C82: =IF($D$14="","",Vertaling!$A$34) | F82: =Vertaling!$A$34 -> vul bedrag in:
B85: =Vertaling!A82 -> Investeringen (voor langere periode)
A86: =CONCATENATE(LEFT(A82,2)+1,".") -> 17. | B86: =Vertaling!A83 -> Wat heb je nodig om te kunnen starten met je bedrijf? | D86: =Vertaling!A31 -> Antwoord: | H86: =Vertaling!A31 -> Antwoord:
A87: - | B87: =Vertaling!A84 -> Aankoop onroerend goed | C87: =Vertaling!A32 -> selecteer: | F87: =Vertaling!$A$34 -> vul bedrag in:
A89: - | B89: =Vertaling!A85 -> Verbouwing | C89: =Vertaling!A32 -> selecteer: | F89: =Vertaling!$A$34 -> vul bedrag in:
A91: - | B91: =Vertaling!A86 -> Inventaris | C91: =Vertaling!A32 -> selecteer: | F91: =Vertaling!$A$34 -> vul bedrag in:
A93: - | B93: =Vertaling!A87 -> Machines en/of gereedschappen | C93: =Vertaling!A32 -> selecteer: | F93: =Vertaling!$A$34 -> vul bedrag in:
A95: - | B95: =Vertaling!A88 -> Computer en/of software | C95: =Vertaling!A32 -> selecteer: | F95: =Vertaling!$A$34 -> vul bedrag in:
A97: - | B97: =Vertaling!A89 -> Transportmiddel | C97: =Vertaling!A32 -> selecteer: | F97: =Vertaling!$A$34 -> vul bedrag in:
A99: - | B99: =Vertaling!A90 -> Startvoorraad product 1 | C99: =Vertaling!A32 -> selecteer: | F99: =Vertaling!$A$34 -> vul bedrag in:
A101: - | B101: =Vertaling!A91 -> Startvoorraad product 2 | C101: =Vertaling!A32 -> selecteer: | F101: =Vertaling!$A$34 -> vul bedrag in:
A103: - | B103: =Vertaling!A92 -> Startvoorraad product 3 | C103: =Vertaling!A32 -> selecteer: | F103: =Vertaling!$A$34 -> vul bedrag in:
A105: - | B105: =Vertaling!A93 -> Huurgarantie | F105: =Vertaling!$A$34 -> vul bedrag in:
A107: - | B107: =Vertaling!A94 -> Franchisefee | F107: =Vertaling!$A$34 -> vul bedrag in:
A109: - | B109: =Vertaling!A95 -> Goodwill | F109: =Vertaling!$A$34 -> vul bedrag in:
A111: - | B111: =Vertaling!A96 -> Promotiekosten | F111: =Vertaling!$A$34 -> vul bedrag in:
A113: - | B113: =Vertaling!A97 -> Btw over investeringen | F113: =Vertaling!A37 -> is berekend: | H113: =(IF(OR(D89=dropdowns!$B$29,D89=dropdowns!$C$29,D89=dropdowns!$D$29,D89=dropdowns!$E$29),VRAGENLIJST!H89,0)+IF(OR(D91=dropdowns!$B$29,D91=dropdowns!$C$29,D91=dropdowns!$D$29,D91=dropdowns!$E$29),VRAGENLIJST!H91,0)+IF(OR(D93=dropdowns!$B$29,D93=dropdowns!$C$29,D93=dropdowns!$D$29,D93=dropdowns!$E$29),VRAGENLIJST!H93,0)+IF(OR(D95=dropdowns!$B$29,D95=dropdowns!$C$29,D95=dropdowns!$D$29,D95=dropdowns!$E$29),VRAGENLIJST!H95,0)+IF(OR(D97=dropdowns!$B$29,D97=dropdowns!$C$29,D97=dropdowns!$D$29,D97=dropdowns!$E$29),VRAGENLIJST!H97,0))*0.21+H111*0.21+IF(OR(D99=dropdowns!$B$29,D99=dropdowns!$C$29,D99=dropdowns!$D$29,D99=dropdowns!$E$29),H99,0)*D168+IF(OR(D101=dropdowns!$B$29,D101=dropdowns!$C$29,D101=dropdowns!$D$29,D101=dropdowns!$E$29),H101,0)*F168+IF(OR(D103=dropdowns!$B$29,D103=dropdowns!$C$29,D103=dropdowns!$D$29,D103=dropdowns!$E$29),H103,0)*H168+SUMIFS(H89:H97,D89:D97,"")*0.21+SUMIFS(H98:H99,D98:D99,"")*D168+SUMIFS(H100:H101,D100:D101,"")*F168+SUMIFS(H102:H103,D102:D103,"")*H168 -> 0
A115: - | B115: =Vertaling!A98 -> Overbrugging, aanloopkosten en overig/onvoorzien | F115: =Vertaling!$A$34 -> vul bedrag in:
B117: =Vertaling!A99 -> Financieringen | H117: =Vertaling!A31 -> Antwoord:
A118: =CONCATENATE(LEFT(A86,2)+1,".") -> 18. | B118: =Vertaling!A100 -> Hoeveel (spaar)geld ga je zelf inbrengen? | F118: =Vertaling!$A$34 -> vul bedrag in:
A120: =CONCATENATE(LEFT(A118,2)+1,".") -> 19. | B120: =Vertaling!A101 -> Hoeveel geld heb je geleend en/of ga je lenen bij familie/vrienden? | F120: =Vertaling!$A$34 -> vul bedrag in:
B122: =IF(VRAGENLIJST!$H$120>0,Vertaling!A102,"") | F122: =IF(VRAGENLIJST!$H$120>0,Vertaling!A34,"")
B124: =IF(VRAGENLIJST!$H$120>0,Vertaling!A103,"") | F124: =IF(VRAGENLIJST!$H$120>0,Vertaling!A34,"")
B126: =IF(VRAGENLIJST!$H$120>0,Vertaling!A104,"") | F126: =IF(VRAGENLIJST!$H$120>0,Vertaling!A32,"")
A128: =CONCATENATE(LEFT(A120,2)+1,".") -> 20. | B128: =Vertaling!A105 -> Hoeveel geld heb je geleend en/of ga je lenen bij overige financieringsbronnen? | F128: =Vertaling!$A$34 -> vul bedrag in:
B130: =IF(VRAGENLIJST!$H$128>0,Vertaling!A106,"") | F130: =IF(VRAGENLIJST!$H$128>0,Vertaling!A34,"")
B132: =IF(VRAGENLIJST!$H$128>0,Vertaling!A107,"") | F132: =IF(VRAGENLIJST!$H$128>0,Vertaling!A34,"")
B134: =IF(VRAGENLIJST!$H$128>0,Vertaling!A108,"") | F134: =IF(VRAGENLIJST!$H$128>0,Vertaling!A32,"")
B137: =Vertaling!A109 -> Maandelijkse indirecte kosten
A138: =CONCATENATE(LEFT(A128,2)+1,".") -> 21. | B138: =Vertaling!A110 -> Hoe hoog zijn de maandelijkse kosten? | H138: =Vertaling!$A$31 -> Antwoord:
A139: - | B139: =Vertaling!A111 -> Personeel (let op: bruto personeelslasten, dus inclusief premies en belastingen) | F139: =Vertaling!$A$34 -> vul bedrag in:
B141: =IF(VRAGENLIJST!$H$139>0,Vertaling!A112,"") | F141: =IF(VRAGENLIJST!$H$139>0,Vertaling!A32,"")
A143: - | B143: =Vertaling!A113 -> Huisvesting (huur, schoonmaak, onderhoud) | F143: =Vertaling!$A$34 -> vul bedrag in:
B145: =IF(VRAGENLIJST!$H$143>0,Vertaling!A114,"") | F145: =IF(VRAGENLIJST!$H$143>0,Vertaling!A32,"")
A147: - | B147: =Vertaling!A115 -> Vervoer/verblijf (brandstof, onderhoud, parkeren, verzekeringen) | F147: =Vertaling!$A$34 -> vul bedrag in:
A149: - | B149: =Vertaling!A116 -> Promotie/reclame (onderhoudskosten website, domeinnaam, Google Ads) | F149: =Vertaling!$A$34 -> vul bedrag in:
A151: - | B151: =Vertaling!A118 -> Verzekeringen (aansprakelijkheid, arbeidsongeschiktheid, inboedel) | F151: =Vertaling!$A$34 -> vul bedrag in:
A153: - | B153: =Vertaling!A119 -> Administratiekosten (accountant, adviseur, boekhoudpakket) | F153: =Vertaling!$A$34 -> vul bedrag in:
A155: - | B155: =Vertaling!A120 -> Abonnementen (telefoon, internet, vakbladen, brancheverenigingen, KVK, accountant, adviseur) | F155: =Vertaling!$A$34 -> vul bedrag in:
A157: - | B157: =Vertaling!A121 -> Kantoorartikelen (pennen, papier, cartridges) | F157: =Vertaling!$A$34 -> vul bedrag in:
A159: - | B159: =Vertaling!A122 -> Overig | F159: =Vertaling!$A$34 -> vul bedrag in:
B161: =Vertaling!A123 -> Maandelijkse directe kosten | D161: Product 1 | F161: Product 2 | H161: Product 3
A162: =CONCATENATE(LEFT(A138,2)+1,".") -> 22. | B162: =Vertaling!A124 -> Koop je producten in die je, eventueel na bewerking, weer verkoopt? | C162: =Vertaling!A32 -> selecteer:
C164: =Vertaling!A125 -> Als je meer dan drie producten verkoopt, probeer deze in drie groepen in te delen
A166: =CONCATENATE(LEFT(A162,2)+1,".") -> 23. | B166: =IF(OR(VRAGENLIJST!$D$162=dropdowns!$B$24,VRAGENLIJST!$F$162=dropdowns!$B$24,VRAGENLIJST!$H$162=dropdowns!$B$24,VRAGENLIJST!$D$162=dropdowns!$C$24,VRAGENLIJST!$F$162=dropdowns!$C$24,VRAGENLIJST!$H$162=dropdowns!$C$24),Vertaling!A126,"") | C166: =IF(OR(VRAGENLIJST!$D$162=dropdowns!$B$24,VRAGENLIJST!$F$162=dropdowns!$B$24,VRAGENLIJST!$H$162=dropdowns!$B$24,VRAGENLIJST!$D$162=dropdowns!$C$24,VRAGENLIJST!$F$162=dropdowns!$C$24,VRAGENLIJST!$H$162=dropdowns!$C$24),Vertaling!A36,"")
A168: =CONCATENATE(LEFT(A166,2)+1,".") -> 24. | B168: =IF(OR(VRAGENLIJST!$D$162=dropdowns!$B$24,VRAGENLIJST!$F$162=dropdowns!$B$24,VRAGENLIJST!$H$162=dropdowns!$B$24,VRAGENLIJST!$D$162=dropdowns!$C$24,VRAGENLIJST!$F$162=dropdowns!$C$24,VRAGENLIJST!$H$162=dropdowns!$C$24),Vertaling!A127,"") | C168: =IF(OR(VRAGENLIJST!$D$162=dropdowns!$B$24,VRAGENLIJST!$F$162=dropdowns!$B$24,VRAGENLIJST!$H$162=dropdowns!$B$24,VRAGENLIJST!$D$162=dropdowns!$C$24,VRAGENLIJST!$F$162=dropdowns!$C$24,VRAGENLIJST!$H$162=dropdowns!$C$24),Vertaling!A32,"")
A170: =CONCATENATE(LEFT(A168,2)+1,".") -> 25. | B170: =IF(OR(VRAGENLIJST!$D$162=dropdowns!$B$24,VRAGENLIJST!$F$162=dropdowns!$B$24,VRAGENLIJST!$H$162=dropdowns!$B$24,VRAGENLIJST!$D$162=dropdowns!$C$24,VRAGENLIJST!$F$162=dropdowns!$C$24,VRAGENLIJST!$H$162=dropdowns!$C$24),Vertaling!A128,"") | C170: =IF(OR(VRAGENLIJST!$D$162=dropdowns!$B$24,VRAGENLIJST!$F$162=dropdowns!$B$24,VRAGENLIJST!$H$162=dropdowns!$B$24,VRAGENLIJST!$D$162=dropdowns!$C$24,VRAGENLIJST!$F$162=dropdowns!$C$24,VRAGENLIJST!$H$162=dropdowns!$C$24),Vertaling!A32,"")
B172: =Vertaling!A124 -> Koop je producten in die je, eventueel na bewerking, weer verkoopt?
A173: =CONCATENATE(LEFT(A170,2)+1,".") -> 26. | B173: Hoeveel is de inkoopwaarde van je omzet per maand? | D173: Getal: | F173: Getal: | H173: Getal:
A174: - | B174: Maand 1 | C174: vul bedrag in: | D174: =D255*$D$166 -> 0 | F174: =F255*$F$166 -> 0 | H174: =H255*$H$166 -> 0
A176: - | B176: Maand 2 | C176: vul bedrag in: | D176: =D257*$D$166 -> 0 | F176: =F257*$F$166 -> 0 | H176: =H257*$H$166 -> 0
A178: - | B178: Maand 3 | C178: vul bedrag in: | D178: =D259*$D$166 -> 0 | F178: =F259*$F$166 -> 0 | H178: =H259*$H$166 -> 0
A180: - | B180: Maand 4 | C180: vul bedrag in: | D180: =D261*$D$166 -> 0 | F180: =F261*$F$166 -> 0 | H180: =H261*$H$166 -> 0
A182: - | B182: Maand 5 | C182: vul bedrag in: | D182: =D263*$D$166 -> 0 | F182: =F263*$F$166 -> 0 | H182: =H263*$H$166 -> 0
A184: - | B184: Maand 6 | C184: vul bedrag in: | D184: =D265*$D$166 -> 0 | F184: =F265*$F$166 -> 0 | H184: =H265*$H$166 -> 0
A186: - | B186: Maand 7 | C186: vul bedrag in: | D186: =D267*$D$166 -> 0 | F186: =F267*$F$166 -> 0 | H186: =H267*$H$166 -> 0
A188: - | B188: Maand 8 | C188: vul bedrag in: | D188: =D269*$D$166 -> 0 | F188: =F269*$F$166 -> 0 | H188: =H269*$H$166 -> 0
...

Sheet Privébegroting
B1: =Vertaling!A181 -> Privébegroting
D2: =IF(VRAGENLIJST!D6=dropdowns!A9,VRAGENLIJST!H10,VRAGENLIJST!D10) | G2: =IF(VRAGENLIJST!D6<>dropdowns!A9,VRAGENLIJST!H10,VRAGENLIJST!D10) -> Ondernemer:
B3: =Vertaling!A183 -> Uitgaven | D3: =Vertaling!A212 -> Per maand | E3: =Vertaling!A213 -> Per jaar | G3: =Vertaling!A212 -> Per maand | H3: =Vertaling!A213 -> Per jaar
B4: =Vertaling!A184 -> Huur/aflossing woning | D4: =IF(OR(VRAGENLIJST!D6=dropdowns!A9,VRAGENLIJST!D6=""),VRAGENLIJST!H41+VRAGENLIJST!H39,VRAGENLIJST!D39+VRAGENLIJST!D41) -> 0 | E4: =D4*12 -> 0 | G4: =IF(VRAGENLIJST!D6<>dropdowns!A9,VRAGENLIJST!H41+VRAGENLIJST!H39,VRAGENLIJST!D39+VRAGENLIJST!D41) -> 0 | H4: =G4*12 -> 0
B5: =Vertaling!A185 -> Gas, water en elektriciteit | D5: =IF(OR(VRAGENLIJST!$D$6=dropdowns!$A$9,VRAGENLIJST!$D$6=""),VRAGENLIJST!H43,VRAGENLIJST!D43) -> 0 | E5: =D5*12 -> 0 | G5: =IF(VRAGENLIJST!D6<>dropdowns!A9,VRAGENLIJST!H43,VRAGENLIJST!D43) -> 0 | H5: =G5*12 -> 0
B6: =Vertaling!A186 -> Duurzame consumptiegoederen | D6: =IF(OR(VRAGENLIJST!$D$6=dropdowns!$A$9,VRAGENLIJST!$D$6=""),VRAGENLIJST!H45,VRAGENLIJST!D45) -> 0 | E6: =D6*12 -> 0 | G6: =IF(VRAGENLIJST!D6<>dropdowns!A9,VRAGENLIJST!H45,VRAGENLIJST!D45) -> 0 | H6: =G6*12 -> 0
B7: =Vertaling!A187 -> Ziektekostenverzekering | D7: =IF(OR(VRAGENLIJST!$D$6=dropdowns!$A$9,VRAGENLIJST!$D$6=""),VRAGENLIJST!H47,VRAGENLIJST!D47) -> 0 | E7: =D7*12 -> 0 | G7: =IF(VRAGENLIJST!D6<>dropdowns!A9,VRAGENLIJST!H47,VRAGENLIJST!D47) -> 0 | H7: =G7*12 -> 0
B8: =Vertaling!A188 -> Overige verzekeringen (inboedel, WA, e.d.) | D8: =IF(OR(VRAGENLIJST!$D$6=dropdowns!$A$9,VRAGENLIJST!$D$6=""),VRAGENLIJST!H49,VRAGENLIJST!D49) -> 0 | E8: =D8*12 -> 0 | G8: =IF(VRAGENLIJST!D6<>dropdowns!A9,VRAGENLIJST!H49,VRAGENLIJST!D49) -> 0 | H8: =G8*12 -> 0
B9: =Vertaling!A189 -> Vervoer (brandstof, onderhoud, abonnement) | D9: =IF(OR(VRAGENLIJST!$D$6=dropdowns!$A$9,VRAGENLIJST!$D$6=""),VRAGENLIJST!H51,VRAGENLIJST!D51) -> 0 | E9: =D9*12 -> 0 | G9: =IF(VRAGENLIJST!D6<>dropdowns!A9,VRAGENLIJST!H51,VRAGENLIJST!D51) -> 0 | H9: =G9*12 -> 0
B10: =Vertaling!A190 -> Huishoudelijke uitgaven (voeding, kleding, sport) | D10: =IF(OR(VRAGENLIJST!$D$6=dropdowns!$A$9,VRAGENLIJST!$D$6=""),VRAGENLIJST!H53,VRAGENLIJST!D53) -> 0 | E10: =D10*12 -> 0 | G10: =IF(VRAGENLIJST!D6<>dropdowns!A9,VRAGENLIJST!H53,VRAGENLIJST!D53) -> 0 | H10: =G10*12 -> 0
B11: =Vertaling!A191 -> Vakantie en recreatie | D11: =IF(OR(VRAGENLIJST!$D$6=dropdowns!$A$9,VRAGENLIJST!$D$6=""),VRAGENLIJST!H55,VRAGENLIJST!D55) -> 0 | E11: =D11*12 -> 0 | G11: =IF(VRAGENLIJST!D6<>dropdowns!A9,VRAGENLIJST!H55,VRAGENLIJST!D55) -> 0 | H11: =G11*12 -> 0
B12: =Vertaling!A192 -> Opleiding, studiekosten en opvang kinderen | D12: =IF(OR(VRAGENLIJST!$D$6=dropdowns!$A$9,VRAGENLIJST!$D$6=""),VRAGENLIJST!H57,VRAGENLIJST!D57) -> 0 | E12: =D12*12 -> 0 | G12: =IF(VRAGENLIJST!D6<>dropdowns!A9,VRAGENLIJST!H57,VRAGENLIJST!D57) -> 0 | H12: =G12*12 -> 0
B13: =Vertaling!A193 -> Aflossing en rente privélening (geen hypotheek) | D13: =IF(OR(VRAGENLIJST!$D$6=dropdowns!$A$9,VRAGENLIJST!$D$6=""),VRAGENLIJST!H59,VRAGENLIJST!D59) -> 0 | E13: =D13*12 -> 0 | G13: =IF(VRAGENLIJST!D6<>dropdowns!A9,VRAGENLIJST!H59,VRAGENLIJST!D59) -> 0 | H13: =G13*12 -> 0
B14: =Vertaling!A194 -> Overige uitgaven | D14: =IF(OR(VRAGENLIJST!$D$6=dropdowns!$A$9,VRAGENLIJST!$D$6=""),VRAGENLIJST!H61,VRAGENLIJST!D61) -> 0 | E14: =D14*12 -> 0 | G14: =IF(VRAGENLIJST!D6<>dropdowns!A9,VRAGENLIJST!H61,VRAGENLIJST!D61) -> 0 | H14: =G14*12 -> 0
B15: =Vertaling!A195 -> Totaal uitgaven | D15: =SUM(D4:D14) -> 0 | E15: =SUM(E4:E14) -> 0 | G15: =SUM(G4:G14) -> 0 | H15: =SUM(H4:H14) -> 0
B17: =Vertaling!A196 -> Ontvangsten
B18: =Vertaling!A197 -> Salaris | D18: =IF(OR(VRAGENLIJST!$D$6=dropdowns!$A$9,VRAGENLIJST!$D$6=""),VRAGENLIJST!H17,VRAGENLIJST!D17) -> 0 | E18: =D18*12 -> 0 | G18: =IF(VRAGENLIJST!D6<>dropdowns!A9,VRAGENLIJST!H17,VRAGENLIJST!D17) -> 0 | H18: =G18*12 -> 0
B19: =Vertaling!A198 -> Uitkering | D19: =IF(OR(VRAGENLIJST!$D$6=dropdowns!$A$9,VRAGENLIJST!$D$6=""),IF(VRAGENLIJST!H21=dropdowns!A14,VRAGENLIJST!H19,0),IF(VRAGENLIJST!D21=dropdowns!A14,VRAGENLIJST!D19,0)) -> 0 | E19: =D19*12 -> 0 | G19: =IF(VRAGENLIJST!D6<>dropdowns!A9,IF(VRAGENLIJST!H21=dropdowns!A14,VRAGENLIJST!H19,0),IF(VRAGENLIJST!D21=dropdowns!A14,VRAGENLIJST!D19,0)) -> 0 | H19: =G19*12 -> 0
B20: =Vertaling!A199 -> Inkomen partner | D20: =IF(OR(VRAGENLIJST!$D$6=dropdowns!$A$9,VRAGENLIJST!$D$6=""),VRAGENLIJST!H29,VRAGENLIJST!D29) -> 0 | E20: =D20*12 -> 0 | G20: =IF(VRAGENLIJST!D6<>dropdowns!A9,VRAGENLIJST!H29,VRAGENLIJST!D29) -> 0 | H20: =G20*12 -> 0
B21: =Vertaling!A200 -> Toeslagen | D21: =IF(OR(VRAGENLIJST!$D$6=dropdowns!$A$9,VRAGENLIJST!$D$6=""),VRAGENLIJST!H23,VRAGENLIJST!D23) -> 0 | E21: =D21*12 -> 0 | G21: =IF(VRAGENLIJST!D6<>dropdowns!A9,VRAGENLIJST!H23,VRAGENLIJST!D23) -> 0 | H21: =G21*12 -> 0
B22: =Vertaling!A201 -> Totale inkomsten | D22: =SUM(D18:D21) -> 0 | E22: =SUM(E18:E21) -> 0 | G22: =SUM(G18:G21) -> 0 | H22: =SUM(H18:H21) -> 0
B24: =Vertaling!A202 -> Dit geld heb je elke maand nodig uit je bedrijf om van te leven | D24: =D15-D22 -> 0 | E24: =E15-E22 -> 0 | G24: =G15-G22 -> 0 | H24: =H15-H22 -> 0
B27: =Vertaling!A203 -> Vermogen
B28: =Vertaling!A204 -> WOZ-waarde koopwoning | D28: =IF(OR(VRAGENLIJST!$D$6=dropdowns!$A$9,VRAGENLIJST!$D$6=""),VRAGENLIJST!H74,VRAGENLIJST!D74) -> 0 | G28: =IF(VRAGENLIJST!D6<>dropdowns!A9,VRAGENLIJST!H74,VRAGENLIJST!D74) -> 0
B29: =Vertaling!A205 -> Spaargeld | D29: =IF(OR(VRAGENLIJST!$D$6=dropdowns!$A$9,VRAGENLIJST!$D$6=""),VRAGENLIJST!H80,VRAGENLIJST!D80) -> 0 | G29: =IF(VRAGENLIJST!D6<>dropdowns!A9,VRAGENLIJST!H80,VRAGENLIJST!D80) -> 0
B30: =Vertaling!A206 -> Overig vermogen | D30: =IF(OR(VRAGENLIJST!D6=dropdowns!A9,VRAGENLIJST!D6=""),VRAGENLIJST!H82,VRAGENLIJST!D82) -> 0 | G30: =IF(VRAGENLIJST!D6<>dropdowns!A9,VRAGENLIJST!H82,VRAGENLIJST!D82) -> 0
B31: =Vertaling!A207 -> Totaal vermogen | D31: =SUM(D28:E30) -> 0 | G31: =SUM(G28:H30) -> 0
B33: =Vertaling!A208 -> Schulden
B34: =Vertaling!A209 -> Hypotheek | D34: =IF(OR(VRAGENLIJST!D6=dropdowns!A9,VRAGENLIJST!D6=""),VRAGENLIJST!H76,VRAGENLIJST!D76) -> 0 | G34: =IF(VRAGENLIJST!D6<>dropdowns!A9,VRAGENLIJST!H76,VRAGENLIJST!D76) -> 0
B35: =Vertaling!A210 -> Overige schulden | D35: =IF(OR(VRAGENLIJST!D6=dropdowns!A9,VRAGENLIJST!D6=""),VRAGENLIJST!H78,VRAGENLIJST!D78) -> 0 | G35: =IF(VRAGENLIJST!D6<>dropdowns!A9,VRAGENLIJST!H78,VRAGENLIJST!D78) -> 0
B36: =Vertaling!A211 -> Totale schulden | D36: =SUM(D34:E35) -> 0 | G36: =SUM(G34:H35) -> 0

Sheet Investering & Financiering
B1: =Vertaling!A216 -> Investerings- & Financieringsbegroting | G1: =Vertaling!A304 -> Wat is dit?
B3: =Vertaling!A217 -> Vaste activa (excl. btw) | C3: =Vertaling!A230 -> In bezit | D3: =Vertaling!A231 -> Investeren | E3: =Vertaling!A232 -> Totaal | G3: =Vertaling!A233 -> Eigen inbreng
B4: =Vertaling!A218 -> Aankoop onroerend goed | C4: =IF(OR(VRAGENLIJST!D87=dropdowns!$B$28,VRAGENLIJST!D87=dropdowns!$C$28,VRAGENLIJST!D87=dropdowns!$D$28,VRAGENLIJST!D87=dropdowns!$E$28),VRAGENLIJST!H87,0) -> 0 | D4: =IF(VRAGENLIJST!D87="",VRAGENLIJST!H87,IF(OR(VRAGENLIJST!D87=dropdowns!$B$29,VRAGENLIJST!D87=dropdowns!$C$29,VRAGENLIJST!D87=dropdowns!$D$29,VRAGENLIJST!D87=dropdowns!$E$29),VRAGENLIJST!H87,0)) -> 0 | E4: =SUM(C4:D4) -> 0 | G4: =Vertaling!A234 -> Activa in bezit | H4: =C17 -> 0
B5: =Vertaling!A219 -> Verbouwing | C5: =IF(OR(VRAGENLIJST!D89=dropdowns!$B$28,VRAGENLIJST!D89=dropdowns!$C$28,VRAGENLIJST!D89=dropdowns!$D$28,VRAGENLIJST!D89=dropdowns!$E$28),VRAGENLIJST!H89,0) -> 0 | D5: =IF(VRAGENLIJST!D89="",VRAGENLIJST!H89,IF(OR(VRAGENLIJST!D89=dropdowns!$B$29,VRAGENLIJST!D89=dropdowns!$C$29,VRAGENLIJST!D89=dropdowns!$D$29,VRAGENLIJST!D89=dropdowns!$E$29),VRAGENLIJST!H89,0)) -> 0 | E5: =SUM(C5:D5) -> 0 | G5: =Vertaling!A235 -> Spaargeld | H5: =VRAGENLIJST!H118 -> 0
B6: =Vertaling!A220 -> Inventaris en inrichting | C6: =IF(OR(VRAGENLIJST!D91=dropdowns!$B$28,VRAGENLIJST!D91=dropdowns!$C$28,VRAGENLIJST!D91=dropdowns!$D$28,VRAGENLIJST!D91=dropdowns!$E$28),VRAGENLIJST!H91,0)+IF(OR(VRAGENLIJST!D93=dropdowns!$B$28,VRAGENLIJST!D93=dropdowns!$C$28,VRAGENLIJST!D93=dropdowns!$D$28,VRAGENLIJST!D93=dropdowns!$E$28),VRAGENLIJST!H93,0) -> 0 | D6: =IF(VRAGENLIJST!D91="",VRAGENLIJST!H91,IF(OR(VRAGENLIJST!D91=dropdowns!$B$29,VRAGENLIJST!D91=dropdowns!$C$29,VRAGENLIJST!D91=dropdowns!$D$29,VRAGENLIJST!D91=dropdowns!$E$29),VRAGENLIJST!H91,0))+IF(VRAGENLIJST!D93="",VRAGENLIJST!H93,IF(OR(VRAGENLIJST!D93=dropdowns!$B$29,VRAGENLIJST!D93=dropdowns!$C$29,VRAGENLIJST!D93=dropdowns!$D$29,VRAGENLIJST!D93=dropdowns!$E$29),VRAGENLIJST!H93,0)) -> 0 | E6: =SUM(C6:D6) -> 0 | G6: =Vertaling!A236 -> Leningen (familie/vrienden) | H6: =VRAGENLIJST!H120 -> 0
B7: =Vertaling!A221 -> Computer en software | C7: =IF(OR(VRAGENLIJST!D95=dropdowns!$B$28,VRAGENLIJST!D95=dropdowns!$C$28,VRAGENLIJST!D95=dropdowns!$D$28,VRAGENLIJST!D95=dropdowns!$E$28),VRAGENLIJST!H95,0) -> 0 | D7: =IF(VRAGENLIJST!D95="",VRAGENLIJST!H95,IF(OR(VRAGENLIJST!D95=dropdowns!$B$29,VRAGENLIJST!D95=dropdowns!$C$29,VRAGENLIJST!D95=dropdowns!$D$29,VRAGENLIJST!D95=dropdowns!$E$29),VRAGENLIJST!H95,0)) -> 0 | E7: =SUM(C7:D7) -> 0 | G7: =Vertaling!A237 -> Totaal eigen vermogen | H7: =SUM(H4:H6) -> 0
B8: =Vertaling!A222 -> Transportmiddel | C8: =IF(OR(VRAGENLIJST!D97=dropdowns!$B$28,VRAGENLIJST!D97=dropdowns!$C$28,VRAGENLIJST!D97=dropdowns!$D$28,VRAGENLIJST!D97=dropdowns!$E$28),VRAGENLIJST!H97,0) -> 0 | D8: =IF(VRAGENLIJST!D97="",VRAGENLIJST!H97,IF(OR(VRAGENLIJST!D97=dropdowns!$B$29,VRAGENLIJST!D97=dropdowns!$C$29,VRAGENLIJST!D97=dropdowns!$D$29,VRAGENLIJST!D97=dropdowns!$E$29),VRAGENLIJST!H97,0)) -> 0 | E8: =SUM(C8:D8) -> 0
B9: =Vertaling!A223 -> Goodwill/Franchisefee/Huurgarantie | D9: =VRAGENLIJST!H105+VRAGENLIJST!H107+VRAGENLIJST!H109 -> 0 | E9: =SUM(C9:D9) -> 0
B11: =Vertaling!A224 -> Vlottende activa (excl. btw) | G11: =Vertaling!A238 -> Financiering
B12: =Vertaling!A225 -> Startvoorraad | C12: =IF(OR(VRAGENLIJST!D99=dropdowns!$B$28,VRAGENLIJST!D99=dropdowns!$C$28,VRAGENLIJST!D99=dropdowns!$D$28,VRAGENLIJST!D99=dropdowns!$E$28),VRAGENLIJST!H99,0)+IF(OR(VRAGENLIJST!D101=dropdowns!$B$28,VRAGENLIJST!D101=dropdowns!$C$28,VRAGENLIJST!D101=dropdowns!$D$28,VRAGENLIJST!D101=dropdowns!$E$308),VRAGENLIJST!H101,0)+IF(OR(VRAGENLIJST!D103=dropdowns!$B$28,VRAGENLIJST!D103=dropdowns!$C$28,VRAGENLIJST!D103=dropdowns!$D$28,VRAGENLIJST!D103=dropdowns!$E$308),VRAGENLIJST!H103,0) -> 0 | D12: =IF(VRAGENLIJST!D99="",VRAGENLIJST!H99,IF(OR(VRAGENLIJST!D99=dropdowns!$B$29,VRAGENLIJST!D99=dropdowns!$C$29,VRAGENLIJST!D99=dropdowns!$D$29,VRAGENLIJST!D99=dropdowns!$E$29),VRAGENLIJST!H99,0))+IF(VRAGENLIJST!D101="",VRAGENLIJST!H101,IF(OR(VRAGENLIJST!D101=dropdowns!$B$29,VRAGENLIJST!D101=dropdowns!$C$29,VRAGENLIJST!D101=dropdowns!$D$29,VRAGENLIJST!D101=dropdowns!$E$29),VRAGENLIJST!H101,0))+IF(VRAGENLIJST!D103="",VRAGENLIJST!H103,IF(OR(VRAGENLIJST!D103=dropdowns!$B$29,VRAGENLIJST!D103=dropdowns!$C$29,VRAGENLIJST!D103=dropdowns!$D$29,VRAGENLIJST!D103=dropdowns!$E$29),VRAGENLIJST!H103,0)) -> 0 | E12: =SUM(C12:D12) -> 0 | G12: =Vertaling!A239 -> Financiering overig | H12: =VRAGENLIJST!H128 -> 0
B13: =Vertaling!A226 -> Promotie- en aanloopkosten | D13: =VRAGENLIJST!H111 -> 0 | E13: =D13 -> 0 | G13: =Vertaling!A240 -> Financiering kredietverstrekker | H13: =IF(E17-H7-H12<0,0,E17-H7-H12) -> 0
B14: =Vertaling!A227 -> Btw over investeringen | D14: =VRAGENLIJST!H113 -> 0 | E14: =D14 -> 0 | G14: =Vertaling!A241 -> Totaal vreemd vermogen | H14: =SUM(H12:H13) -> 0
B15: =Vertaling!A228 -> Kas (reserve) | D15: =VRAGENLIJST!H115+IF(SUM('Investering & Financiering'!D4:D14)+VRAGENLIJST!H115-'Investering & Financiering'!H5-'Investering & Financiering'!H6-'Investering & Financiering'!H12<0,-1*(SUM('Investering & Financiering'!D4:D14)+VRAGENLIJST!H115-'Investering & Financiering'!H5-'Investering & Financiering'!H6-'Investering & Financiering'!H12),0) -> 0 | E15: =D15 -> 0
B17: =Vertaling!A229 -> Totaal investeringsbedrag | C17: =SUM(C4:C12) -> 0 | D17: =SUM(D4:D16) -> 0 | E17: =SUM(E4:E16) -> 0 | G17: =Vertaling!A242 -> Totaal | H17: =H7+H14 -> 0
B20: =Vertaling!A243 -> Lening Qredits | C20: =IF(SUM('Investering & Financiering'!D4:D14)+VRAGENLIJST!H115-'Investering & Financiering'!H5-'Investering & Financiering'!H6-'Investering & Financiering'!H12<0,0,SUM('Investering & Financiering'!D4:D14)+VRAGENLIJST!H115-'Investering & Financiering'!H5-'Investering & Financiering'!H6-'Investering & Financiering'!H12) -> 0 | F20: =Vertaling!A252 -> Voorwaarden (indicatie)
F21: =Vertaling!A253 -> Rentepercentage² | H21: =IF(C20>50000,0.0995,0.1095) -> 0.1095
C22: =Vertaling!A244 -> In hoeveel jaar wil je de lening terugbetalen? | F22: =Vertaling!A254 -> Behandelkosten | H22: ='Qredits maandlasten'!J7 -> 0
B23: =Vertaling!$A$247 -> Selecteer: | D23: =Vertaling!A248 -> jaren | F23: =Vertaling!A255 -> Effectieve rente² | H23: ='Qredits maandlasten'!J10 -> 0
C24: =Vertaling!A245 -> Na hoeveel maanden wil je beginnen met aflossen? | F24: =Vertaling!A256 -> Maandlasten³
B25: =Vertaling!$A$247 -> Selecteer: | D25: =Vertaling!A249 -> maanden | F25: =IF(OR(C27=dropdowns!B120,C27=dropdowns!C120),Vertaling!A257,Vertaling!A258) -> Bedrag aflossing | H25: =IF(OR(C27=dropdowns!B120,C27=dropdowns!C120),'Qredits maandlasten'!J3,C20/(C23*12-C25)) -> #DIV/0!
C26: =Vertaling!A246 -> Hoe wil je aflossen? | F26: =Vertaling!A259 -> ² Onder voorbehoud van wijzigingen, kijk voor meer informatie op www.qredits.nl
B27: =Vertaling!$A$247 -> Selecteer: | D27: =IF(C27="","",IF('Investering & Financiering'!$C$27="Annuïteit",Vertaling!A250,Vertaling!A251)) | F27: =Vertaling!A260 -> ³ Specificatie in 'Qredits maandlasten'

Sheet Liquiditeit
B1: =Vertaling!A265 -> Liquiditeitsbegroting | E1: =Vertaling!A304 -> Wat is dit?
B3: =Vertaling!A266 -> Maand | C3: 0 | D3: 1 | E3: 2 | F3: 3 | G3: 4 | H3: 5 | I3: 6 | J3: 7 | K3: 8 | L3: 9 | M3: 10 | N3: 11 | O3: 12 | P3: Totaal | Q3: 13 | R3: 14 | S3: 15 | T3: 16 | U3: 17 | V3: 18 | W3: 19 | X3: 20 | Y3: 21 | Z3: 22 | AA3: 23 | AB3: 24 | AC3: =Vertaling!A242 -> Totaal | AD3: 25 | AE3: 26 | AF3: 27 | AG3: 28 | AH3: 29 | AI3: 30 | AJ3: 31 | AK3: 32 | AL3: 33 | AM3: 34 | AN3: 35 | AO3: 36 | AP3: =Vertaling!A242 -> Totaal
B5: =Vertaling!A267 -> Opening kas/bank | D5: =C48 -> 0 | E5: =D48 -> 0 | F5: =E48 -> 0 | G5: =F48 -> 0 | H5: =G48 -> 0 | I5: =H48 -> 0 | J5: =I48 -> 0 | K5: =J48 -> 0 | ... O5: =N48 -> 0 | Q5: =O48 -> 0 | R5: =Q48 -> 0 | S5: =R48 -> 0 | T5: =S48 -> 0 | U5: =T48 -> 0 | V5: =U48 -> 0 | W5: =V48 -> 0 | X5: =W48 -> 0 | Y5: =X48 -> 0 | ... AB5: =AA48 -> 0 | AD5: =AB48 -> 0 | AE5: =AD48 -> 0 | AF5: =AE48 -> 0 | AG5: =AF48 -> 0 | AH5: =AG48 -> 0 | AI5: =AH48 -> 0 | AJ5: =AI48 -> 0 | AK5: =AJ48 -> 0 | AL5: =AK48 -> 0 | ... AO5: =AN48 -> 0
B7: =Vertaling!A268 -> Ontvangsten
B8: =Vertaling!A269 -> Lening Qredits | C8: ='Qredits maandlasten'!C5-'Qredits maandlasten'!C6 -> 0 | P8: =SUM(C8:O8) -> 0
B9: =Vertaling!A270 -> Eigen inbreng (spaargeld) | C9: =VRAGENLIJST!H118 -> 0 | P9: =SUM(C9:O9) -> 0
B10: =Vertaling!A271 -> Eigen inbreng (leningen familie/vrienden) | C10: =VRAGENLIJST!$H$120+VRAGENLIJST!$H$128 -> 0 | P10: =SUM(C10:O10) -> 0
B11: =Vertaling!A272 -> Omzet product 1 (excl. btw) | D11: =IF(VRAGENLIJST!$D$251="",0,IF(OR(VRAGENLIJST!$D$251=dropdowns!$B$72,VRAGENLIJST!$D$251=dropdowns!$C$72,VRAGENLIJST!$D$251=dropdowns!$D$72,VRAGENLIJST!$D$251=dropdowns!$E$72),VRAGENLIJST!$D$255,IF(OR(VRAGENLIJST!$D$251=dropdowns!$B$73,VRAGENLIJST!$D$251=dropdowns!$C$73,VRAGENLIJST!$D$251=dropdowns!$D$73,VRAGENLIJST!$D$251=dropdowns!$E$73),VRAGENLIJST!$D$255*0.5,0))) -> 0 | E11: =IF(VRAGENLIJST!$D$251="",0,IF(OR(VRAGENLIJST!$D$251=dropdowns!$B$72,VRAGENLIJST!$D$251=dropdowns!$C$72,VRAGENLIJST!$D$251=dropdowns!$D$72,VRAGENLIJST!$D$251=dropdowns!$E$72),OFFSET(VRAGENLIJST!$D$255,(COLUMN(E11)-COLUMN($D$11))*2,0),IF(OR(VRAGENLIJST!$D$251=dropdowns!$B$73,VRAGENLIJST!$D$251=dropdowns!$C$73,VRAGENLIJST!$D$251=dropdowns!$D$73,VRAGENLIJST!$D$251=dropdowns!$E$73),VRAGENLIJST!$D$255*0.5+(OFFSET(VRAGENLIJST!$D$255,(COLUMN(E11)-COLUMN($D$11))*2,0))*0.5,IF(OR(VRAGENLIJST!$D$251=dropdowns!$B$74,VRAGENLIJST!$D$251=dropdowns!$C$74,VRAGENLIJST!$D$251=dropdowns!$D$74,VRAGENLIJST!$D$251=dropdowns!$E$74),VRAGENLIJST!$D$255,0)))) -> 0 | F11: =IF(VRAGENLIJST!$D$251="",0,IF(OR(VRAGENLIJST!$D$251=dropdowns!$B$72,VRAGENLIJST!$D$251=dropdowns!$C$72, VRAGENLIJST!$D$251=dropdowns!$D$72,VRAGENLIJST!$D$251=dropdowns!$E$72),OFFSET(VRAGENLIJST!$D$255,(COLUMN(F11)-COLUMN($D$11))*2,0),IF(OR(VRAGENLIJST!$D$251=dropdowns!$B$73,VRAGENLIJST!$D$251=dropdowns!$C$73,VRAGENLIJST!$D$251=dropdowns!$D$73,VRAGENLIJST!$D$251=dropdowns!$E$73),OFFSET(VRAGENLIJST!$D$255,Liquiditeit!F3*2-4,0)*0.5+(OFFSET(VRAGENLIJST!$D$255,(COLUMN(F11)-COLUMN($D$11))*2,0))*0.5,IF(OR(VRAGENLIJST!$D$251=dropdowns!$B$74,VRAGENLIJST!$D$251=dropdowns!$C$74,VRAGENLIJST!$D$251=dropdowns!$D$74,VRAGENLIJST!$D$251=dropdowns!$E$74),OFFSET(VRAGENLIJST!$D$255,Liquiditeit!F3*2-4,0),IF(OR(VRAGENLIJST!$D$251=dropdowns!$B$75,VRAGENLIJST!$D$251=dropdowns!$C$75,VRAGENLIJST!$D$251=dropdowns!$D$75,VRAGENLIJST!$D$251=dropdowns!$E$75),VRAGENLIJST!$D$255,0))))) -> 0 | G11: =IF(VRAGENLIJST!$D$251="",0,IF(OR(VRAGENLIJST!$D$251=dropdowns!$B$72,VRAGENLIJST!$D$251=dropdowns!$C$72, VRAGENLIJST!$D$251=dropdowns!$D$72,VRAGENLIJST!$D$251=dropdowns!$E$72),OFFSET(VRAGENLIJST!$D$255,(COLUMN(G11)-COLUMN($D$11))*2,0),IF(OR(VRAGENLIJST!$D$251=dropdowns!$B$73,VRAGENLIJST!$D$251=dropdowns!$C$73,VRAGENLIJST!$D$251=dropdowns!$D$73,VRAGENLIJST!$D$251=dropdowns!$E$73),OFFSET(VRAGENLIJST!$D$255,Liquiditeit!G3*2-4,0)*0.5+(OFFSET(VRAGENLIJST!$D$255,(COLUMN(G11)-COLUMN($D$11))*2,0))*0.5,IF(OR(VRAGENLIJST!$D$251=dropdowns!$B$74,VRAGENLIJST!$D$251=dropdowns!$C$74,VRAGENLIJST!$D$251=dropdowns!$D$74,VRAGENLIJST!$D$251=dropdowns!$E$74),OFFSET(VRAGENLIJST!$D$255,Liquiditeit!G3*2-4,0),IF(OR(VRAGENLIJST!$D$251=dropdowns!$B$75,VRAGENLIJST!$D$251=dropdowns!$C$75,VRAGENLIJST!$D$251=dropdowns!$D$75,VRAGENLIJST!$D$251=dropdowns!$E$75),OFFSET(VRAGENLIJST!$D$255,Liquiditeit!G3*2-6,0),IF(OR(VRAGENLIJST!$D$251=dropdowns!$B$76,VRAGENLIJST!$D$251=dropdowns!$C$76,VRAGENLIJST!$D$251=dropdowns!$D$76,VRAGENLIJST!$D$251=dropdowns!$E$76),VRAGENLIJST!$D$255,0)))))) -> 0 | H11: =IF(VRAGENLIJST!$D$251="",0,IF(OR(VRAGENLIJST!$D$251=dropdowns!$B$72,VRAGENLIJST!$D$251=dropdowns!$C$72, VRAGENLIJST!$D$251=dropdowns!$D$72,VRAGENLIJST!$D$251=dropdowns!$E$72),OFFSET(VRAGENLIJST!$D$255,(COLUMN(H11)-COLUMN($D$11))*2,0),IF(OR(VRAGENLIJST!$D$251=dropdowns!$B$73,VRAGENLIJST!$D$251=dropdowns!$C$73,VRAGENLIJST!$D$251=dropdowns!$D$73,VRAGENLIJST!$D$251=dropdowns!$E$73),OFFSET(VRAGENLIJST!$D$255,Liquiditeit!H3*2-4,0)*0.5+(OFFSET(VRAGENLIJST!$D$255,(COLUMN(H11)-COLUMN($D$11))*2,0))*0.5,IF(OR(VRAGENLIJST!$D$251=dropdowns!$B$74,VRAGENLIJST!$D$251=dropdowns!$C$74,VRAGENLIJST!$D$251=dropdowns!$D$74,VRAGENLIJST!$D$251=dropdowns!$E$74),OFFSET(VRAGENLIJST!$D$255,Liquiditeit!H3*2-4,0),IF(OR(VRAGENLIJST!$D$251=dropdowns!$B$75,VRAGENLIJST!$D$251=dropdowns!$C$75,VRAGENLIJST!$D$251=dropdowns!$D$75,VRAGENLIJST!$D$251=dropdowns!$E$75),OFFSET(VRAGENLIJST!$D$255,Liquiditeit!H3*2-6,0),IF(OR(VRAGENLIJST!$D$251=dropdowns!$B$76,VRAGENLIJST!$D$251=dropdowns!$C$76,VRAGENLIJST!$D$251=dropdowns!$D$76,VRAGENLIJST!$D$251=dropdowns!$E$76),OFFSET(VRAGENLIJST!$D$255,Liquiditeit!H3*2-8,0),0)))))) -> 0 | I11: =IF(VRAGENLIJST!$D$251="",0,IF(OR(VRAGENLIJST!$D$251=dropdowns!$B$72,VRAGENLIJST!$D$251=dropdowns!$C$72, VRAGENLIJST!$D$251=dropdowns!$D$72,VRAGENLIJST!$D$251=dropdowns!$E$72),OFFSET(VRAGENLIJST!$D$255,(COLUMN(I11)-COLUMN($D$11))*2,0),IF(OR(VRAGENLIJST!$D$251=dropdowns!$B$73,VRAGENLIJST!$D$251=dropdowns!$C$73,VRAGENLIJST!$D$251=dropdowns!$D$73,VRAGENLIJST!$D$251=dropdowns!$E$73),OFFSET(VRAGENLIJST!$D$255,Liquiditeit!I3*2-4,0)*0.5+(OFFSET(VRAGENLIJST!$D$255,(COLUMN(I11)-COLUMN($D$11))*2,0))*0.5,IF(OR(VRAGENLIJST!$D$251=dropdowns!$B$74,VRAGENLIJST!$D$251=dropdowns!$C$74,VRAGENLIJST!$D$251=dropdowns!$D$74,VRAGENLIJST!$D$251=dropdowns!$E$74),OFFSET(VRAGENLIJST!$D$255,Liquiditeit!I3*2-4,0),IF(OR(VRAGENLIJST!$D$251=dropdowns!$B$75,VRAGENLIJST!$D$251=dropdowns!$C$75,VRAGENLIJST!$D$251=dropdowns!$D$75,VRAGENLIJST!$D$251=dropdowns!$E$75),OFFSET(VRAGENLIJST!$D$255,Liquiditeit!I3*2-6,0),IF(OR(VRAGENLIJST!$D$251=dropdowns!$B$76,VRAGENLIJST!$D$251=dropdowns!$C$76,VRAGENLIJST!$D$251=dropdowns!$D$76,VRAGENLIJST!$D$251=dropdowns!$E$76),OFFSET(VRAGENLIJST!$D$255,Liquiditeit!I3*2-8,0),0)))))) -> 0 | J11: =IF(VRAGENLIJST!$D$251="",0,IF(OR(VRAGENLIJST!$D$251=dropdowns!$B$72,VRAGENLIJST!$D$251=dropdowns!$C$72, VRAGENLIJST!$D$251=dropdowns!$D$72,VRAGENLIJST!$D$251=dropdowns!$E$72),OFFSET(VRAGENLIJST!$D$255,(COLUMN(J11)-COLUMN($D$11))*2,0),IF(OR(VRAGENLIJST!$D$251=dropdowns!$B$73,VRAGENLIJST!$D$251=dropdowns!$C$73,VRAGENLIJST!$D$251=dropdowns!$D$73,VRAGENLIJST!$D$251=dropdowns!$E$73),OFFSET(VRAGENLIJST!$D$255,Liquiditeit!J3*2-4,0)*0.5+(OFFSET(VRAGENLIJST!$D$255,(COLUMN(J11)-COLUMN($D$11))*2,0))*0.5,IF(OR(VRAGENLIJST!$D$251=dropdowns!$B$74,VRAGENLIJST!$D$251=dropdowns!$C$74,VRAGENLIJST!$D$251=dropdowns!$D$74,VRAGENLIJST!$D$251=dropdowns!$E$74),OFFSET(VRAGENLIJST!$D$255,Liquiditeit!J3*2-4,0),IF(OR(VRAGENLIJST!$D$251=dropdowns!$B$75,VRAGENLIJST!$D$251=dropdowns!$C$75,VRAGENLIJST!$D$251=dropdowns!$D$75,VRAGENLIJST!$D$251=dropdowns!$E$75),OFFSET(VRAGENLIJST!$D$255,Liquiditeit!J3*2-6,0),IF(OR(VRAGENLIJST!$D$251=dropdowns!$B$76,VRAGENLIJST!$D$251=dropdowns!$C$76,VRAGENLIJST!$D$251=dropdowns!$D$76,VRAGENLIJST!$D$251=dropdowns!$E$76),OFFSET(VRAGENLIJST!$D$255,Liquiditeit!J3*2-8,0),0)))))) -> 0 | K11: =IF(VRAGENLIJST!$D$251="",0,IF(OR(VRAGENLIJST!$D$251=dropdowns!$B$72,VRAGENLIJST!$D$251=dropdowns!$C$72, VRAGENLIJST!$D$251=dropdowns!$D$72,VRAGENLIJST!$D$251=dropdowns!$E$72),OFFSET(VRAGENLIJST!$D$255,(COLUMN(K11)-COLUMN($D$11))*2,0),IF(OR(VRAGENLIJST!$D$251=dropdowns!$B$73,VRAGENLIJST!$D$251=dropdowns!$C$73,VRAGENLIJST!$D$251=dropdowns!$D$73,VRAGENLIJST!$D$251=dropdowns!$E$73),OFFSET(VRAGENLIJST!$D$255,Liquiditeit!K3*2-4,0)*0.5+(OFFSET(VRAGENLIJST!$D$255,(COLUMN(K11)-COLUMN($D$11))*2,0))*0.5,IF(OR(VRAGENLIJST!$D$251=dropdowns!$B$74,VRAGENLIJST!$D$251=dropdowns!$C$74,VRAGENLIJST!$D$251=dropdowns!$D$74,VRAGENLIJST!$D$251=dropdowns!$E$74),OFFSET(VRAGENLIJST!$D$255,Liquiditeit!K3*2-4,0),IF(OR(VRAGENLIJST!$D$251=dropdowns!$B$75,VRAGENLIJST!$D$251=dropdowns!$C$75,VRAGENLIJST!$D$251=dropdowns!$D$75,VRAGENLIJST!$D$251=dropdowns!$E$75),OFFSET(VRAGENLIJST!$D$255,Liquiditeit!K3*2-6,0),IF(OR(VRAGENLIJST!$D$251=dropdowns!$B$76,VRAGENLIJST!$D$251=dropdowns!$C$76,VRAGENLIJST!$D$251=dropdowns!$D$76,VRAGENLIJST!$D$251=dropdowns!$E$76),OFFSET(VRAGENLIJST!$D$255,Liquiditeit!K3*2-8,0),0)))))) -> 0 | L11: =IF(VRAGENLIJST!$D$251="",0,IF(OR(VRAGENLIJST!$D$251=dropdowns!$B$72,VRAGENLIJST!$D$251=dropdowns!$C$72, VRAGENLIJST!$D$251=dropdowns!$D$72,VRAGENLIJST!$D$251=dropdowns!$E$72),OFFSET(VRAGENLIJST!$D$255,(COLUMN(L11)-COLUMN($D$11))*2,0),IF(OR(VRAGENLIJST!$D$251=dropdowns!$B$73,VRAGENLIJST!$D$251=dropdowns!$C$73,VRAGENLIJST!$D$251=dropdowns!$D$73,VRAGENLIJST!$D$251=dropdowns!$E$73),OFFSET(VRAGENLIJST!$D$255,Liquiditeit!L3*2-4,0)*0.5+(OFFSET(VRAGENLIJST!$D$255,(COLUMN(L11)-COLUMN($D$11))*2,0))*0.5,IF(OR(VRAGENLIJST!$D$251=dropdowns!$B$74,VRAGENLIJST!$D$251=dropdowns!$C$74,VRAGENLIJST!$D$251=dropdowns!$D$74,VRAGENLIJST!$D$251=dropdowns!$E$74),OFFSET(VRAGENLIJST!$D$255,Liquiditeit!L3*2-4,0),IF(OR(VRAGENLIJST!$D$251=dropdowns!$B$75,VRAGENLIJST!$D$251=dropdowns!$C$75,VRAGENLIJST!$D$251=dropdowns!$D$75,VRAGENLIJST!$D$251=dropdowns!$E$75),OFFSET(VRAGENLIJST!$D$255,Liquiditeit!L3*2-6,0),IF(OR(VRAGENLIJST!$D$251=dropdowns!$B$76,VRAGENLIJST!$D$251=dropdowns!$C$76,VRAGENLIJST!$D$251=dropdowns!$D$76,VRAGENLIJST!$D$251=dropdowns!$E$76),OFFSET(VRAGENLIJST!$D$255,Liquiditeit!L3*2-8,0),0)))))) -> 0 | M11: =IF(VRAGENLIJST!$D$251="",0,IF(OR(VRAGENLIJST!$D$251=dropdowns!$B$72,VRAGENLIJST!$D$251=dropdowns!$C$72, VRAGENLIJST!$D$251=dropdowns!$D$72,VRAGENLIJST!$D$251=dropdowns!$E$72),OFFSET(VRAGENLIJST!$D$255,(COLUMN(M11)-COLUMN($D$11))*2,0),IF(OR(VRAGENLIJST!$D$251=dropdowns!$B$73,VRAGENLIJST!$D$251=dropdowns!$C$73,VRAGENLIJST!$D$251=dropdowns!$D$73,VRAGENLIJST!$D$251=dropdowns!$E$73),OFFSET(VRAGENLIJST!$D$255,Liquiditeit!M3*2-4,0)*0.5+(OFFSET(VRAGENLIJST!$D$255,(COLUMN(M11)-COLUMN($D$11))*2,0))*0.5,IF(OR(VRAGENLIJST!$D$251=dropdowns!$B$74,VRAGENLIJST!$D$251=dropdowns!$C$74,VRAGENLIJST!$D$251=dropdowns!$D$74,VRAGENLIJST!$D$251=dropdowns!$E$74),OFFSET(VRAGENLIJST!$D$255,Liquiditeit!M3*2-4,0),IF(OR(VRAGENLIJST!$D$251=dropdowns!$B$75,VRAGENLIJST!$D$251=dropdowns!$C$75,VRAGENLIJST!$D$251=dropdowns!$D$75,VRAGENLIJST!$D$251=dropdowns!$E$75),OFFSET(VRAGENLIJST!$D$255,Liquiditeit!M3*2-6,0),IF(OR(VRAGENLIJST!$D$251=dropdowns!$B$76,VRAGENLIJST!$D$251=dropdowns!$C$76,VRAGENLIJST!$D$251=dropdowns!$D$76,VRAGENLIJST!$D$251=dropdowns!$E$76),OFFSET(VRAGENLIJST!$D$255,Liquiditeit!M3*2-8,0),0)))))) -> 0 | N11: =IF(VRAGENLIJST!$D$251="",0,IF(OR(VRAGENLIJST!$D$251=dropdowns!$B$72,VRAGENLIJST!$D$251=dropdowns!$C$72, VRAGENLIJST!$D$251=dropdowns!$D$72,VRAGENLIJST!$D$251=dropdowns!$E$72),OFFSET(VRAGENLIJST!$D$255,(COLUMN(N11)-COLUMN($D$11))*2,0),IF(OR(VRAGENLIJST!$D$251=dropdowns!$B$73,VRAGENLIJST!$D$251=dropdowns!$C$73,VRAGENLIJST!$D$251=dropdowns!$D$73,VRAGENLIJST!$D$251=dropdowns!$E$73),OFFSET(VRAGENLIJST!$D$255,Liquiditeit!N3*2-4,0)*0.5+(OFFSET(VRAGENLIJST!$D$255,(COLUMN(N11)-COLUMN($D$11))*2,0))*0.5,IF(OR(VRAGENLIJST!$D$251=dropdowns!$B$74,VRAGENLIJST!$D$251=dropdowns!$C$74,VRAGENLIJST!$D$251=dropdowns!$D$74,VRAGENLIJST!$D$251=dropdowns!$E$74),OFFSET(VRAGENLIJST!$D$255,Liquiditeit!N3*2-4,0),IF(OR(VRAGENLIJST!$D$251=dropdowns!$B$75,VRAGENLIJST!$D$251=dropdowns!$C$75,VRAGENLIJST!$D$251=dropdowns!$D$75,VRAGENLIJST!$D$251=dropdowns!$E$75),OFFSET(VRAGENLIJST!$D$255,Liquiditeit!N3*2-6,0),IF(OR(VRAGENLIJST!$D$251=dropdowns!$B$76,VRAGENLIJST!$D$251=dropdowns!$C$76,VRAGENLIJST!$D$251=dropdowns!$D$76,VRAGENLIJST!$D$251=dropdowns!$E$76),OFFSET(VRAGENLIJST!$D$255,Liquiditeit!N3*2-8,0),0)))))) -> 0 | O11: =IF(VRAGENLIJST!$D$251="",0,IF(OR(VRAGENLIJST!$D$251=dropdowns!$B$72,VRAGENLIJST!$D$251=dropdowns!$C$72, VRAGENLIJST!$D$251=dropdowns!$D$72,VRAGENLIJST!$D$251=dropdowns!$E$72),OFFSET(VRAGENLIJST!$D$255,(COLUMN(O11)-COLUMN($D$11))*2,0),IF(OR(VRAGENLIJST!$D$251=dropdowns!$B$73,VRAGENLIJST!$D$251=dropdowns!$C$73,VRAGENLIJST!$D$251=dropdowns!$D$73,VRAGENLIJST!$D$251=dropdowns!$E$73),OFFSET(VRAGENLIJST!$D$255,Liquiditeit!O3*2-4,0)*0.5+(OFFSET(VRAGENLIJST!$D$255,(COLUMN(O11)-COLUMN($D$11))*2,0))*0.5,IF(OR(VRAGENLIJST!$D$251=dropdowns!$B$74,VRAGENLIJST!$D$251=dropdowns!$C$74,VRAGENLIJST!$D$251=dropdowns!$D$74,VRAGENLIJST!$D$251=dropdowns!$E$74),OFFSET(VRAGENLIJST!$D$255,Liquiditeit!O3*2-4,0),IF(OR(VRAGENLIJST!$D$251=dropdowns!$B$75,VRAGENLIJST!$D$251=dropdowns!$C$75,VRAGENLIJST!$D$251=dropdowns!$D$75,VRAGENLIJST!$D$251=dropdowns!$E$75),OFFSET(VRAGENLIJST!$D$255,Liquiditeit!O3*2-6,0),IF(OR(VRAGENLIJST!$D$251=dropdowns!$B$76,VRAGENLIJST!$D$251=dropdowns!$C$76,VRAGENLIJST!$D$251=dropdowns!$D$76,VRAGENLIJST!$D$251=dropdowns!$E$76),OFFSET(VRAGENLIJST!$D$255,Liquiditeit!O3*2-8,0),0)))))) -> 0 | P11: =SUM(D11:O11) -> 0 | Q11: =IF(VRAGENLIJST!$D$251="",0,IF(OR(VRAGENLIJST!$D$251=dropdowns!$B$72,VRAGENLIJST!$D$251=dropdowns!$C$72, VRAGENLIJST!$D$251=dropdowns!$D$72,VRAGENLIJST!$D$251=dropdowns!$E$72),OFFSET(VRAGENLIJST!$D$255,(COLUMN(Q11)-COLUMN($E$11))*2,0),IF(OR(VRAGENLIJST!$D$251=dropdowns!$B$73,VRAGENLIJST!$D$251=dropdowns!$C$73,VRAGENLIJST!$D$251=dropdowns!$D$73,VRAGENLIJST!$D$251=dropdowns!$E$73),OFFSET(VRAGENLIJST!$D$255,Liquiditeit!Q3*2-4,0)*0.5+(OFFSET(VRAGENLIJST!$D$255,(COLUMN(Q11)-COLUMN($E$11))*2,0))*0.5,IF(OR(VRAGENLIJST!$D$251=dropdowns!$B$74,VRAGENLIJST!$D$251=dropdowns!$C$74,VRAGENLIJST!$D$251=dropdowns!$D$74,VRAGENLIJST!$D$251=dropdowns!$E$74),OFFSET(VRAGENLIJST!$D$255,Liquiditeit!Q3*2-4,0),IF(OR(VRAGENLIJST!$D$251=dropdowns!$B$75,VRAGENLIJST!$D$251=dropdowns!$C$75,VRAGENLIJST!$D$251=dropdowns!$D$75,VRAGENLIJST!$D$251=dropdowns!$E$75),OFFSET(VRAGENLIJST!$D$255,Liquiditeit!Q3*2-6,0),IF(OR(VRAGENLIJST!$D$251=dropdowns!$B$76,VRAGENLIJST!$D$251=dropdowns!$C$76,VRAGENLIJST!$D$251=dropdowns!$D$76,VRAGENLIJST!$D$251=dropdowns!$E$76),OFFSET(VRAGENLIJST!$D$255,Liquiditeit!Q3*2-8,0),0)))))) -> 0 | R11: =IF(VRAGENLIJST!$D$251="",0,IF(OR(VRAGENLIJST!$D$251=dropdowns!$B$72,VRAGENLIJST!$D$251=dropdowns!$C$72, VRAGENLIJST!$D$251=dropdowns!$D$72,VRAGENLIJST!$D$251=dropdowns!$E$72),OFFSET(VRAGENLIJST!$D$255,(COLUMN(R11)-COLUMN($E$11))*2,0),IF(OR(VRAGENLIJST!$D$251=dropdowns!$B$73,VRAGENLIJST!$D$251=dropdowns!$C$73,VRAGENLIJST!$D$251=dropdowns!$D$73,VRAGENLIJST!$D$251=dropdowns!$E$73),OFFSET(VRAGENLIJST!$D$255,Liquiditeit!R3*2-4,0)*0.5+(OFFSET(VRAGENLIJST!$D$255,(COLUMN(R11)-COLUMN($E$11))*2,0))*0.5,IF(OR(VRAGENLIJST!$D$251=dropdowns!$B$74,VRAGENLIJST!$D$251=dropdowns!$C$74,VRAGENLIJST!$D$251=dropdowns!$D$74,VRAGENLIJST!$D$251=dropdowns!$E$74),OFFSET(VRAGENLIJST!$D$255,Liquiditeit!R3*2-4,0),IF(OR(VRAGENLIJST!$D$251=dropdowns!$B$75,VRAGENLIJST!$D$251=dropdowns!$C$75,VRAGENLIJST!$D$251=dropdowns!$D$75,VRAGENLIJST!$D$251=dropdowns!$E$75),OFFSET(VRAGENLIJST!$D$255,Liquiditeit!R3*2-6,0),IF(OR(VRAGENLIJST!$D$251=dropdowns!$B$76,VRAGENLIJST!$D$251=dropdowns!$C$76,VRAGENLIJST!$D$251=dropdowns!$D$76,VRAGENLIJST!$D$251=dropdowns!$E$76),OFFSET(VRAGENLIJST!$D$255,Liquiditeit!R3*2-8,0),0)))))) -> 0 | S11: =IF(VRAGENLIJST!$D$251="",0,IF(OR(VRAGENLIJST!$D$251=dropdowns!$B$72,VRAGENLIJST!$D$251=dropdowns!$C$72, VRAGENLIJST!$D$251=dropdowns!$D$72,VRAGENLIJST!$D$251=dropdowns!$E$72),OFFSET(VRAGENLIJST!$D$255,(COLUMN(S11)-COLUMN($E$11))*2,0),IF(OR(VRAGENLIJST!$D$251=dropdowns!$B$73,VRAGENLIJST!$D$251=dropdowns!$C$73,VRAGENLIJST!$D$251=dropdowns!$D$73,VRAGENLIJST!$D$251=dropdowns!$E$73),OFFSET(VRAGENLIJST!$D$255,Liquiditeit!S3*2-4,0)*0.5+(OFFSET(VRAGENLIJST!$D$255,(COLUMN(S11)-COLUMN($E$11))*2,0))*0.5,IF(OR(VRAGENLIJST!$D$251=dropdowns!$B$74,VRAGENLIJST!$D$251=dropdowns!$C$74,VRAGENLIJST!$D$251=dropdowns!$D$74,VRAGENLIJST!$D$251=dropdowns!$E$74),OFFSET(VRAGENLIJST!$D$255,Liquiditeit!S3*2-4,0),IF(OR(VRAGENLIJST!$D$251=dropdowns!$B$75,VRAGENLIJST!$D$251=dropdowns!$C$75,VRAGENLIJST!$D$251=dropdowns!$D$75,VRAGENLIJST!$D$251=dropdowns!$E$75),OFFSET(VRAGENLIJST!$D$255,Liquiditeit!S3*2-6,0),IF(OR(VRAGENLIJST!$D$251=dropdowns!$B$76,VRAGENLIJST!$D$251=dropdowns!$C$76,VRAGENLIJST!$D$251=dropdowns!$D$76,VRAGENLIJST!$D$251=dropdowns!$E$76),OFFSET(VRAGENLIJST!$D$255,Liquiditeit!S3*2-8,0),0)))))) -> 0 | T11: =IF(VRAGENLIJST!$D$251="",0,IF(OR(VRAGENLIJST!$D$251=dropdowns!$B$72,VRAGENLIJST!$D$251=dropdowns!$C$72, VRAGENLIJST!$D$251=dropdowns!$D$72,VRAGENLIJST!$D$251=dropdowns!$E$72),OFFSET(VRAGENLIJST!$D$255,(COLUMN(T11)-COLUMN($E$11))*2,0),IF(OR(VRAGENLIJST!$D$251=dropdowns!$B$73,VRAGENLIJST!$D$251=dropdowns!$C$73,VRAGENLIJST!$D$251=dropdowns!$D$73,VRAGENLIJST!$D$251=dropdowns!$E$73),OFFSET(VRAGENLIJST!$D$255,Liquiditeit!T3*2-4,0)*0.5+(OFFSET(VRAGENLIJST!$D$255,(COLUMN(T11)-COLUMN($E$11))*2,0))*0.5,IF(OR(VRAGENLIJST!$D$251=dropdowns!$B$74,VRAGENLIJST!$D$251=dropdowns!$C$74,VRAGENLIJST!$D$251=dropdowns!$D$74,VRAGENLIJST!$D$251=dropdowns!$E$74),OFFSET(VRAGENLIJST!$D$255,Liquiditeit!T3*2-4,0),IF(OR(VRAGENLIJST!$D$251=dropdowns!$B$75,VRAGENLIJST!$D$251=dropdowns!$C$75,VRAGENLIJST!$D$251=dropdowns!$D$75,VRAGENLIJST!$D$251=dropdowns!$E$75),OFFSET(VRAGENLIJST!$D$255,Liquiditeit!T3*2-6,0),IF(OR(VRAGENLIJST!$D$251=dropdowns!$B$76,VRAGENLIJST!$D$251=dropdowns!$C$76,VRAGENLIJST!$D$251=dropdowns!$D$76,VRAGENLIJST!$D$251=dropdowns!$E$76),OFFSET(VRAGENLIJST!$D$255,Liquiditeit!T3*2-8,0),0)))))) -> 0 | U11: =IF(VRAGENLIJST!$D$251="",0,IF(OR(VRAGENLIJST!$D$251=dropdowns!$B$72,VRAGENLIJST!$D$251=dropdowns!$C$72, VRAGENLIJST!$D$251=dropdowns!$D$72,VRAGENLIJST!$D$251=dropdowns!$E$72),OFFSET(VRAGENLIJST!$D$255,(COLUMN(U11)-COLUMN($E$11))*2,0),IF(OR(VRAGENLIJST!$D$251=dropdowns!$B$73,VRAGENLIJST!$D$251=dropdowns!$C$73,VRAGENLIJST!$D$251=dropdowns!$D$73,VRAGENLIJST!$D$251=dropdowns!$E$73),OFFSET(VRAGENLIJST!$D$255,Liquiditeit!U3*2-4,0)*0.5+(OFFSET(VRAGENLIJST!$D$255,(COLUMN(U11)-COLUMN($E$11))*2,0))*0.5,IF(OR(VRAGENLIJST!$D$251=dropdowns!$B$74,VRAGENLIJST!$D$251=dropdowns!$C$74,VRAGENLIJST!$D$251=dropdowns!$D$74,VRAGENLIJST!$D$251=dropdowns!$E$74),OFFSET(VRAGENLIJST!$D$255,Liquiditeit!U3*2-4,0),IF(OR(VRAGENLIJST!$D$251=dropdowns!$B$75,VRAGENLIJST!$D$251=dropdowns!$C$75,VRAGENLIJST!$D$251=dropdowns!$D$75,VRAGENLIJST!$D$251=dropdowns!$E$75),OFFSET(VRAGENLIJST!$D$255,Liquiditeit!U3*2-6,0),IF(OR(VRAGENLIJST!$D$251=dropdowns!$B$76,VRAGENLIJST!$D$251=dropdowns!$C$76,VRAGENLIJST!$D$251=dropdowns!$D$76,VRAGENLIJST!$D$251=dropdowns!$E$76),OFFSET(VRAGENLIJST!$D$255,Liquiditeit!U3*2-8,0),0)))))) -> 0 | V11: =IF(VRAGENLIJST!$D$251="",0,IF(OR(VRAGENLIJST!$D$251=dropdowns!$B$72,VRAGENLIJST!$D$251=dropdowns!$C$72, VRAGENLIJST!$D$251=dropdowns!$D$72,VRAGENLIJST!$D$251=dropdowns!$E$72),OFFSET(VRAGENLIJST!$D$255,(COLUMN(V11)-COLUMN($E$11))*2,0),IF(OR(VRAGENLIJST!$D$251=dropdowns!$B$73,VRAGENLIJST!$D$251=dropdowns!$C$73,VRAGENLIJST!$D$251=dropdowns!$D$73,VRAGENLIJST!$D$251=dropdowns!$E$73),OFFSET(VRAGENLIJST!$D$255,Liquiditeit!V3*2-4,0)*0.5+(OFFSET(VRAGENLIJST!$D$255,(COLUMN(V11)-COLUMN($E$11))*2,0))*0.5,IF(OR(VRAGENLIJST!$D$251=dropdowns!$B$74,VRAGENLIJST!$D$251=dropdowns!$C$74,VRAGENLIJST!$D$251=dropdowns!$D$74,VRAGENLIJST!$D$251=dropdowns!$E$74),OFFSET(VRAGENLIJST!$D$255,Liquiditeit!V3*2-4,0),IF(OR(VRAGENLIJST!$D$251=dropdowns!$B$75,VRAGENLIJST!$D$251=dropdowns!$C$75,VRAGENLIJST!$D$251=dropdowns!$D$75,VRAGENLIJST!$D$251=dropdowns!$E$75),OFFSET(VRAGENLIJST!$D$255,Liquiditeit!V3*2-6,0),IF(OR(VRAGENLIJST!$D$251=dropdowns!$B$76,VRAGENLIJST!$D$251=dropdowns!$C$76,VRAGENLIJST!$D$251=dropdowns!$D$76,VRAGENLIJST!$D$251=dropdowns!$E$76),OFFSET(VRAGENLIJST!$D$255,Liquiditeit!V3*2-8,0),0)))))) -> 0 | W11: =IF(VRAGENLIJST!$D$251="",0,IF(OR(VRAGENLIJST!$D$251=dropdowns!$B$72,VRAGENLIJST!$D$251=dropdowns!$C$72, VRAGENLIJST!$D$251=dropdowns!$D$72,VRAGENLIJST!$D$251=dropdowns!$E$72),OFFSET(VRAGENLIJST!$D$255,(COLUMN(W11)-COLUMN($E$11))*2,0),IF(OR(VRAGENLIJST!$D$251=dropdowns!$B$73,VRAGENLIJST!$D$251=dropdowns!$C$73,VRAGENLIJST!$D$251=dropdowns!$D$73,VRAGENLIJST!$D$251=dropdowns!$E$73),OFFSET(VRAGENLIJST!$D$255,Liquiditeit!W3*2-4,0)*0.5+(OFFSET(VRAGENLIJST!$D$255,(COLUMN(W11)-COLUMN($E$11))*2,0))*0.5,IF(OR(VRAGENLIJST!$D$251=dropdowns!$B$74,VRAGENLIJST!$D$251=dropdowns!$C$74,VRAGENLIJST!$D$251=dropdowns!$D$74,VRAGENLIJST!$D$251=dropdowns!$E$74),OFFSET(VRAGENLIJST!$D$255,Liquiditeit!W3*2-4,0),IF(OR(VRAGENLIJST!$D$251=dropdowns!$B$75,VRAGENLIJST!$D$251=dropdowns!$C$75,VRAGENLIJST!$D$251=dropdowns!$D$75,VRAGENLIJST!$D$251=dropdowns!$E$75),OFFSET(VRAGENLIJST!$D$255,Liquiditeit!W3*2-6,0),IF(OR(VRAGENLIJST!$D$251=dropdowns!$B$76,VRAGENLIJST!$D$251=dropdowns!$C$76,VRAGENLIJST!$D$251=dropdowns!$D$76,VRAGENLIJST!$D$251=dropdowns!$E$76),OFFSET(VRAGENLIJST!$D$255,Liquiditeit!W3*2-8,0),0)))))) -> 0 | X11: =IF(VRAGENLIJST!$D$251="",0,IF(OR(VRAGENLIJST!$D$251=dropdowns!$B$72,VRAGENLIJST!$D$251=dropdowns!$C$72, VRAGENLIJST!$D$251=dropdowns!$D$72,VRAGENLIJST!$D$251=dropdowns!$E$72),OFFSET(VRAGENLIJST!$D$255,(COLUMN(X11)-COLUMN($E$11))*2,0),IF(OR(VRAGENLIJST!$D$251=dropdowns!$B$73,VRAGENLIJST!$D$251=dropdowns!$C$73,VRAGENLIJST!$D$251=dropdowns!$D$73,VRAGENLIJST!$D$251=dropdowns!$E$73),OFFSET(VRAGENLIJST!$D$255,Liquiditeit!X3*2-4,0)*0.5+(OFFSET(VRAGENLIJST!$D$255,(COLUMN(X11)-COLUMN($E$11))*2,0))*0.5,IF(OR(VRAGENLIJST!$D$251=dropdowns!$B$74,VRAGENLIJST!$D$251=dropdowns!$C$74,VRAGENLIJST!$D$251=dropdowns!$D$74,VRAGENLIJST!$D$251=dropdowns!$E$74),OFFSET(VRAGENLIJST!$D$255,Liquiditeit!X3*2-4,0),IF(OR(VRAGENLIJST!$D$251=dropdowns!$B$75,VRAGENLIJST!$D$251=dropdowns!$C$75,VRAGENLIJST!$D$251=dropdowns!$D$75,VRAGENLIJST!$D$251=dropdowns!$E$75),OFFSET(VRAGENLIJST!$D$255,Liquiditeit!X3*2-6,0),IF(OR(VRAGENLIJST!$D$251=dropdowns!$B$76,VRAGENLIJST!$D$251=dropdowns!$C$76,VRAGENLIJST!$D$251=dropdowns!$D$76,VRAGENLIJST!$D$251=dropdowns!$E$76),OFFSET(VRAGENLIJST!$D$255,Liquiditeit!X3*2-8,0),0)))))) -> 0 | ... AB11: =IF(VRAGENLIJST!$D$251="",0,IF(OR(VRAGENLIJST!$D$251=dropdowns!$B$72,VRAGENLIJST!$D$251=dropdowns!$C$72, VRAGENLIJST!$D$251=dropdowns!$D$72,VRAGENLIJST!$D$251=dropdowns!$E$72),OFFSET(VRAGENLIJST!$D$255,(COLUMN(AB11)-COLUMN($E$11))*2,0),IF(OR(VRAGENLIJST!$D$251=dropdowns!$B$73,VRAGENLIJST!$D$251=dropdowns!$C$73,VRAGENLIJST!$D$251=dropdowns!$D$73,VRAGENLIJST!$D$251=dropdowns!$E$73),OFFSET(VRAGENLIJST!$D$255,Liquiditeit!AB3*2-4,0)*0.5+(OFFSET(VRAGENLIJST!$D$255,(COLUMN(AB11)-COLUMN($E$11))*2,0))*0.5,IF(OR(VRAGENLIJST!$D$251=dropdowns!$B$74,VRAGENLIJST!$D$251=dropdowns!$C$74,VRAGENLIJST!$D$251=dropdowns!$D$74,VRAGENLIJST!$D$251=dropdowns!$E$74),OFFSET(VRAGENLIJST!$D$255,Liquiditeit!AB3*2-4,0),IF(OR(VRAGENLIJST!$D$251=dropdowns!$B$75,VRAGENLIJST!$D$251=dropdowns!$C$75,VRAGENLIJST!$D$251=dropdowns!$D$75,VRAGENLIJST!$D$251=dropdowns!$E$75),OFFSET(VRAGENLIJST!$D$255,Liquiditeit!AB3*2-6,0),IF(OR(VRAGENLIJST!$D$251=dropdowns!$B$76,VRAGENLIJST!$D$251=dropdowns!$C$76,VRAGENLIJST!$D$251=dropdowns!$D$76,VRAGENLIJST!$D$251=dropdowns!$E$76),OFFSET(VRAGENLIJST!$D$255,Liquiditeit!AB3*2-8,0),0)))))) -> 0 | AC11: =SUM(Q11:AB11) -> 0 | AD11: =IF(VRAGENLIJST!$D$251="",0,IF(OR(VRAGENLIJST!$D$251=dropdowns!$B$72,VRAGENLIJST!$D$251=dropdowns!$C$72, VRAGENLIJST!$D$251=dropdowns!$D$72,VRAGENLIJST!$D$251=dropdowns!$E$72),OFFSET(VRAGENLIJST!$D$255,(COLUMN(AD11)-COLUMN($F$11))*2,0),IF(OR(VRAGENLIJST!$D$251=dropdowns!$B$73,VRAGENLIJST!$D$251=dropdowns!$C$73,VRAGENLIJST!$D$251=dropdowns!$D$73,VRAGENLIJST!$D$251=dropdowns!$E$73),OFFSET(VRAGENLIJST!$D$255,Liquiditeit!AD3*2-4,0)*0.5+(OFFSET(VRAGENLIJST!$D$255,(COLUMN(AD11)-COLUMN($F$11))*2,0))*0.5,IF(OR(VRAGENLIJST!$D$251=dropdowns!$B$74,VRAGENLIJST!$D$251=dropdowns!$C$74,VRAGENLIJST!$D$251=dropdowns!$D$74,VRAGENLIJST!$D$251=dropdowns!$E$74),OFFSET(VRAGENLIJST!$D$255,Liquiditeit!AD3*2-4,0),IF(OR(VRAGENLIJST!$D$251=dropdowns!$B$75,VRAGENLIJST!$D$251=dropdowns!$C$75,VRAGENLIJST!$D$251=dropdowns!$D$75,VRAGENLIJST!$D$251=dropdowns!$E$75),OFFSET(VRAGENLIJST!$D$255,Liquiditeit!AD3*2-6,0),IF(OR(VRAGENLIJST!$D$251=dropdowns!$B$76,VRAGENLIJST!$D$251=dropdowns!$C$76,VRAGENLIJST!$D$251=dropdowns!$D$76,VRAGENLIJST!$D$251=dropdowns!$E$76),OFFSET(VRAGENLIJST!$D$255,Liquiditeit!AD3*2-8,0),0)))))) -> 0 | AE11: =IF(VRAGENLIJST!$D$251="",0,IF(OR(VRAGENLIJST!$D$251=dropdowns!$B$72,VRAGENLIJST!$D$251=dropdowns!$C$72, VRAGENLIJST!$D$251=dropdowns!$D$72,VRAGENLIJST!$D$251=dropdowns!$E$72),OFFSET(VRAGENLIJST!$D$255,(COLUMN(AE11)-COLUMN($F$11))*2,0),IF(OR(VRAGENLIJST!$D$251=dropdowns!$B$73,VRAGENLIJST!$D$251=dropdowns!$C$73,VRAGENLIJST!$D$251=dropdowns!$D$73,VRAGENLIJST!$D$251=dropdowns!$E$73),OFFSET(VRAGENLIJST!$D$255,Liquiditeit!AE3*2-4,0)*0.5+(OFFSET(VRAGENLIJST!$D$255,(COLUMN(AE11)-COLUMN($F$11))*2,0))*0.5,IF(OR(VRAGENLIJST!$D$251=dropdowns!$B$74,VRAGENLIJST!$D$251=dropdowns!$C$74,VRAGENLIJST!$D$251=dropdowns!$D$74,VRAGENLIJST!$D$251=dropdowns!$E$74),OFFSET(VRAGENLIJST!$D$255,Liquiditeit!AE3*2-4,0),IF(OR(VRAGENLIJST!$D$251=dropdowns!$B$75,VRAGENLIJST!$D$251=dropdowns!$C$75,VRAGENLIJST!$D$251=dropdowns!$D$75,VRAGENLIJST!$D$251=dropdowns!$E$75),OFFSET(VRAGENLIJST!$D$255,Liquiditeit!AE3*2-6,0),IF(OR(VRAGENLIJST!$D$251=dropdowns!$B$76,VRAGENLIJST!$D$251=dropdowns!$C$76,VRAGENLIJST!$D$251=dropdowns!$D$76,VRAGENLIJST!$D$251=dropdowns!$E$76),OFFSET(VRAGENLIJST!$D$255,Liquiditeit!AE3*2-8,0),0)))))) -> 0 | AF11: =IF(VRAGENLIJST!$D$251="",0,IF(OR(VRAGENLIJST!$D$251=dropdowns!$B$72,VRAGENLIJST!$D$251=dropdowns!$C$72, VRAGENLIJST!$D$251=dropdowns!$D$72,VRAGENLIJST!$D$251=dropdowns!$E$72),OFFSET(VRAGENLIJST!$D$255,(COLUMN(AF11)-COLUMN($F$11))*2,0),IF(OR(VRAGENLIJST!$D$251=dropdowns!$B$73,VRAGENLIJST!$D$251=dropdowns!$C$73,VRAGENLIJST!$D$251=dropdowns!$D$73,VRAGENLIJST!$D$251=dropdowns!$E$73),OFFSET(VRAGENLIJST!$D$255,Liquiditeit!AF3*2-4,0)*0.5+(OFFSET(VRAGENLIJST!$D$255,(COLUMN(AF11)-COLUMN($F$11))*2,0))*0.5,IF(OR(VRAGENLIJST!$D$251=dropdowns!$B$74,VRAGENLIJST!$D$251=dropdowns!$C$74,VRAGENLIJST!$D$251=dropdowns!$D$74,VRAGENLIJST!$D$251=dropdowns!$E$74),OFFSET(VRAGENLIJST!$D$255,Liquiditeit!AF3*2-4,0),IF(OR(VRAGENLIJST!$D$251=dropdowns!$B$75,VRAGENLIJST!$D$251=dropdowns!$C$75,VRAGENLIJST!$D$251=dropdowns!$D$75,VRAGENLIJST!$D$251=dropdowns!$E$75),OFFSET(VRAGENLIJST!$D$255,Liquiditeit!AF3*2-6,0),IF(OR(VRAGENLIJST!$D$251=dropdowns!$B$76,VRAGENLIJST!$D$251=dropdowns!$C$76,VRAGENLIJST!$D$251=dropdowns!$D$76,VRAGENLIJST!$D$251=dropdowns!$E$76),OFFSET(VRAGENLIJST!$D$255,Liquiditeit!AF3*2-8,0),0)))))) -> 0 | AG11: =IF(VRAGENLIJST!$D$251="",0,IF(OR(VRAGENLIJST!$D$251=dropdowns!$B$72,VRAGENLIJST!$D$251=dropdowns!$C$72, VRAGENLIJST!$D$251=dropdowns!$D$72,VRAGENLIJST!$D$251=dropdowns!$E$72),OFFSET(VRAGENLIJST!$D$255,(COLUMN(AG11)-COLUMN($F$11))*2,0),IF(OR(VRAGENLIJST!$D$251=dropdowns!$B$73,VRAGENLIJST!$D$251=dropdowns!$C$73,VRAGENLIJST!$D$251=dropdowns!$D$73,VRAGENLIJST!$D$251=dropdowns!$E$73),OFFSET(VRAGENLIJST!$D$255,Liquiditeit!AG3*2-4,0)*0.5+(OFFSET(VRAGENLIJST!$D$255,(COLUMN(AG11)-COLUMN($F$11))*2,0))*0.5,IF(OR(VRAGENLIJST!$D$251=dropdowns!$B$74,VRAGENLIJST!$D$251=dropdowns!$C$74,VRAGENLIJST!$D$251=dropdowns!$D$74,VRAGENLIJST!$D$251=dropdowns!$E$74),OFFSET(VRAGENLIJST!$D$255,Liquiditeit!AG3*2-4,0),IF(OR(VRAGENLIJST!$D$251=dropdowns!$B$75,VRAGENLIJST!$D$251=dropdowns!$C$75,VRAGENLIJST!$D$251=dropdowns!$D$75,VRAGENLIJST!$D$251=dropdowns!$E$75),OFFSET(VRAGENLIJST!$D$255,Liquiditeit!AG3*2-6,0),IF(OR(VRAGENLIJST!$D$251=dropdowns!$B$76,VRAGENLIJST!$D$251=dropdowns!$C$76,VRAGENLIJST!$D$251=dropdowns!$D$76,VRAGENLIJST!$D$251=dropdowns!$E$76),OFFSET(VRAGENLIJST!$D$255,Liquiditeit!AG3*2-8,0),0)))))) -> 0 | AH11: =IF(VRAGENLIJST!$D$251="",0,IF(OR(VRAGENLIJST!$D$251=dropdowns!$B$72,VRAGENLIJST!$D$251=dropdowns!$C$72, VRAGENLIJST!$D$251=dropdowns!$D$72,VRAGENLIJST!$D$251=dropdowns!$E$72),OFFSET(VRAGENLIJST!$D$255,(COLUMN(AH11)-COLUMN($F$11))*2,0),IF(OR(VRAGENLIJST!$D$251=dropdowns!$B$73,VRAGENLIJST!$D$251=dropdowns!$C$73,VRAGENLIJST!$D$251=dropdowns!$D$73,VRAGENLIJST!$D$251=dropdowns!$E$73),OFFSET(VRAGENLIJST!$D$255,Liquiditeit!AH3*2-4,0)*0.5+(OFFSET(VRAGENLIJST!$D$255,(COLUMN(AH11)-COLUMN($F$11))*2,0))*0.5,IF(OR(VRAGENLIJST!$D$251=dropdowns!$B$74,VRAGENLIJST!$D$251=dropdowns!$C$74,VRAGENLIJST!$D$251=dropdowns!$D$74,VRAGENLIJST!$D$251=dropdowns!$E$74),OFFSET(VRAGENLIJST!$D$255,Liquiditeit!AH3*2-4,0),IF(OR(VRAGENLIJST!$D$251=dropdowns!$B$75,VRAGENLIJST!$D$251=dropdowns!$C$75,VRAGENLIJST!$D$251=dropdowns!$D$75,VRAGENLIJST!$D$251=dropdowns!$E$75),OFFSET(VRAGENLIJST!$D$255,Liquiditeit!AH3*2-6,0),IF(OR(VRAGENLIJST!$D$251=dropdowns!$B$76,VRAGENLIJST!$D$251=dropdowns!$C$76,VRAGENLIJST!$D$251=dropdowns!$D$76,VRAGENLIJST!$D$251=dropdowns!$E$76),OFFSET(VRAGENLIJST!$D$255,Liquiditeit!AH3*2-8,0),0)))))) -> 0 | AI11: =IF(VRAGENLIJST!$D$251="",0,IF(OR(VRAGENLIJST!$D$251=dropdowns!$B$72,VRAGENLIJST!$D$251=dropdowns!$C$72, VRAGENLIJST!$D$251=dropdowns!$D$72,VRAGENLIJST!$D$251=dropdowns!$E$72),OFFSET(VRAGENLIJST!$D$255,(COLUMN(AI11)-COLUMN($F$11))*2,0),IF(OR(VRAGENLIJST!$D$251=dropdowns!$B$73,VRAGENLIJST!$D$251=dropdowns!$C$73,VRAGENLIJST!$D$251=dropdowns!$D$73,VRAGENLIJST!$D$251=dropdowns!$E$73),OFFSET(VRAGENLIJST!$D$255,Liquiditeit!AI3*2-4,0)*0.5+(OFFSET(VRAGENLIJST!$D$255,(COLUMN(AI11)-COLUMN($F$11))*2,0))*0.5,IF(OR(VRAGENLIJST!$D$251=dropdowns!$B$74,VRAGENLIJST!$D$251=dropdowns!$C$74,VRAGENLIJST!$D$251=dropdowns!$D$74,VRAGENLIJST!$D$251=dropdowns!$E$74),OFFSET(VRAGENLIJST!$D$255,Liquiditeit!AI3*2-4,0),IF(OR(VRAGENLIJST!$D$251=dropdowns!$B$75,VRAGENLIJST!$D$251=dropdowns!$C$75,VRAGENLIJST!$D$251=dropdowns!$D$75,VRAGENLIJST!$D$251=dropdowns!$E$75),OFFSET(VRAGENLIJST!$D$255,Liquiditeit!AI3*2-6,0),IF(OR(VRAGENLIJST!$D$251=dropdowns!$B$76,VRAGENLIJST!$D$251=dropdowns!$C$76,VRAGENLIJST!$D$251=dropdowns!$D$76,VRAGENLIJST!$D$251=dropdowns!$E$76),OFFSET(VRAGENLIJST!$D$255,Liquiditeit!AI3*2-8,0),0)))))) -> 0 | AJ11: =IF(VRAGENLIJST!$D$251="",0,IF(OR(VRAGENLIJST!$D$251=dropdowns!$B$72,VRAGENLIJST!$D$251=dropdowns!$C$72, VRAGENLIJST!$D$251=dropdowns!$D$72,VRAGENLIJST!$D$251=dropdowns!$E$72),OFFSET(VRAGENLIJST!$D$255,(COLUMN(AJ11)-COLUMN($F$11))*2,0),IF(OR(VRAGENLIJST!$D$251=dropdowns!$B$73,VRAGENLIJST!$D$251=dropdowns!$C$73,VRAGENLIJST!$D$251=dropdowns!$D$73,VRAGENLIJST!$D$251=dropdowns!$E$73),OFFSET(VRAGENLIJST!$D$255,Liquiditeit!AJ3*2-4,0)*0.5+(OFFSET(VRAGENLIJST!$D$255,(COLUMN(AJ11)-COLUMN($F$11))*2,0))*0.5,IF(OR(VRAGENLIJST!$D$251=dropdowns!$B$74,VRAGENLIJST!$D$251=dropdowns!$C$74,VRAGENLIJST!$D$251=dropdowns!$D$74,VRAGENLIJST!$D$251=dropdowns!$E$74),OFFSET(VRAGENLIJST!$D$255,Liquiditeit!AJ3*2-4,0),IF(OR(VRAGENLIJST!$D$251=dropdowns!$B$75,VRAGENLIJST!$D$251=dropdowns!$C$75,VRAGENLIJST!$D$251=dropdowns!$D$75,VRAGENLIJST!$D$251=dropdowns!$E$75),OFFSET(VRAGENLIJST!$D$255,Liquiditeit!AJ3*2-6,0),IF(OR(VRAGENLIJST!$D$251=dropdowns!$B$76,VRAGENLIJST!$D$251=dropdowns!$C$76,VRAGENLIJST!$D$251=dropdowns!$D$76,VRAGENLIJST!$D$251=dropdowns!$E$76),OFFSET(VRAGENLIJST!$D$255,Liquiditeit!AJ3*2-8,0),0)))))) -> 0 | AK11: =IF(VRAGENLIJST!$D$251="",0,IF(OR(VRAGENLIJST!$D$251=dropdowns!$B$72,VRAGENLIJST!$D$251=dropdowns!$C$72, VRAGENLIJST!$D$251=dropdowns!$D$72,VRAGENLIJST!$D$251=dropdowns!$E$72),OFFSET(VRAGENLIJST!$D$255,(COLUMN(AK11)-COLUMN($F$11))*2,0),IF(OR(VRAGENLIJST!$D$251=dropdowns!$B$73,VRAGENLIJST!$D$251=dropdowns!$C$73,VRAGENLIJST!$D$251=dropdowns!$D$73,VRAGENLIJST!$D$251=dropdowns!$E$73),OFFSET(VRAGENLIJST!$D$255,Liquiditeit!AK3*2-4,0)*0.5+(OFFSET(VRAGENLIJST!$D$255,(COLUMN(AK11)-COLUMN($F$11))*2,0))*0.5,IF(OR(VRAGENLIJST!$D$251=dropdowns!$B$74,VRAGENLIJST!$D$251=dropdowns!$C$74,VRAGENLIJST!$D$251=dropdowns!$D$74,VRAGENLIJST!$D$251=dropdowns!$E$74),OFFSET(VRAGENLIJST!$D$255,Liquiditeit!AK3*2-4,0),IF(OR(VRAGENLIJST!$D$251=dropdowns!$B$75,VRAGENLIJST!$D$251=dropdowns!$C$75,VRAGENLIJST!$D$251=dropdowns!$D$75,VRAGENLIJST!$D$251=dropdowns!$E$75),OFFSET(VRAGENLIJST!$D$255,Liquiditeit!AK3*2-6,0),IF(OR(VRAGENLIJST!$D$251=dropdowns!$B$76,VRAGENLIJST!$D$251=dropdowns!$C$76,VRAGENLIJST!$D$251=dropdowns!$D$76,VRAGENLIJST!$D$251=dropdowns!$E$76),OFFSET(VRAGENLIJST!$D$255,Liquiditeit!AK3*2-8,0),0)))))) -> 0 | ... AO11: =IF(VRAGENLIJST!$D$251="",0,IF(OR(VRAGENLIJST!$D$251=dropdowns!$B$72,VRAGENLIJST!$D$251=dropdowns!$C$72, VRAGENLIJST!$D$251=dropdowns!$D$72,VRAGENLIJST!$D$251=dropdowns!$E$72),OFFSET(VRAGENLIJST!$D$255,(COLUMN(AO11)-COLUMN($F$11))*2,0),IF(OR(VRAGENLIJST!$D$251=dropdowns!$B$73,VRAGENLIJST!$D$251=dropdowns!$C$73,VRAGENLIJST!$D$251=dropdowns!$D$73,VRAGENLIJST!$D$251=dropdowns!$E$73),OFFSET(VRAGENLIJST!$D$255,Liquiditeit!AO3*2-4,0)*0.5+(OFFSET(VRAGENLIJST!$D$255,(COLUMN(AO11)-COLUMN($F$11))*2,0))*0.5,IF(OR(VRAGENLIJST!$D$251=dropdowns!$B$74,VRAGENLIJST!$D$251=dropdowns!$C$74,VRAGENLIJST!$D$251=dropdowns!$D$74,VRAGENLIJST!$D$251=dropdowns!$E$74),OFFSET(VRAGENLIJST!$D$255,Liquiditeit!AO3*2-4,0),IF(OR(VRAGENLIJST!$D$251=dropdowns!$B$75,VRAGENLIJST!$D$251=dropdowns!$C$75,VRAGENLIJST!$D$251=dropdowns!$D$75,VRAGENLIJST!$D$251=dropdowns!$E$75),OFFSET(VRAGENLIJST!$D$255,Liquiditeit!AO3*2-6,0),IF(OR(VRAGENLIJST!$D$251=dropdowns!$B$76,VRAGENLIJST!$D$251=dropdowns!$C$76,VRAGENLIJST!$D$251=dropdowns!$D$76,VRAGENLIJST!$D$251=dropdowns!$E$76),OFFSET(VRAGENLIJST!$D$255,Liquiditeit!AO3*2-8,0),0)))))) -> 0 | AP11: =SUM(AD11:AO11) -> 0
B12: =Vertaling!A273 -> Omzet product 2 (excl. btw) | D12: =IF(VRAGENLIJST!$F$251="",0,IF(OR(VRAGENLIJST!$F$251=dropdowns!$B$72,VRAGENLIJST!$F$251=dropdowns!$C$72,VRAGENLIJST!$F$251=dropdowns!$D$72,VRAGENLIJST!$F$251=dropdowns!$E$72),VRAGENLIJST!$F$255,IF(OR(VRAGENLIJST!$F$251=dropdowns!$B$73,VRAGENLIJST!$F$251=dropdowns!$C$73,VRAGENLIJST!$F$251=dropdowns!$D$73,VRAGENLIJST!$F$251=dropdowns!$E$73),VRAGENLIJST!$F$255*0.5,0))) -> 0 | E12: =IF(VRAGENLIJST!$F$251="",0,IF(OR(VRAGENLIJST!$F$251=dropdowns!$B$72,VRAGENLIJST!$F$251=dropdowns!$C$72,VRAGENLIJST!$F$251=dropdowns!$D$72,VRAGENLIJST!$F$251=dropdowns!$E$72),OFFSET(VRAGENLIJST!$F$255,(COLUMN(E12)-COLUMN($D$12))*2,0),IF(OR(VRAGENLIJST!$F$251=dropdowns!$B$73,VRAGENLIJST!$F$251=dropdowns!$C$73,VRAGENLIJST!$F$251=dropdowns!$D$73,VRAGENLIJST!$F$251=dropdowns!$E$73),VRAGENLIJST!$F$255*0.5+(OFFSET(VRAGENLIJST!$F$255,(COLUMN(E12)-COLUMN($D$12))*2,0))*0.5,IF(OR(VRAGENLIJST!$F$251=dropdowns!$B$74,VRAGENLIJST!$F$251=dropdowns!$C$74,VRAGENLIJST!$F$251=dropdowns!$D$74,VRAGENLIJST!$F$251=dropdowns!$E$74),VRAGENLIJST!$F$255,0)))) -> 0 | F12: =IF(VRAGENLIJST!$F$251="",0,IF(OR(VRAGENLIJST!$F$251=dropdowns!$B$72,VRAGENLIJST!$F$251=dropdowns!$C$72,VRAGENLIJST!$F$251=dropdowns!$D$72,VRAGENLIJST!$F$251=dropdowns!$E$72),OFFSET(VRAGENLIJST!$F$255,(COLUMN(F12)-COLUMN($D$12))*2,0),IF(OR(VRAGENLIJST!$F$251=dropdowns!$B$73,VRAGENLIJST!$F$251=dropdowns!$C$73,VRAGENLIJST!$F$251=dropdowns!$D$73,VRAGENLIJST!$F$251=dropdowns!$E$73),OFFSET(VRAGENLIJST!$F$255,Liquiditeit!F3*2-4,0)*0.5+(OFFSET(VRAGENLIJST!$F$255,(COLUMN(F12)-COLUMN($D$12))*2,0))*0.5,IF(OR(VRAGENLIJST!$F$251=dropdowns!$B$74,VRAGENLIJST!$F$251=dropdowns!$C$74,VRAGENLIJST!$F$251=dropdowns!$D$74,VRAGENLIJST!$F$251=dropdowns!$E$74),OFFSET(VRAGENLIJST!$F$255,Liquiditeit!F3*2-4,0),IF(OR(VRAGENLIJST!$F$251=dropdowns!$B$75,VRAGENLIJST!$F$251=dropdowns!$C$75,VRAGENLIJST!$F$251=dropdowns!$D$75,VRAGENLIJST!$F$251=dropdowns!$E$75),VRAGENLIJST!$F$255,0))))) -> 0 | G12: =IF(VRAGENLIJST!$F$251="",0,IF(OR(VRAGENLIJST!$F$251=dropdowns!$B$72,VRAGENLIJST!$F$251=dropdowns!$C$72,VRAGENLIJST!$F$251=dropdowns!$D$72,VRAGENLIJST!$F$251=dropdowns!$E$72),OFFSET(VRAGENLIJST!$F$255,(COLUMN(G12)-COLUMN($D$12))*2,0),IF(OR(VRAGENLIJST!$F$251=dropdowns!$B$73,VRAGENLIJST!$F$251=dropdowns!$C$73,VRAGENLIJST!$F$251=dropdowns!$D$73,VRAGENLIJST!$F$251=dropdowns!$E$73),OFFSET(VRAGENLIJST!$F$255,Liquiditeit!G3*2-4,0)*0.5+(OFFSET(VRAGENLIJST!$F$255,(COLUMN(G12)-COLUMN($D$12))*2,0))*0.5,IF(OR(VRAGENLIJST!$F$251=dropdowns!$B$74,VRAGENLIJST!$F$251=dropdowns!$C$74,VRAGENLIJST!$F$251=dropdowns!$D$74,VRAGENLIJST!$F$251=dropdowns!$E$74),OFFSET(VRAGENLIJST!$F$255,Liquiditeit!G3*2-4,0),IF(OR(VRAGENLIJST!$F$251=dropdowns!$B$75,VRAGENLIJST!$F$251=dropdowns!$C$75,VRAGENLIJST!$F$251=dropdowns!$D$75,VRAGENLIJST!$F$251=dropdowns!$E$75),OFFSET(VRAGENLIJST!$F$255,Liquiditeit!G3*2-6,0),IF(OR(VRAGENLIJST!$F$251=dropdowns!$B$76,VRAGENLIJST!$F$251=dropdowns!$C$76,VRAGENLIJST!$F$251=dropdowns!$D$76,VRAGENLIJST!$F$251=dropdowns!$E$76),VRAGENLIJST!$F$255,0)))))) -> 0 | H12: =IF(VRAGENLIJST!$F$251="",0,IF(OR(VRAGENLIJST!$F$251=dropdowns!$B$72,VRAGENLIJST!$F$251=dropdowns!$C$72,VRAGENLIJST!$F$251=dropdowns!$D$72,VRAGENLIJST!$F$251=dropdowns!$E$72),OFFSET(VRAGENLIJST!$F$255,(COLUMN(H12)-COLUMN($D$12))*2,0),IF(OR(VRAGENLIJST!$F$251=dropdowns!$B$73,VRAGENLIJST!$F$251=dropdowns!$C$73,VRAGENLIJST!$F$251=dropdowns!$D$73,VRAGENLIJST!$F$251=dropdowns!$E$73),OFFSET(VRAGENLIJST!$F$255,Liquiditeit!H3*2-4,0)*0.5+(OFFSET(VRAGENLIJST!$F$255,(COLUMN(H12)-COLUMN($D$12))*2,0))*0.5,IF(OR(VRAGENLIJST!$F$251=dropdowns!$B$74,VRAGENLIJST!$F$251=dropdowns!$C$74,VRAGENLIJST!$F$251=dropdowns!$D$74,VRAGENLIJST!$F$251=dropdowns!$E$74),OFFSET(VRAGENLIJST!$F$255,Liquiditeit!H3*2-4,0),IF(OR(VRAGENLIJST!$F$251=dropdowns!$B$75,VRAGENLIJST!$F$251=dropdowns!$C$75,VRAGENLIJST!$F$251=dropdowns!$D$75,VRAGENLIJST!$F$251=dropdowns!$E$75),OFFSET(VRAGENLIJST!$F$255,Liquiditeit!H3*2-6,0),IF(OR(VRAGENLIJST!$F$251=dropdowns!$B$76,VRAGENLIJST!$F$251=dropdowns!$C$76,VRAGENLIJST!$F$251=dropdowns!$D$76,VRAGENLIJST!$F$251=dropdowns!$E$76),OFFSET(VRAGENLIJST!$F$255,Liquiditeit!H3*2-8,0),0)))))) -> 0 | I12: =IF(VRAGENLIJST!$F$251="",0,IF(OR(VRAGENLIJST!$F$251=dropdowns!$B$72,VRAGENLIJST!$F$251=dropdowns!$C$72,VRAGENLIJST!$F$251=dropdowns!$D$72,VRAGENLIJST!$F$251=dropdowns!$E$72),OFFSET(VRAGENLIJST!$F$255,(COLUMN(I12)-COLUMN($D$12))*2,0),IF(OR(VRAGENLIJST!$F$251=dropdowns!$B$73,VRAGENLIJST!$F$251=dropdowns!$C$73,VRAGENLIJST!$F$251=dropdowns!$D$73,VRAGENLIJST!$F$251=dropdowns!$E$73),OFFSET(VRAGENLIJST!$F$255,Liquiditeit!I3*2-4,0)*0.5+(OFFSET(VRAGENLIJST!$F$255,(COLUMN(I12)-COLUMN($D$12))*2,0))*0.5,IF(OR(VRAGENLIJST!$F$251=dropdowns!$B$74,VRAGENLIJST!$F$251=dropdowns!$C$74,VRAGENLIJST!$F$251=dropdowns!$D$74,VRAGENLIJST!$F$251=dropdowns!$E$74),OFFSET(VRAGENLIJST!$F$255,Liquiditeit!I3*2-4,0),IF(OR(VRAGENLIJST!$F$251=dropdowns!$B$75,VRAGENLIJST!$F$251=dropdowns!$C$75,VRAGENLIJST!$F$251=dropdowns!$D$75,VRAGENLIJST!$F$251=dropdowns!$E$75),OFFSET(VRAGENLIJST!$F$255,Liquiditeit!I3*2-6,0),IF(OR(VRAGENLIJST!$F$251=dropdowns!$B$76,VRAGENLIJST!$F$251=dropdowns!$C$76,VRAGENLIJST!$F$251=dropdowns!$D$76,VRAGENLIJST!$F$251=dropdowns!$E$76),OFFSET(VRAGENLIJST!$F$255,Liquiditeit!I3*2-8,0),0)))))) -> 0 | J12: =IF(VRAGENLIJST!$F$251="",0,IF(OR(VRAGENLIJST!$F$251=dropdowns!$B$72,VRAGENLIJST!$F$251=dropdowns!$C$72,VRAGENLIJST!$F$251=dropdowns!$D$72,VRAGENLIJST!$F$251=dropdowns!$E$72),OFFSET(VRAGENLIJST!$F$255,(COLUMN(J12)-COLUMN($D$12))*2,0),IF(OR(VRAGENLIJST!$F$251=dropdowns!$B$73,VRAGENLIJST!$F$251=dropdowns!$C$73,VRAGENLIJST!$F$251=dropdowns!$D$73,VRAGENLIJST!$F$251=dropdowns!$E$73),OFFSET(VRAGENLIJST!$F$255,Liquiditeit!J3*2-4,0)*0.5+(OFFSET(VRAGENLIJST!$F$255,(COLUMN(J12)-COLUMN($D$12))*2,0))*0.5,IF(OR(VRAGENLIJST!$F$251=dropdowns!$B$74,VRAGENLIJST!$F$251=dropdowns!$C$74,VRAGENLIJST!$F$251=dropdowns!$D$74,VRAGENLIJST!$F$251=dropdowns!$E$74),OFFSET(VRAGENLIJST!$F$255,Liquiditeit!J3*2-4,0),IF(OR(VRAGENLIJST!$F$251=dropdowns!$B$75,VRAGENLIJST!$F$251=dropdowns!$C$75,VRAGENLIJST!$F$251=dropdowns!$D$75,VRAGENLIJST!$F$251=dropdowns!$E$75),OFFSET(VRAGENLIJST!$F$255,Liquiditeit!J3*2-6,0),IF(OR(VRAGENLIJST!$F$251=dropdowns!$B$76,VRAGENLIJST!$F$251=dropdowns!$C$76,VRAGENLIJST!$F$251=dropdowns!$D$76,VRAGENLIJST!$F$251=dropdowns!$E$76),OFFSET(VRAGENLIJST!$F$255,Liquiditeit!J3*2-8,0),0)))))) -> 0 | K12: =IF(VRAGENLIJST!$F$251="",0,IF(OR(VRAGENLIJST!$F$251=dropdowns!$B$72,VRAGENLIJST!$F$251=dropdowns!$C$72,VRAGENLIJST!$F$251=dropdowns!$D$72,VRAGENLIJST!$F$251=dropdowns!$E$72),OFFSET(VRAGENLIJST!$F$255,(COLUMN(K12)-COLUMN($D$12))*2,0),IF(OR(VRAGENLIJST!$F$251=dropdowns!$B$73,VRAGENLIJST!$F$251=dropdowns!$C$73,VRAGENLIJST!$F$251=dropdowns!$D$73,VRAGENLIJST!$F$251=dropdowns!$E$73),OFFSET(VRAGENLIJST!$F$255,Liquiditeit!K3*2-4,0)*0.5+(OFFSET(VRAGENLIJST!$F$255,(COLUMN(K12)-COLUMN($D$12))*2,0))*0.5,IF(OR(VRAGENLIJST!$F$251=dropdowns!$B$74,VRAGENLIJST!$F$251=dropdowns!$C$74,VRAGENLIJST!$F$251=dropdowns!$D$74,VRAGENLIJST!$F$251=dropdowns!$E$74),OFFSET(VRAGENLIJST!$F$255,Liquiditeit!K3*2-4,0),IF(OR(VRAGENLIJST!$F$251=dropdowns!$B$75,VRAGENLIJST!$F$251=dropdowns!$C$75,VRAGENLIJST!$F$251=dropdowns!$D$75,VRAGENLIJST!$F$251=dropdowns!$E$75),OFFSET(VRAGENLIJST!$F$255,Liquiditeit!K3*2-6,0),IF(OR(VRAGENLIJST!$F$251=dropdowns!$B$76,VRAGENLIJST!$F$251=dropdowns!$C$76,VRAGENLIJST!$F$251=dropdowns!$D$76,VRAGENLIJST!$F$251=dropdowns!$E$76),OFFSET(VRAGENLIJST!$F$255,Liquiditeit!K3*2-8,0),0)))))) -> 0 | L12: =IF(VRAGENLIJST!$F$251="",0,IF(OR(VRAGENLIJST!$F$251=dropdowns!$B$72,VRAGENLIJST!$F$251=dropdowns!$C$72,VRAGENLIJST!$F$251=dropdowns!$D$72,VRAGENLIJST!$F$251=dropdowns!$E$72),OFFSET(VRAGENLIJST!$F$255,(COLUMN(L12)-COLUMN($D$12))*2,0),IF(OR(VRAGENLIJST!$F$251=dropdowns!$B$73,VRAGENLIJST!$F$251=dropdowns!$C$73,VRAGENLIJST!$F$251=dropdowns!$D$73,VRAGENLIJST!$F$251=dropdowns!$E$73),OFFSET(VRAGENLIJST!$F$255,Liquiditeit!L3*2-4,0)*0.5+(OFFSET(VRAGENLIJST!$F$255,(COLUMN(L12)-COLUMN($D$12))*2,0))*0.5,IF(OR(VRAGENLIJST!$F$251=dropdowns!$B$74,VRAGENLIJST!$F$251=dropdowns!$C$74,VRAGENLIJST!$F$251=dropdowns!$D$74,VRAGENLIJST!$F$251=dropdowns!$E$74),OFFSET(VRAGENLIJST!$F$255,Liquiditeit!L3*2-4,0),IF(OR(VRAGENLIJST!$F$251=dropdowns!$B$75,VRAGENLIJST!$F$251=dropdowns!$C$75,VRAGENLIJST!$F$251=dropdowns!$D$75,VRAGENLIJST!$F$251=dropdowns!$E$75),OFFSET(VRAGENLIJST!$F$255,Liquiditeit!L3*2-6,0),IF(OR(VRAGENLIJST!$F$251=dropdowns!$B$76,VRAGENLIJST!$F$251=dropdowns!$C$76,VRAGENLIJST!$F$251=dropdowns!$D$76,VRAGENLIJST!$F$251=dropdowns!$E$76),OFFSET(VRAGENLIJST!$F$255,Liquiditeit!L3*2-8,0),0)))))) -> 0 | M12: =IF(VRAGENLIJST!$F$251="",0,IF(OR(VRAGENLIJST!$F$251=dropdowns!$B$72,VRAGENLIJST!$F$251=dropdowns!$C$72,VRAGENLIJST!$F$251=dropdowns!$D$72,VRAGENLIJST!$F$251=dropdowns!$E$72),OFFSET(VRAGENLIJST!$F$255,(COLUMN(M12)-COLUMN($D$12))*2,0),IF(OR(VRAGENLIJST!$F$251=dropdowns!$B$73,VRAGENLIJST!$F$251=dropdowns!$C$73,VRAGENLIJST!$F$251=dropdowns!$D$73,VRAGENLIJST!$F$251=dropdowns!$E$73),OFFSET(VRAGENLIJST!$F$255,Liquiditeit!M3*2-4,0)*0.5+(OFFSET(VRAGENLIJST!$F$255,(COLUMN(M12)-COLUMN($D$12))*2,0))*0.5,IF(OR(VRAGENLIJST!$F$251=dropdowns!$B$74,VRAGENLIJST!$F$251=dropdowns!$C$74,VRAGENLIJST!$F$251=dropdowns!$D$74,VRAGENLIJST!$F$251=dropdowns!$E$74),OFFSET(VRAGENLIJST!$F$255,Liquiditeit!M3*2-4,0),IF(OR(VRAGENLIJST!$F$251=dropdowns!$B$75,VRAGENLIJST!$F$251=dropdowns!$C$75,VRAGENLIJST!$F$251=dropdowns!$D$75,VRAGENLIJST!$F$251=dropdowns!$E$75),OFFSET(VRAGENLIJST!$F$255,Liquiditeit!M3*2-6,0),IF(OR(VRAGENLIJST!$F$251=dropdowns!$B$76,VRAGENLIJST!$F$251=dropdowns!$C$76,VRAGENLIJST!$F$251=dropdowns!$D$76,VRAGENLIJST!$F$251=dropdowns!$E$76),OFFSET(VRAGENLIJST!$F$255,Liquiditeit!M3*2-8,0),0)))))) -> 0 | N12: =IF(VRAGENLIJST!$F$251="",0,IF(OR(VRAGENLIJST!$F$251=dropdowns!$B$72,VRAGENLIJST!$F$251=dropdowns!$C$72,VRAGENLIJST!$F$251=dropdowns!$D$72,VRAGENLIJST!$F$251=dropdowns!$E$72),OFFSET(VRAGENLIJST!$F$255,(COLUMN(N12)-COLUMN($D$12))*2,0),IF(OR(VRAGENLIJST!$F$251=dropdowns!$B$73,VRAGENLIJST!$F$251=dropdowns!$C$73,VRAGENLIJST!$F$251=dropdowns!$D$73,VRAGENLIJST!$F$251=dropdowns!$E$73),OFFSET(VRAGENLIJST!$F$255,Liquiditeit!N3*2-4,0)*0.5+(OFFSET(VRAGENLIJST!$F$255,(COLUMN(N12)-COLUMN($D$12))*2,0))*0.5,IF(OR(VRAGENLIJST!$F$251=dropdowns!$B$74,VRAGENLIJST!$F$251=dropdowns!$C$74,VRAGENLIJST!$F$251=dropdowns!$D$74,VRAGENLIJST!$F$251=dropdowns!$E$74),OFFSET(VRAGENLIJST!$F$255,Liquiditeit!N3*2-4,0),IF(OR(VRAGENLIJST!$F$251=dropdowns!$B$75,VRAGENLIJST!$F$251=dropdowns!$C$75,VRAGENLIJST!$F$251=dropdowns!$D$75,VRAGENLIJST!$F$251=dropdowns!$E$75),OFFSET(VRAGENLIJST!$F$255,Liquiditeit!N3*2-6,0),IF(OR(VRAGENLIJST!$F$251=dropdowns!$B$76,VRAGENLIJST!$F$251=dropdowns!$C$76,VRAGENLIJST!$F$251=dropdowns!$D$76,VRAGENLIJST!$F$251=dropdowns!$E$76),OFFSET(VRAGENLIJST!$F$255,Liquiditeit!N3*2-8,0),0)))))) -> 0 | O12: =IF(VRAGENLIJST!$F$251="",0,IF(OR(VRAGENLIJST!$F$251=dropdowns!$B$72,VRAGENLIJST!$F$251=dropdowns!$C$72,VRAGENLIJST!$F$251=dropdowns!$D$72,VRAGENLIJST!$F$251=dropdowns!$E$72),OFFSET(VRAGENLIJST!$F$255,(COLUMN(O12)-COLUMN($D$12))*2,0),IF(OR(VRAGENLIJST!$F$251=dropdowns!$B$73,VRAGENLIJST!$F$251=dropdowns!$C$73,VRAGENLIJST!$F$251=dropdowns!$D$73,VRAGENLIJST!$F$251=dropdowns!$E$73),OFFSET(VRAGENLIJST!$F$255,Liquiditeit!O3*2-4,0)*0.5+(OFFSET(VRAGENLIJST!$F$255,(COLUMN(O12)-COLUMN($D$12))*2,0))*0.5,IF(OR(VRAGENLIJST!$F$251=dropdowns!$B$74,VRAGENLIJST!$F$251=dropdowns!$C$74,VRAGENLIJST!$F$251=dropdowns!$D$74,VRAGENLIJST!$F$251=dropdowns!$E$74),OFFSET(VRAGENLIJST!$F$255,Liquiditeit!O3*2-4,0),IF(OR(VRAGENLIJST!$F$251=dropdowns!$B$75,VRAGENLIJST!$F$251=dropdowns!$C$75,VRAGENLIJST!$F$251=dropdowns!$D$75,VRAGENLIJST!$F$251=dropdowns!$E$75),OFFSET(VRAGENLIJST!$F$255,Liquiditeit!O3*2-6,0),IF(OR(VRAGENLIJST!$F$251=dropdowns!$B$76,VRAGENLIJST!$F$251=dropdowns!$C$76,VRAGENLIJST!$F$251=dropdowns!$D$76,VRAGENLIJST!$F$251=dropdowns!$E$76),OFFSET(VRAGENLIJST!$F$255,Liquiditeit!O3*2-8,0),0)))))) -> 0 | P12: =SUM(D12:O12) -> 0 | Q12: =IF(VRAGENLIJST!$F$251="",0,IF(OR(VRAGENLIJST!$F$251=dropdowns!$B$72,VRAGENLIJST!$F$251=dropdowns!$C$72,VRAGENLIJST!$F$251=dropdowns!$D$72,VRAGENLIJST!$F$251=dropdowns!$E$72),OFFSET(VRAGENLIJST!$F$255,(COLUMN(Q12)-COLUMN($E$12))*2,0),IF(OR(VRAGENLIJST!$F$251=dropdowns!$B$73,VRAGENLIJST!$F$251=dropdowns!$C$73,VRAGENLIJST!$F$251=dropdowns!$D$73,VRAGENLIJST!$F$251=dropdowns!$E$73),OFFSET(VRAGENLIJST!$F$255,Liquiditeit!Q3*2-4,0)*0.5+(OFFSET(VRAGENLIJST!$F$255,(COLUMN(Q12)-COLUMN($E$12))*2,0))*0.5,IF(OR(VRAGENLIJST!$F$251=dropdowns!$B$74,VRAGENLIJST!$F$251=dropdowns!$C$74,VRAGENLIJST!$F$251=dropdowns!$D$74,VRAGENLIJST!$F$251=dropdowns!$E$74),OFFSET(VRAGENLIJST!$F$255,Liquiditeit!Q3*2-4,0),IF(OR(VRAGENLIJST!$F$251=dropdowns!$B$75,VRAGENLIJST!$F$251=dropdowns!$C$75,VRAGENLIJST!$F$251=dropdowns!$D$75,VRAGENLIJST!$F$251=dropdowns!$E$75),OFFSET(VRAGENLIJST!$F$255,Liquiditeit!Q3*2-6,0),IF(OR(VRAGENLIJST!$F$251=dropdowns!$B$76,VRAGENLIJST!$F$251=dropdowns!$C$76,VRAGENLIJST!$F$251=dropdowns!$D$76,VRAGENLIJST!$F$251=dropdowns!$E$76),OFFSET(VRAGENLIJST!$F$255,Liquiditeit!Q3*2-8,0),0)))))) -> 0 | R12: =IF(VRAGENLIJST!$F$251="",0,IF(OR(VRAGENLIJST!$F$251=dropdowns!$B$72,VRAGENLIJST!$F$251=dropdowns!$C$72,VRAGENLIJST!$F$251=dropdowns!$D$72,VRAGENLIJST!$F$251=dropdowns!$E$72),OFFSET(VRAGENLIJST!$F$255,(COLUMN(R12)-COLUMN($E$12))*2,0),IF(OR(VRAGENLIJST!$F$251=dropdowns!$B$73,VRAGENLIJST!$F$251=dropdowns!$C$73,VRAGENLIJST!$F$251=dropdowns!$D$73,VRAGENLIJST!$F$251=dropdowns!$E$73),OFFSET(VRAGENLIJST!$F$255,Liquiditeit!R3*2-4,0)*0.5+(OFFSET(VRAGENLIJST!$F$255,(COLUMN(R12)-COLUMN($E$12))*2,0))*0.5,IF(OR(VRAGENLIJST!$F$251=dropdowns!$B$74,VRAGENLIJST!$F$251=dropdowns!$C$74,VRAGENLIJST!$F$251=dropdowns!$D$74,VRAGENLIJST!$F$251=dropdowns!$E$74),OFFSET(VRAGENLIJST!$F$255,Liquiditeit!R3*2-4,0),IF(OR(VRAGENLIJST!$F$251=dropdowns!$B$75,VRAGENLIJST!$F$251=dropdowns!$C$75,VRAGENLIJST!$F$251=dropdowns!$D$75,VRAGENLIJST!$F$251=dropdowns!$E$75),OFFSET(VRAGENLIJST!$F$255,Liquiditeit!R3*2-6,0),IF(OR(VRAGENLIJST!$F$251=dropdowns!$B$76,VRAGENLIJST!$F$251=dropdowns!$C$76,VRAGENLIJST!$F$251=dropdowns!$D$76,VRAGENLIJST!$F$251=dropdowns!$E$76),OFFSET(VRAGENLIJST!$F$255,Liquiditeit!R3*2-8,0),0)))))) -> 0 | S12: =IF(VRAGENLIJST!$F$251="",0,IF(OR(VRAGENLIJST!$F$251=dropdowns!$B$72,VRAGENLIJST!$F$251=dropdowns!$C$72,VRAGENLIJST!$F$251=dropdowns!$D$72,VRAGENLIJST!$F$251=dropdowns!$E$72),OFFSET(VRAGENLIJST!$F$255,(COLUMN(S12)-COLUMN($E$12))*2,0),IF(OR(VRAGENLIJST!$F$251=dropdowns!$B$73,VRAGENLIJST!$F$251=dropdowns!$C$73,VRAGENLIJST!$F$251=dropdowns!$D$73,VRAGENLIJST!$F$251=dropdowns!$E$73),OFFSET(VRAGENLIJST!$F$255,Liquiditeit!S3*2-4,0)*0.5+(OFFSET(VRAGENLIJST!$F$255,(COLUMN(S12)-COLUMN($E$12))*2,0))*0.5,IF(OR(VRAGENLIJST!$F$251=dropdowns!$B$74,VRAGENLIJST!$F$251=dropdowns!$C$74,VRAGENLIJST!$F$251=dropdowns!$D$74,VRAGENLIJST!$F$251=dropdowns!$E$74),OFFSET(VRAGENLIJST!$F$255,Liquiditeit!S3*2-4,0),IF(OR(VRAGENLIJST!$F$251=dropdowns!$B$75,VRAGENLIJST!$F$251=dropdowns!$C$75,VRAGENLIJST!$F$251=dropdowns!$D$75,VRAGENLIJST!$F$251=dropdowns!$E$75),OFFSET(VRAGENLIJST!$F$255,Liquiditeit!S3*2-6,0),IF(OR(VRAGENLIJST!$F$251=dropdowns!$B$76,VRAGENLIJST!$F$251=dropdowns!$C$76,VRAGENLIJST!$F$251=dropdowns!$D$76,VRAGENLIJST!$F$251=dropdowns!$E$76),OFFSET(VRAGENLIJST!$F$255,Liquiditeit!S3*2-8,0),0)))))) -> 0 | T12: =IF(VRAGENLIJST!$F$251="",0,IF(OR(VRAGENLIJST!$F$251=dropdowns!$B$72,VRAGENLIJST!$F$251=dropdowns!$C$72,VRAGENLIJST!$F$251=dropdowns!$D$72,VRAGENLIJST!$F$251=dropdowns!$E$72),OFFSET(VRAGENLIJST!$F$255,(COLUMN(T12)-COLUMN($E$12))*2,0),IF(OR(VRAGENLIJST!$F$251=dropdowns!$B$73,VRAGENLIJST!$F$251=dropdowns!$C$73,VRAGENLIJST!$F$251=dropdowns!$D$73,VRAGENLIJST!$F$251=dropdowns!$E$73),OFFSET(VRAGENLIJST!$F$255,Liquiditeit!T3*2-4,0)*0.5+(OFFSET(VRAGENLIJST!$F$255,(COLUMN(T12)-COLUMN($E$12))*2,0))*0.5,IF(OR(VRAGENLIJST!$F$251=dropdowns!$B$74,VRAGENLIJST!$F$251=dropdowns!$C$74,VRAGENLIJST!$F$251=dropdowns!$D$74,VRAGENLIJST!$F$251=dropdowns!$E$74),OFFSET(VRAGENLIJST!$F$255,Liquiditeit!T3*2-4,0),IF(OR(VRAGENLIJST!$F$251=dropdowns!$B$75,VRAGENLIJST!$F$251=dropdowns!$C$75,VRAGENLIJST!$F$251=dropdowns!$D$75,VRAGENLIJST!$F$251=dropdowns!$E$75),OFFSET(VRAGENLIJST!$F$255,Liquiditeit!T3*2-6,0),IF(OR(VRAGENLIJST!$F$251=dropdowns!$B$76,VRAGENLIJST!$F$251=dropdowns!$C$76,VRAGENLIJST!$F$251=dropdowns!$D$76,VRAGENLIJST!$F$251=dropdowns!$E$76),OFFSET(VRAGENLIJST!$F$255,Liquiditeit!T3*2-8,0),0)))))) -> 0 | U12: =IF(VRAGENLIJST!$F$251="",0,IF(OR(VRAGENLIJST!$F$251=dropdowns!$B$72,VRAGENLIJST!$F$251=dropdowns!$C$72,VRAGENLIJST!$F$251=dropdowns!$D$72,VRAGENLIJST!$F$251=dropdowns!$E$72),OFFSET(VRAGENLIJST!$F$255,(COLUMN(U12)-COLUMN($E$12))*2,0),IF(OR(VRAGENLIJST!$F$251=dropdowns!$B$73,VRAGENLIJST!$F$251=dropdowns!$C$73,VRAGENLIJST!$F$251=dropdowns!$D$73,VRAGENLIJST!$F$251=dropdowns!$E$73),OFFSET(VRAGENLIJST!$F$255,Liquiditeit!U3*2-4,0)*0.5+(OFFSET(VRAGENLIJST!$F$255,(COLUMN(U12)-COLUMN($E$12))*2,0))*0.5,IF(OR(VRAGENLIJST!$F$251=dropdowns!$B$74,VRAGENLIJST!$F$251=dropdowns!$C$74,VRAGENLIJST!$F$251=dropdowns!$D$74,VRAGENLIJST!$F$251=dropdowns!$E$74),OFFSET(VRAGENLIJST!$F$255,Liquiditeit!U3*2-4,0),IF(OR(VRAGENLIJST!$F$251=dropdowns!$B$75,VRAGENLIJST!$F$251=dropdowns!$C$75,VRAGENLIJST!$F$251=dropdowns!$D$75,VRAGENLIJST!$F$251=dropdowns!$E$75),OFFSET(VRAGENLIJST!$F$255,Liquiditeit!U3*2-6,0),IF(OR(VRAGENLIJST!$F$251=dropdowns!$B$76,VRAGENLIJST!$F$251=dropdowns!$C$76,VRAGENLIJST!$F$251=dropdowns!$D$76,VRAGENLIJST!$F$251=dropdowns!$E$76),OFFSET(VRAGENLIJST!$F$255,Liquiditeit!U3*2-8,0),0)))))) -> 0 | V12: =IF(VRAGENLIJST!$F$251="",0,IF(OR(VRAGENLIJST!$F$251=dropdowns!$B$72,VRAGENLIJST!$F$251=dropdowns!$C$72,VRAGENLIJST!$F$251=dropdowns!$D$72,VRAGENLIJST!$F$251=dropdowns!$E$72),OFFSET(VRAGENLIJST!$F$255,(COLUMN(V12)-COLUMN($E$12))*2,0),IF(OR(VRAGENLIJST!$F$251=dropdowns!$B$73,VRAGENLIJST!$F$251=dropdowns!$C$73,VRAGENLIJST!$F$251=dropdowns!$D$73,VRAGENLIJST!$F$251=dropdowns!$E$73),OFFSET(VRAGENLIJST!$F$255,Liquiditeit!V3*2-4,0)*0.5+(OFFSET(VRAGENLIJST!$F$255,(COLUMN(V12)-COLUMN($E$12))*2,0))*0.5,IF(OR(VRAGENLIJST!$F$251=dropdowns!$B$74,VRAGENLIJST!$F$251=dropdowns!$C$74,VRAGENLIJST!$F$251=dropdowns!$D$74,VRAGENLIJST!$F$251=dropdowns!$E$74),OFFSET(VRAGENLIJST!$F$255,Liquiditeit!V3*2-4,0),IF(OR(VRAGENLIJST!$F$251=dropdowns!$B$75,VRAGENLIJST!$F$251=dropdowns!$C$75,VRAGENLIJST!$F$251=dropdowns!$D$75,VRAGENLIJST!$F$251=dropdowns!$E$75),OFFSET(VRAGENLIJST!$F$255,Liquiditeit!V3*2-6,0),IF(OR(VRAGENLIJST!$F$251=dropdowns!$B$76,VRAGENLIJST!$F$251=dropdowns!$C$76,VRAGENLIJST!$F$251=dropdowns!$D$76,VRAGENLIJST!$F$251=dropdowns!$E$76),OFFSET(VRAGENLIJST!$F$255,Liquiditeit!V3*2-8,0),0)))))) -> 0 | W12: =IF(VRAGENLIJST!$F$251="",0,IF(OR(VRAGENLIJST!$F$251=dropdowns!$B$72,VRAGENLIJST!$F$251=dropdowns!$C$72,VRAGENLIJST!$F$251=dropdowns!$D$72,VRAGENLIJST!$F$251=dropdowns!$E$72),OFFSET(VRAGENLIJST!$F$255,(COLUMN(W12)-COLUMN($E$12))*2,0),IF(OR(VRAGENLIJST!$F$251=dropdowns!$B$73,VRAGENLIJST!$F$251=dropdowns!$C$73,VRAGENLIJST!$F$251=dropdowns!$D$73,VRAGENLIJST!$F$251=dropdowns!$E$73),OFFSET(VRAGENLIJST!$F$255,Liquiditeit!W3*2-4,0)*0.5+(OFFSET(VRAGENLIJST!$F$255,(COLUMN(W12)-COLUMN($E$12))*2,0))*0.5,IF(OR(VRAGENLIJST!$F$251=dropdowns!$B$74,VRAGENLIJST!$F$251=dropdowns!$C$74,VRAGENLIJST!$F$251=dropdowns!$D$74,VRAGENLIJST!$F$251=dropdowns!$E$74),OFFSET(VRAGENLIJST!$F$255,Liquiditeit!W3*2-4,0),IF(OR(VRAGENLIJST!$F$251=dropdowns!$B$75,VRAGENLIJST!$F$251=dropdowns!$C$75,VRAGENLIJST!$F$251=dropdowns!$D$75,VRAGENLIJST!$F$251=dropdowns!$E$75),OFFSET(VRAGENLIJST!$F$255,Liquiditeit!W3*2-6,0),IF(OR(VRAGENLIJST!$F$251=dropdowns!$B$76,VRAGENLIJST!$F$251=dropdowns!$C$76,VRAGENLIJST!$F$251=dropdowns!$D$76,VRAGENLIJST!$F$251=dropdowns!$E$76),OFFSET(VRAGENLIJST!$F$255,Liquiditeit!W3*2-8,0),0)))))) -> 0 | X12: =IF(VRAGENLIJST!$F$251="",0,IF(OR(VRAGENLIJST!$F$251=dropdowns!$B$72,VRAGENLIJST!$F$251=dropdowns!$C$72,VRAGENLIJST!$F$251=dropdowns!$D$72,VRAGENLIJST!$F$251=dropdowns!$E$72),OFFSET(VRAGENLIJST!$F$255,(COLUMN(X12)-COLUMN($E$12))*2,0),IF(OR(VRAGENLIJST!$F$251=dropdowns!$B$73,VRAGENLIJST!$F$251=dropdowns!$C$73,VRAGENLIJST!$F$251=dropdowns!$D$73,VRAGENLIJST!$F$251=dropdowns!$E$73),OFFSET(VRAGENLIJST!$F$255,Liquiditeit!X3*2-4,0)*0.5+(OFFSET(VRAGENLIJST!$F$255,(COLUMN(X12)-COLUMN($E$12))*2,0))*0.5,IF(OR(VRAGENLIJST!$F$251=dropdowns!$B$74,VRAGENLIJST!$F$251=dropdowns!$C$74,VRAGENLIJST!$F$251=dropdowns!$D$74,VRAGENLIJST!$F$251=dropdowns!$E$74),OFFSET(VRAGENLIJST!$F$255,Liquiditeit!X3*2-4,0),IF(OR(VRAGENLIJST!$F$251=dropdowns!$B$75,VRAGENLIJST!$F$251=dropdowns!$C$75,VRAGENLIJST!$F$251=dropdowns!$D$75,VRAGENLIJST!$F$251=dropdowns!$E$75),OFFSET(VRAGENLIJST!$F$255,Liquiditeit!X3*2-6,0),IF(OR(VRAGENLIJST!$F$251=dropdowns!$B$76,VRAGENLIJST!$F$251=dropdowns!$C$76,VRAGENLIJST!$F$251=dropdowns!$D$76,VRAGENLIJST!$F$251=dropdowns!$E$76),OFFSET(VRAGENLIJST!$F$255,Liquiditeit!X3*2-8,0),0)))))) -> 0 | ... AB12: =IF(VRAGENLIJST!$F$251="",0,IF(OR(VRAGENLIJST!$F$251=dropdowns!$B$72,VRAGENLIJST!$F$251=dropdowns!$C$72,VRAGENLIJST!$F$251=dropdowns!$D$72,VRAGENLIJST!$F$251=dropdowns!$E$72),OFFSET(VRAGENLIJST!$F$255,(COLUMN(AB12)-COLUMN($E$12))*2,0),IF(OR(VRAGENLIJST!$F$251=dropdowns!$B$73,VRAGENLIJST!$F$251=dropdowns!$C$73,VRAGENLIJST!$F$251=dropdowns!$D$73,VRAGENLIJST!$F$251=dropdowns!$E$73),OFFSET(VRAGENLIJST!$F$255,Liquiditeit!AB3*2-4,0)*0.5+(OFFSET(VRAGENLIJST!$F$255,(COLUMN(AB12)-COLUMN($E$12))*2,0))*0.5,IF(OR(VRAGENLIJST!$F$251=dropdowns!$B$74,VRAGENLIJST!$F$251=dropdowns!$C$74,VRAGENLIJST!$F$251=dropdowns!$D$74,VRAGENLIJST!$F$251=dropdowns!$E$74),OFFSET(VRAGENLIJST!$F$255,Liquiditeit!AB3*2-4,0),IF(OR(VRAGENLIJST!$F$251=dropdowns!$B$75,VRAGENLIJST!$F$251=dropdowns!$C$75,VRAGENLIJST!$F$251=dropdowns!$D$75,VRAGENLIJST!$F$251=dropdowns!$E$75),OFFSET(VRAGENLIJST!$F$255,Liquiditeit!AB3*2-6,0),IF(OR(VRAGENLIJST!$F$251=dropdowns!$B$76,VRAGENLIJST!$F$251=dropdowns!$C$76,VRAGENLIJST!$F$251=dropdowns!$D$76,VRAGENLIJST!$F$251=dropdowns!$E$76),OFFSET(VRAGENLIJST!$F$255,Liquiditeit!AB3*2-8,0),0)))))) -> 0 | AC12: =SUM(Q12:AB12) -> 0 | AD12: =IF(VRAGENLIJST!$F$251="",0,IF(OR(VRAGENLIJST!$F$251=dropdowns!$B$72,VRAGENLIJST!$F$251=dropdowns!$C$72,VRAGENLIJST!$F$251=dropdowns!$D$72,VRAGENLIJST!$F$251=dropdowns!$E$72),OFFSET(VRAGENLIJST!$F$255,(COLUMN(AD12)-COLUMN($F$12))*2,0),IF(OR(VRAGENLIJST!$F$251=dropdowns!$B$73,VRAGENLIJST!$F$251=dropdowns!$C$73,VRAGENLIJST!$F$251=dropdowns!$D$73,VRAGENLIJST!$F$251=dropdowns!$E$73),OFFSET(VRAGENLIJST!$F$255,Liquiditeit!AD3*2-4,0)*0.5+(OFFSET(VRAGENLIJST!$F$255,(COLUMN(AD12)-COLUMN($F$12))*2,0))*0.5,IF(OR(VRAGENLIJST!$F$251=dropdowns!$B$74,VRAGENLIJST!$F$251=dropdowns!$C$74,VRAGENLIJST!$F$251=dropdowns!$D$74,VRAGENLIJST!$F$251=dropdowns!$E$74),OFFSET(VRAGENLIJST!$F$255,Liquiditeit!AD3*2-4,0),IF(OR(VRAGENLIJST!$F$251=dropdowns!$B$75,VRAGENLIJST!$F$251=dropdowns!$C$75,VRAGENLIJST!$F$251=dropdowns!$D$75,VRAGENLIJST!$F$251=dropdowns!$E$75),OFFSET(VRAGENLIJST!$F$255,Liquiditeit!AD3*2-6,0),IF(OR(VRAGENLIJST!$F$251=dropdowns!$B$76,VRAGENLIJST!$F$251=dropdowns!$C$76,VRAGENLIJST!$F$251=dropdowns!$D$76,VRAGENLIJST!$F$251=dropdowns!$E$76),OFFSET(VRAGENLIJST!$F$255,Liquiditeit!AD3*2-8,0),0)))))) -> 0 | AE12: =IF(VRAGENLIJST!$F$251="",0,IF(OR(VRAGENLIJST!$F$251=dropdowns!$B$72,VRAGENLIJST!$F$251=dropdowns!$C$72,VRAGENLIJST!$F$251=dropdowns!$D$72,VRAGENLIJST!$F$251=dropdowns!$E$72),OFFSET(VRAGENLIJST!$F$255,(COLUMN(AE12)-COLUMN($F$12))*2,0),IF(OR(VRAGENLIJST!$F$251=dropdowns!$B$73,VRAGENLIJST!$F$251=dropdowns!$C$73,VRAGENLIJST!$F$251=dropdowns!$D$73,VRAGENLIJST!$F$251=dropdowns!$E$73),OFFSET(VRAGENLIJST!$F$255,Liquiditeit!AE3*2-4,0)*0.5+(OFFSET(VRAGENLIJST!$F$255,(COLUMN(AE12)-COLUMN($F$12))*2,0))*0.5,IF(OR(VRAGENLIJST!$F$251=dropdowns!$B$74,VRAGENLIJST!$F$251=dropdowns!$C$74,VRAGENLIJST!$F$251=dropdowns!$D$74,VRAGENLIJST!$F$251=dropdowns!$E$74),OFFSET(VRAGENLIJST!$F$255,Liquiditeit!AE3*2-4,0),IF(OR(VRAGENLIJST!$F$251=dropdowns!$B$75,VRAGENLIJST!$F$251=dropdowns!$C$75,VRAGENLIJST!$F$251=dropdowns!$D$75,VRAGENLIJST!$F$251=dropdowns!$E$75),OFFSET(VRAGENLIJST!$F$255,Liquiditeit!AE3*2-6,0),IF(OR(VRAGENLIJST!$F$251=dropdowns!$B$76,VRAGENLIJST!$F$251=dropdowns!$C$76,VRAGENLIJST!$F$251=dropdowns!$D$76,VRAGENLIJST!$F$251=dropdowns!$E$76),OFFSET(VRAGENLIJST!$F$255,Liquiditeit!AE3*2-8,0),0)))))) -> 0 | AF12: =IF(VRAGENLIJST!$F$251="",0,IF(OR(VRAGENLIJST!$F$251=dropdowns!$B$72,VRAGENLIJST!$F$251=dropdowns!$C$72,VRAGENLIJST!$F$251=dropdowns!$D$72,VRAGENLIJST!$F$251=dropdowns!$E$72),OFFSET(VRAGENLIJST!$F$255,(COLUMN(AF12)-COLUMN($F$12))*2,0),IF(OR(VRAGENLIJST!$F$251=dropdowns!$B$73,VRAGENLIJST!$F$251=dropdowns!$C$73,VRAGENLIJST!$F$251=dropdowns!$D$73,VRAGENLIJST!$F$251=dropdowns!$E$73),OFFSET(VRAGENLIJST!$F$255,Liquiditeit!AF3*2-4,0)*0.5+(OFFSET(VRAGENLIJST!$F$255,(COLUMN(AF12)-COLUMN($F$12))*2,0))*0.5,IF(OR(VRAGENLIJST!$F$251=dropdowns!$B$74,VRAGENLIJST!$F$251=dropdowns!$C$74,VRAGENLIJST!$F$251=dropdowns!$D$74,VRAGENLIJST!$F$251=dropdowns!$E$74),OFFSET(VRAGENLIJST!$F$255,Liquiditeit!AF3*2-4,0),IF(OR(VRAGENLIJST!$F$251=dropdowns!$B$75,VRAGENLIJST!$F$251=dropdowns!$C$75,VRAGENLIJST!$F$251=dropdowns!$D$75,VRAGENLIJST!$F$251=dropdowns!$E$75),OFFSET(VRAGENLIJST!$F$255,Liquiditeit!AF3*2-6,0),IF(OR(VRAGENLIJST!$F$251=dropdowns!$B$76,VRAGENLIJST!$F$251=dropdowns!$C$76,VRAGENLIJST!$F$251=dropdowns!$D$76,VRAGENLIJST!$F$251=dropdowns!$E$76),OFFSET(VRAGENLIJST!$F$255,Liquiditeit!AF3*2-8,0),0)))))) -> 0 | AG12: =IF(VRAGENLIJST!$F$251="",0,IF(OR(VRAGENLIJST!$F$251=dropdowns!$B$72,VRAGENLIJST!$F$251=dropdowns!$C$72,VRAGENLIJST!$F$251=dropdowns!$D$72,VRAGENLIJST!$F$251=dropdowns!$E$72),OFFSET(VRAGENLIJST!$F$255,(COLUMN(AG12)-COLUMN($F$12))*2,0),IF(OR(VRAGENLIJST!$F$251=dropdowns!$B$73,VRAGENLIJST!$F$251=dropdowns!$C$73,VRAGENLIJST!$F$251=dropdowns!$D$73,VRAGENLIJST!$F$251=dropdowns!$E$73),OFFSET(VRAGENLIJST!$F$255,Liquiditeit!AG3*2-4,0)*0.5+(OFFSET(VRAGENLIJST!$F$255,(COLUMN(AG12)-COLUMN($F$12))*2,0))*0.5,IF(OR(VRAGENLIJST!$F$251=dropdowns!$B$74,VRAGENLIJST!$F$251=dropdowns!$C$74,VRAGENLIJST!$F$251=dropdowns!$D$74,VRAGENLIJST!$F$251=dropdowns!$E$74),OFFSET(VRAGENLIJST!$F$255,Liquiditeit!AG3*2-4,0),IF(OR(VRAGENLIJST!$F$251=dropdowns!$B$75,VRAGENLIJST!$F$251=dropdowns!$C$75,VRAGENLIJST!$F$251=dropdowns!$D$75,VRAGENLIJST!$F$251=dropdowns!$E$75),OFFSET(VRAGENLIJST!$F$255,Liquiditeit!AG3*2-6,0),IF(OR(VRAGENLIJST!$F$251=dropdowns!$B$76,VRAGENLIJST!$F$251=dropdowns!$C$76,VRAGENLIJST!$F$251=dropdowns!$D$76,VRAGENLIJST!$F$251=dropdowns!$E$76),OFFSET(VRAGENLIJST!$F$255,Liquiditeit!AG3*2-8,0),0)))))) -> 0 | AH12: =IF(VRAGENLIJST!$F$251="",0,IF(OR(VRAGENLIJST!$F$251=dropdowns!$B$72,VRAGENLIJST!$F$251=dropdowns!$C$72,VRAGENLIJST!$F$251=dropdowns!$D$72,VRAGENLIJST!$F$251=dropdowns!$E$72),OFFSET(VRAGENLIJST!$F$255,(COLUMN(AH12)-COLUMN($F$12))*2,0),IF(OR(VRAGENLIJST!$F$251=dropdowns!$B$73,VRAGENLIJST!$F$251=dropdowns!$C$73,VRAGENLIJST!$F$251=dropdowns!$D$73,VRAGENLIJST!$F$251=dropdowns!$E$73),OFFSET(VRAGENLIJST!$F$255,Liquiditeit!AH3*2-4,0)*0.5+(OFFSET(VRAGENLIJST!$F$255,(COLUMN(AH12)-COLUMN($F$12))*2,0))*0.5,IF(OR(VRAGENLIJST!$F$251=dropdowns!$B$74,VRAGENLIJST!$F$251=dropdowns!$C$74,VRAGENLIJST!$F$251=dropdowns!$D$74,VRAGENLIJST!$F$251=dropdowns!$E$74),OFFSET(VRAGENLIJST!$F$255,Liquiditeit!AH3*2-4,0),IF(OR(VRAGENLIJST!$F$251=dropdowns!$B$75,VRAGENLIJST!$F$251=dropdowns!$C$75,VRAGENLIJST!$F$251=dropdowns!$D$75,VRAGENLIJST!$F$251=dropdowns!$E$75),OFFSET(VRAGENLIJST!$F$255,Liquiditeit!AH3*2-6,0),IF(OR(VRAGENLIJST!$F$251=dropdowns!$B$76,VRAGENLIJST!$F$251=dropdowns!$C$76,VRAGENLIJST!$F$251=dropdowns!$D$76,VRAGENLIJST!$F$251=dropdowns!$E$76),OFFSET(VRAGENLIJST!$F$255,Liquiditeit!AH3*2-8,0),0)))))) -> 0 | AI12: =IF(VRAGENLIJST!$F$251="",0,IF(OR(VRAGENLIJST!$F$251=dropdowns!$B$72,VRAGENLIJST!$F$251=dropdowns!$C$72,VRAGENLIJST!$F$251=dropdowns!$D$72,VRAGENLIJST!$F$251=dropdowns!$E$72),OFFSET(VRAGENLIJST!$F$255,(COLUMN(AI12)-COLUMN($F$12))*2,0),IF(OR(VRAGENLIJST!$F$251=dropdowns!$B$73,VRAGENLIJST!$F$251=dropdowns!$C$73,VRAGENLIJST!$F$251=dropdowns!$D$73,VRAGENLIJST!$F$251=dropdowns!$E$73),OFFSET(VRAGENLIJST!$F$255,Liquiditeit!AI3*2-4,0)*0.5+(OFFSET(VRAGENLIJST!$F$255,(COLUMN(AI12)-COLUMN($F$12))*2,0))*0.5,IF(OR(VRAGENLIJST!$F$251=dropdowns!$B$74,VRAGENLIJST!$F$251=dropdowns!$C$74,VRAGENLIJST!$F$251=dropdowns!$D$74,VRAGENLIJST!$F$251=dropdowns!$E$74),OFFSET(VRAGENLIJST!$F$255,Liquiditeit!AI3*2-4,0),IF(OR(VRAGENLIJST!$F$251=dropdowns!$B$75,VRAGENLIJST!$F$251=dropdowns!$C$75,VRAGENLIJST!$F$251=dropdowns!$D$75,VRAGENLIJST!$F$251=dropdowns!$E$75),OFFSET(VRAGENLIJST!$F$255,Liquiditeit!AI3*2-6,0),IF(OR(VRAGENLIJST!$F$251=dropdowns!$B$76,VRAGENLIJST!$F$251=dropdowns!$C$76,VRAGENLIJST!$F$251=dropdowns!$D$76,VRAGENLIJST!$F$251=dropdowns!$E$76),OFFSET(VRAGENLIJST!$F$255,Liquiditeit!AI3*2-8,0),0)))))) -> 0 | AJ12: =IF(VRAGENLIJST!$F$251="",0,IF(OR(VRAGENLIJST!$F$251=dropdowns!$B$72,VRAGENLIJST!$F$251=dropdowns!$C$72,VRAGENLIJST!$F$251=dropdowns!$D$72,VRAGENLIJST!$F$251=dropdowns!$E$72),OFFSET(VRAGENLIJST!$F$255,(COLUMN(AJ12)-COLUMN($F$12))*2,0),IF(OR(VRAGENLIJST!$F$251=dropdowns!$B$73,VRAGENLIJST!$F$251=dropdowns!$C$73,VRAGENLIJST!$F$251=dropdowns!$D$73,VRAGENLIJST!$F$251=dropdowns!$E$73),OFFSET(VRAGENLIJST!$F$255,Liquiditeit!AJ3*2-4,0)*0.5+(OFFSET(VRAGENLIJST!$F$255,(COLUMN(AJ12)-COLUMN($F$12))*2,0))*0.5,IF(OR(VRAGENLIJST!$F$251=dropdowns!$B$74,VRAGENLIJST!$F$251=dropdowns!$C$74,VRAGENLIJST!$F$251=dropdowns!$D$74,VRAGENLIJST!$F$251=dropdowns!$E$74),OFFSET(VRAGENLIJST!$F$255,Liquiditeit!AJ3*2-4,0),IF(OR(VRAGENLIJST!$F$251=dropdowns!$B$75,VRAGENLIJST!$F$251=dropdowns!$C$75,VRAGENLIJST!$F$251=dropdowns!$D$75,VRAGENLIJST!$F$251=dropdowns!$E$75),OFFSET(VRAGENLIJST!$F$255,Liquiditeit!AJ3*2-6,0),IF(OR(VRAGENLIJST!$F$251=dropdowns!$B$76,VRAGENLIJST!$F$251=dropdowns!$C$76,VRAGENLIJST!$F$251=dropdowns!$D$76,VRAGENLIJST!$F$251=dropdowns!$E$76),OFFSET(VRAGENLIJST!$F$255,Liquiditeit!AJ3*2-8,0),0)))))) -> 0 | AK12: =IF(VRAGENLIJST!$F$251="",0,IF(OR(VRAGENLIJST!$F$251=dropdowns!$B$72,VRAGENLIJST!$F$251=dropdowns!$C$72,VRAGENLIJST!$F$251=dropdowns!$D$72,VRAGENLIJST!$F$251=dropdowns!$E$72),OFFSET(VRAGENLIJST!$F$255,(COLUMN(AK12)-COLUMN($F$12))*2,0),IF(OR(VRAGENLIJST!$F$251=dropdowns!$B$73,VRAGENLIJST!$F$251=dropdowns!$C$73,VRAGENLIJST!$F$251=dropdowns!$D$73,VRAGENLIJST!$F$251=dropdowns!$E$73),OFFSET(VRAGENLIJST!$F$255,Liquiditeit!AK3*2-4,0)*0.5+(OFFSET(VRAGENLIJST!$F$255,(COLUMN(AK12)-COLUMN($F$12))*2,0))*0.5,IF(OR(VRAGENLIJST!$F$251=dropdowns!$B$74,VRAGENLIJST!$F$251=dropdowns!$C$74,VRAGENLIJST!$F$251=dropdowns!$D$74,VRAGENLIJST!$F$251=dropdowns!$E$74),OFFSET(VRAGENLIJST!$F$255,Liquiditeit!AK3*2-4,0),IF(OR(VRAGENLIJST!$F$251=dropdowns!$B$75,VRAGENLIJST!$F$251=dropdowns!$C$75,VRAGENLIJST!$F$251=dropdowns!$D$75,VRAGENLIJST!$F$251=dropdowns!$E$75),OFFSET(VRAGENLIJST!$F$255,Liquiditeit!AK3*2-6,0),IF(OR(VRAGENLIJST!$F$251=dropdowns!$B$76,VRAGENLIJST!$F$251=dropdowns!$C$76,VRAGENLIJST!$F$251=dropdowns!$D$76,VRAGENLIJST!$F$251=dropdowns!$E$76),OFFSET(VRAGENLIJST!$F$255,Liquiditeit!AK3*2-8,0),0)))))) -> 0 | ... AO12: =IF(VRAGENLIJST!$F$251="",0,IF(OR(VRAGENLIJST!$F$251=dropdowns!$B$72,VRAGENLIJST!$F$251=dropdowns!$C$72,VRAGENLIJST!$F$251=dropdowns!$D$72,VRAGENLIJST!$F$251=dropdowns!$E$72),OFFSET(VRAGENLIJST!$F$255,(COLUMN(AO12)-COLUMN($F$12))*2,0),IF(OR(VRAGENLIJST!$F$251=dropdowns!$B$73,VRAGENLIJST!$F$251=dropdowns!$C$73,VRAGENLIJST!$F$251=dropdowns!$D$73,VRAGENLIJST!$F$251=dropdowns!$E$73),OFFSET(VRAGENLIJST!$F$255,Liquiditeit!AO3*2-4,0)*0.5+(OFFSET(VRAGENLIJST!$F$255,(COLUMN(AO12)-COLUMN($F$12))*2,0))*0.5,IF(OR(VRAGENLIJST!$F$251=dropdowns!$B$74,VRAGENLIJST!$F$251=dropdowns!$C$74,VRAGENLIJST!$F$251=dropdowns!$D$74,VRAGENLIJST!$F$251=dropdowns!$E$74),OFFSET(VRAGENLIJST!$F$255,Liquiditeit!AO3*2-4,0),IF(OR(VRAGENLIJST!$F$251=dropdowns!$B$75,VRAGENLIJST!$F$251=dropdowns!$C$75,VRAGENLIJST!$F$251=dropdowns!$D$75,VRAGENLIJST!$F$251=dropdowns!$E$75),OFFSET(VRAGENLIJST!$F$255,Liquiditeit!AO3*2-6,0),IF(OR(VRAGENLIJST!$F$251=dropdowns!$B$76,VRAGENLIJST!$F$251=dropdowns!$C$76,VRAGENLIJST!$F$251=dropdowns!$D$76,VRAGENLIJST!$F$251=dropdowns!$E$76),OFFSET(VRAGENLIJST!$F$255,Liquiditeit!AO3*2-8,0),0)))))) -> 0 | AP12: =SUM(AD12:AO12) -> 0
B13: =Vertaling!A274 -> Omzet product 3 (excl. btw) | D13: =IF(VRAGENLIJST!$H$251="",0,IF(OR(VRAGENLIJST!$H$251=dropdowns!$B$72,VRAGENLIJST!$H$251=dropdowns!$C$72,VRAGENLIJST!$H$251=dropdowns!$D$72,VRAGENLIJST!$H$251=dropdowns!$E$72),VRAGENLIJST!$H$255,IF(OR(VRAGENLIJST!$H$251=dropdowns!$B$73,VRAGENLIJST!$H$251=dropdowns!$C$73,VRAGENLIJST!$H$251=dropdowns!$D$73,VRAGENLIJST!$H$251=dropdowns!$E$73),VRAGENLIJST!$H$255*0.5,0))) -> 0 | E13: =IF(VRAGENLIJST!$H$251="",0,IF(OR(VRAGENLIJST!$H$251=dropdowns!$B$72,VRAGENLIJST!$H$251=dropdowns!$C$72,VRAGENLIJST!$H$251=dropdowns!$D$72,VRAGENLIJST!$H$251=dropdowns!$E$72),OFFSET(VRAGENLIJST!$H$255,(COLUMN(E12)-COLUMN($D$12))*2,0),IF(OR(VRAGENLIJST!$H$251=dropdowns!$B$73,VRAGENLIJST!$H$251=dropdowns!$C$73,VRAGENLIJST!$H$251=dropdowns!$D$73,VRAGENLIJST!$H$251=dropdowns!$E$73),VRAGENLIJST!$H$255*0.5+(OFFSET(VRAGENLIJST!$H$255,(COLUMN(E12)-COLUMN($D$12))*2,0))*0.5,IF(OR(VRAGENLIJST!$H$251=dropdowns!$B$74,VRAGENLIJST!$H$251=dropdowns!$C$74,VRAGENLIJST!$H$251=dropdowns!$D$74,VRAGENLIJST!$H$251=dropdowns!$E$74),VRAGENLIJST!$H$255,0)))) -> 0 | F13: =IF(VRAGENLIJST!$H$251="",0,IF(OR(VRAGENLIJST!$H$251=dropdowns!$B$72,VRAGENLIJST!$H$251=dropdowns!$C$72,VRAGENLIJST!$H$251=dropdowns!$D$72,VRAGENLIJST!$H$251=dropdowns!$E$72),OFFSET(VRAGENLIJST!$H$255,(COLUMN(F12)-COLUMN($D$12))*2,0),IF(OR(VRAGENLIJST!$H$251=dropdowns!$B$73,VRAGENLIJST!$H$251=dropdowns!$C$73,VRAGENLIJST!$H$251=dropdowns!$D$73,VRAGENLIJST!$H$251=dropdowns!$E$73),OFFSET(VRAGENLIJST!$H$255,Liquiditeit!F3*2-4,0)*0.5+(OFFSET(VRAGENLIJST!$H$255,(COLUMN(F12)-COLUMN($D$12))*2,0))*0.5,IF(OR(VRAGENLIJST!$H$251=dropdowns!$B$74,VRAGENLIJST!$H$251=dropdowns!$C$74,VRAGENLIJST!$H$251=dropdowns!$D$74,VRAGENLIJST!$H$251=dropdowns!$E$74),OFFSET(VRAGENLIJST!$H$255,Liquiditeit!F3*2-4,0),IF(OR(VRAGENLIJST!$H$251=dropdowns!$B$75,VRAGENLIJST!$H$251=dropdowns!$C$75,VRAGENLIJST!$H$251=dropdowns!$D$75,VRAGENLIJST!$H$251=dropdowns!$E$75),VRAGENLIJST!$H$255,0))))) -> 0 | G13: =IF(VRAGENLIJST!$H$251="",0,IF(OR(VRAGENLIJST!$H$251=dropdowns!$B$72,VRAGENLIJST!$H$251=dropdowns!$C$72,VRAGENLIJST!$H$251=dropdowns!$D$72,VRAGENLIJST!$H$251=dropdowns!$E$72),OFFSET(VRAGENLIJST!$H$255,(COLUMN(G12)-COLUMN($D$12))*2,0),IF(OR(VRAGENLIJST!$H$251=dropdowns!$B$73,VRAGENLIJST!$H$251=dropdowns!$C$73,VRAGENLIJST!$H$251=dropdowns!$D$73,VRAGENLIJST!$H$251=dropdowns!$E$73),OFFSET(VRAGENLIJST!$H$255,Liquiditeit!G3*2-4,0)*0.5+(OFFSET(VRAGENLIJST!$H$255,(COLUMN(G12)-COLUMN($D$12))*2,0))*0.5,IF(OR(VRAGENLIJST!$H$251=dropdowns!$B$74,VRAGENLIJST!$H$251=dropdowns!$C$74,VRAGENLIJST!$H$251=dropdowns!$D$74,VRAGENLIJST!$H$251=dropdowns!$E$74),OFFSET(VRAGENLIJST!$H$255,Liquiditeit!G3*2-4,0),IF(OR(VRAGENLIJST!$H$251=dropdowns!$B$75,VRAGENLIJST!$H$251=dropdowns!$C$75,VRAGENLIJST!$H$251=dropdowns!$D$75,VRAGENLIJST!$H$251=dropdowns!$E$75),OFFSET(VRAGENLIJST!$H$255,Liquiditeit!G3*2-6,0),IF(OR(VRAGENLIJST!$H$251=dropdowns!$B$76,VRAGENLIJST!$H$251=dropdowns!$C$76,VRAGENLIJST!$H$251=dropdowns!$D$76,VRAGENLIJST!$H$251=dropdowns!$E$76),VRAGENLIJST!$H$255,0)))))) -> 0 | H13: =IF(VRAGENLIJST!$H$251="",0,IF(OR(VRAGENLIJST!$H$251=dropdowns!$B$72,VRAGENLIJST!$H$251=dropdowns!$C$72,VRAGENLIJST!$H$251=dropdowns!$D$72,VRAGENLIJST!$H$251=dropdowns!$E$72),OFFSET(VRAGENLIJST!$H$255,(COLUMN(H12)-COLUMN($D$12))*2,0),IF(OR(VRAGENLIJST!$H$251=dropdowns!$B$73,VRAGENLIJST!$H$251=dropdowns!$C$73,VRAGENLIJST!$H$251=dropdowns!$D$73,VRAGENLIJST!$H$251=dropdowns!$E$73),OFFSET(VRAGENLIJST!$H$255,Liquiditeit!H3*2-4,0)*0.5+(OFFSET(VRAGENLIJST!$H$255,(COLUMN(H12)-COLUMN($D$12))*2,0))*0.5,IF(OR(VRAGENLIJST!$H$251=dropdowns!$B$74,VRAGENLIJST!$H$251=dropdowns!$C$74,VRAGENLIJST!$H$251=dropdowns!$D$74,VRAGENLIJST!$H$251=dropdowns!$E$74),OFFSET(VRAGENLIJST!$H$255,Liquiditeit!H3*2-4,0),IF(OR(VRAGENLIJST!$H$251=dropdowns!$B$75,VRAGENLIJST!$H$251=dropdowns!$C$75,VRAGENLIJST!$H$251=dropdowns!$D$75,VRAGENLIJST!$H$251=dropdowns!$E$75),OFFSET(VRAGENLIJST!$H$255,Liquiditeit!H3*2-6,0),IF(OR(VRAGENLIJST!$H$251=dropdowns!$B$76,VRAGENLIJST!$H$251=dropdowns!$C$76,VRAGENLIJST!$H$251=dropdowns!$D$76,VRAGENLIJST!$H$251=dropdowns!$E$76),OFFSET(VRAGENLIJST!$H$255,Liquiditeit!H3*2-8,0),0)))))) -> 0 | I13: =IF(VRAGENLIJST!$H$251="",0,IF(OR(VRAGENLIJST!$H$251=dropdowns!$B$72,VRAGENLIJST!$H$251=dropdowns!$C$72,VRAGENLIJST!$H$251=dropdowns!$D$72,VRAGENLIJST!$H$251=dropdowns!$E$72),OFFSET(VRAGENLIJST!$H$255,(COLUMN(I12)-COLUMN($D$12))*2,0),IF(OR(VRAGENLIJST!$H$251=dropdowns!$B$73,VRAGENLIJST!$H$251=dropdowns!$C$73,VRAGENLIJST!$H$251=dropdowns!$D$73,VRAGENLIJST!$H$251=dropdowns!$E$73),OFFSET(VRAGENLIJST!$H$255,Liquiditeit!I3*2-4,0)*0.5+(OFFSET(VRAGENLIJST!$H$255,(COLUMN(I12)-COLUMN($D$12))*2,0))*0.5,IF(OR(VRAGENLIJST!$H$251=dropdowns!$B$74,VRAGENLIJST!$H$251=dropdowns!$C$74,VRAGENLIJST!$H$251=dropdowns!$D$74,VRAGENLIJST!$H$251=dropdowns!$E$74),OFFSET(VRAGENLIJST!$H$255,Liquiditeit!I3*2-4,0),IF(OR(VRAGENLIJST!$H$251=dropdowns!$B$75,VRAGENLIJST!$H$251=dropdowns!$C$75,VRAGENLIJST!$H$251=dropdowns!$D$75,VRAGENLIJST!$H$251=dropdowns!$E$75),OFFSET(VRAGENLIJST!$H$255,Liquiditeit!I3*2-6,0),IF(OR(VRAGENLIJST!$H$251=dropdowns!$B$76,VRAGENLIJST!$H$251=dropdowns!$C$76,VRAGENLIJST!$H$251=dropdowns!$D$76,VRAGENLIJST!$H$251=dropdowns!$E$76),OFFSET(VRAGENLIJST!$H$255,Liquiditeit!I3*2-8,0),0)))))) -> 0 | J13: =IF(VRAGENLIJST!$H$251="",0,IF(OR(VRAGENLIJST!$H$251=dropdowns!$B$72,VRAGENLIJST!$H$251=dropdowns!$C$72,VRAGENLIJST!$H$251=dropdowns!$D$72,VRAGENLIJST!$H$251=dropdowns!$E$72),OFFSET(VRAGENLIJST!$H$255,(COLUMN(J12)-COLUMN($D$12))*2,0),IF(OR(VRAGENLIJST!$H$251=dropdowns!$B$73,VRAGENLIJST!$H$251=dropdowns!$C$73,VRAGENLIJST!$H$251=dropdowns!$D$73,VRAGENLIJST!$H$251=dropdowns!$E$73),OFFSET(VRAGENLIJST!$H$255,Liquiditeit!J3*2-4,0)*0.5+(OFFSET(VRAGENLIJST!$H$255,(COLUMN(J12)-COLUMN($D$12))*2,0))*0.5,IF(OR(VRAGENLIJST!$H$251=dropdowns!$B$74,VRAGENLIJST!$H$251=dropdowns!$C$74,VRAGENLIJST!$H$251=dropdowns!$D$74,VRAGENLIJST!$H$251=dropdowns!$E$74),OFFSET(VRAGENLIJST!$H$255,Liquiditeit!J3*2-4,0),IF(OR(VRAGENLIJST!$H$251=dropdowns!$B$75,VRAGENLIJST!$H$251=dropdowns!$C$75,VRAGENLIJST!$H$251=dropdowns!$D$75,VRAGENLIJST!$H$251=dropdowns!$E$75),OFFSET(VRAGENLIJST!$H$255,Liquiditeit!J3*2-6,0),IF(OR(VRAGENLIJST!$H$251=dropdowns!$B$76,VRAGENLIJST!$H$251=dropdowns!$C$76,VRAGENLIJST!$H$251=dropdowns!$D$76,VRAGENLIJST!$H$251=dropdowns!$E$76),OFFSET(VRAGENLIJST!$H$255,Liquiditeit!J3*2-8,0),0)))))) -> 0 | K13: =IF(VRAGENLIJST!$H$251="",0,IF(OR(VRAGENLIJST!$H$251=dropdowns!$B$72,VRAGENLIJST!$H$251=dropdowns!$C$72,VRAGENLIJST!$H$251=dropdowns!$D$72,VRAGENLIJST!$H$251=dropdowns!$E$72),OFFSET(VRAGENLIJST!$H$255,(COLUMN(K12)-COLUMN($D$12))*2,0),IF(OR(VRAGENLIJST!$H$251=dropdowns!$B$73,VRAGENLIJST!$H$251=dropdowns!$C$73,VRAGENLIJST!$H$251=dropdowns!$D$73,VRAGENLIJST!$H$251=dropdowns!$E$73),OFFSET(VRAGENLIJST!$H$255,Liquiditeit!K3*2-4,0)*0.5+(OFFSET(VRAGENLIJST!$H$255,(COLUMN(K12)-COLUMN($D$12))*2,0))*0.5,IF(OR(VRAGENLIJST!$H$251=dropdowns!$B$74,VRAGENLIJST!$H$251=dropdowns!$C$74,VRAGENLIJST!$H$251=dropdowns!$D$74,VRAGENLIJST!$H$251=dropdowns!$E$74),OFFSET(VRAGENLIJST!$H$255,Liquiditeit!K3*2-4,0),IF(OR(VRAGENLIJST!$H$251=dropdowns!$B$75,VRAGENLIJST!$H$251=dropdowns!$C$75,VRAGENLIJST!$H$251=dropdowns!$D$75,VRAGENLIJST!$H$251=dropdowns!$E$75),OFFSET(VRAGENLIJST!$H$255,Liquiditeit!K3*2-6,0),IF(OR(VRAGENLIJST!$H$251=dropdowns!$B$76,VRAGENLIJST!$H$251=dropdowns!$C$76,VRAGENLIJST!$H$251=dropdowns!$D$76,VRAGENLIJST!$H$251=dropdowns!$E$76),OFFSET(VRAGENLIJST!$H$255,Liquiditeit!K3*2-8,0),0)))))) -> 0 | L13: =IF(VRAGENLIJST!$H$251="",0,IF(OR(VRAGENLIJST!$H$251=dropdowns!$B$72,VRAGENLIJST!$H$251=dropdowns!$C$72,VRAGENLIJST!$H$251=dropdowns!$D$72,VRAGENLIJST!$H$251=dropdowns!$E$72),OFFSET(VRAGENLIJST!$H$255,(COLUMN(L12)-COLUMN($D$12))*2,0),IF(OR(VRAGENLIJST!$H$251=dropdowns!$B$73,VRAGENLIJST!$H$251=dropdowns!$C$73,VRAGENLIJST!$H$251=dropdowns!$D$73,VRAGENLIJST!$H$251=dropdowns!$E$73),OFFSET(VRAGENLIJST!$H$255,Liquiditeit!L3*2-4,0)*0.5+(OFFSET(VRAGENLIJST!$H$255,(COLUMN(L12)-COLUMN($D$12))*2,0))*0.5,IF(OR(VRAGENLIJST!$H$251=dropdowns!$B$74,VRAGENLIJST!$H$251=dropdowns!$C$74,VRAGENLIJST!$H$251=dropdowns!$D$74,VRAGENLIJST!$H$251=dropdowns!$E$74),OFFSET(VRAGENLIJST!$H$255,Liquiditeit!L3*2-4,0),IF(OR(VRAGENLIJST!$H$251=dropdowns!$B$75,VRAGENLIJST!$H$251=dropdowns!$C$75,VRAGENLIJST!$H$251=dropdowns!$D$75,VRAGENLIJST!$H$251=dropdowns!$E$75),OFFSET(VRAGENLIJST!$H$255,Liquiditeit!L3*2-6,0),IF(OR(VRAGENLIJST!$H$251=dropdowns!$B$76,VRAGENLIJST!$H$251=dropdowns!$C$76,VRAGENLIJST!$H$251=dropdowns!$D$76,VRAGENLIJST!$H$251=dropdowns!$E$76),OFFSET(VRAGENLIJST!$H$255,Liquiditeit!L3*2-8,0),0)))))) -> 0 | M13: =IF(VRAGENLIJST!$H$251="",0,IF(OR(VRAGENLIJST!$H$251=dropdowns!$B$72,VRAGENLIJST!$H$251=dropdowns!$C$72,VRAGENLIJST!$H$251=dropdowns!$D$72,VRAGENLIJST!$H$251=dropdowns!$E$72),OFFSET(VRAGENLIJST!$H$255,(COLUMN(M12)-COLUMN($D$12))*2,0),IF(OR(VRAGENLIJST!$H$251=dropdowns!$B$73,VRAGENLIJST!$H$251=dropdowns!$C$73,VRAGENLIJST!$H$251=dropdowns!$D$73,VRAGENLIJST!$H$251=dropdowns!$E$73),OFFSET(VRAGENLIJST!$H$255,Liquiditeit!M3*2-4,0)*0.5+(OFFSET(VRAGENLIJST!$H$255,(COLUMN(M12)-COLUMN($D$12))*2,0))*0.5,IF(OR(VRAGENLIJST!$H$251=dropdowns!$B$74,VRAGENLIJST!$H$251=dropdowns!$C$74,VRAGENLIJST!$H$251=dropdowns!$D$74,VRAGENLIJST!$H$251=dropdowns!$E$74),OFFSET(VRAGENLIJST!$H$255,Liquiditeit!M3*2-4,0),IF(OR(VRAGENLIJST!$H$251=dropdowns!$B$75,VRAGENLIJST!$H$251=dropdowns!$C$75,VRAGENLIJST!$H$251=dropdowns!$D$75,VRAGENLIJST!$H$251=dropdowns!$E$75),OFFSET(VRAGENLIJST!$H$255,Liquiditeit!M3*2-6,0),IF(OR(VRAGENLIJST!$H$251=dropdowns!$B$76,VRAGENLIJST!$H$251=dropdowns!$C$76,VRAGENLIJST!$H$251=dropdowns!$D$76,VRAGENLIJST!$H$251=dropdowns!$E$76),OFFSET(VRAGENLIJST!$H$255,Liquiditeit!M3*2-8,0),0)))))) -> 0 | N13: =IF(VRAGENLIJST!$H$251="",0,IF(OR(VRAGENLIJST!$H$251=dropdowns!$B$72,VRAGENLIJST!$H$251=dropdowns!$C$72,VRAGENLIJST!$H$251=dropdowns!$D$72,VRAGENLIJST!$H$251=dropdowns!$E$72),OFFSET(VRAGENLIJST!$H$255,(COLUMN(N12)-COLUMN($D$12))*2,0),IF(OR(VRAGENLIJST!$H$251=dropdowns!$B$73,VRAGENLIJST!$H$251=dropdowns!$C$73,VRAGENLIJST!$H$251=dropdowns!$D$73,VRAGENLIJST!$H$251=dropdowns!$E$73),OFFSET(VRAGENLIJST!$H$255,Liquiditeit!N3*2-4,0)*0.5+(OFFSET(VRAGENLIJST!$H$255,(COLUMN(N12)-COLUMN($D$12))*2,0))*0.5,IF(OR(VRAGENLIJST!$H$251=dropdowns!$B$74,VRAGENLIJST!$H$251=dropdowns!$C$74,VRAGENLIJST!$H$251=dropdowns!$D$74,VRAGENLIJST!$H$251=dropdowns!$E$74),OFFSET(VRAGENLIJST!$H$255,Liquiditeit!N3*2-4,0),IF(OR(VRAGENLIJST!$H$251=dropdowns!$B$75,VRAGENLIJST!$H$251=dropdowns!$C$75,VRAGENLIJST!$H$251=dropdowns!$D$75,VRAGENLIJST!$H$251=dropdowns!$E$75),OFFSET(VRAGENLIJST!$H$255,Liquiditeit!N3*2-6,0),IF(OR(VRAGENLIJST!$H$251=dropdowns!$B$76,VRAGENLIJST!$H$251=dropdowns!$C$76,VRAGENLIJST!$H$251=dropdowns!$D$76,VRAGENLIJST!$H$251=dropdowns!$E$76),OFFSET(VRAGENLIJST!$H$255,Liquiditeit!N3*2-8,0),0)))))) -> 0 | O13: =IF(VRAGENLIJST!$H$251="",0,IF(OR(VRAGENLIJST!$H$251=dropdowns!$B$72,VRAGENLIJST!$H$251=dropdowns!$C$72,VRAGENLIJST!$H$251=dropdowns!$D$72,VRAGENLIJST!$H$251=dropdowns!$E$72),OFFSET(VRAGENLIJST!$H$255,(COLUMN(O12)-COLUMN($D$12))*2,0),IF(OR(VRAGENLIJST!$H$251=dropdowns!$B$73,VRAGENLIJST!$H$251=dropdowns!$C$73,VRAGENLIJST!$H$251=dropdowns!$D$73,VRAGENLIJST!$H$251=dropdowns!$E$73),OFFSET(VRAGENLIJST!$H$255,Liquiditeit!O3*2-4,0)*0.5+(OFFSET(VRAGENLIJST!$H$255,(COLUMN(O12)-COLUMN($D$12))*2,0))*0.5,IF(OR(VRAGENLIJST!$H$251=dropdowns!$B$74,VRAGENLIJST!$H$251=dropdowns!$C$74,VRAGENLIJST!$H$251=dropdowns!$D$74,VRAGENLIJST!$H$251=dropdowns!$E$74),OFFSET(VRAGENLIJST!$H$255,Liquiditeit!O3*2-4,0),IF(OR(VRAGENLIJST!$H$251=dropdowns!$B$75,VRAGENLIJST!$H$251=dropdowns!$C$75,VRAGENLIJST!$H$251=dropdowns!$D$75,VRAGENLIJST!$H$251=dropdowns!$E$75),OFFSET(VRAGENLIJST!$H$255,Liquiditeit!O3*2-6,0),IF(OR(VRAGENLIJST!$H$251=dropdowns!$B$76,VRAGENLIJST!$H$251=dropdowns!$C$76,VRAGENLIJST!$H$251=dropdowns!$D$76,VRAGENLIJST!$H$251=dropdowns!$E$76),OFFSET(VRAGENLIJST!$H$255,Liquiditeit!O3*2-8,0),0)))))) -> 0 | P13: =SUM(D13:O13) -> 0 | Q13: =IF(VRAGENLIJST!$H$251="",0,IF(OR(VRAGENLIJST!$H$251=dropdowns!$B$72,VRAGENLIJST!$H$251=dropdowns!$C$72,VRAGENLIJST!$H$251=dropdowns!$D$72,VRAGENLIJST!$H$251=dropdowns!$E$72),OFFSET(VRAGENLIJST!$H$255,(COLUMN(Q12)-COLUMN($E$12))*2,0),IF(OR(VRAGENLIJST!$H$251=dropdowns!$B$73,VRAGENLIJST!$H$251=dropdowns!$C$73,VRAGENLIJST!$H$251=dropdowns!$D$73,VRAGENLIJST!$H$251=dropdowns!$E$73),OFFSET(VRAGENLIJST!$H$255,Liquiditeit!Q3*2-4,0)*0.5+(OFFSET(VRAGENLIJST!$H$255,(COLUMN(Q12)-COLUMN($E$12))*2,0))*0.5,IF(OR(VRAGENLIJST!$H$251=dropdowns!$B$74,VRAGENLIJST!$H$251=dropdowns!$C$74,VRAGENLIJST!$H$251=dropdowns!$D$74,VRAGENLIJST!$H$251=dropdowns!$E$74),OFFSET(VRAGENLIJST!$H$255,Liquiditeit!Q3*2-4,0),IF(OR(VRAGENLIJST!$H$251=dropdowns!$B$75,VRAGENLIJST!$H$251=dropdowns!$C$75,VRAGENLIJST!$H$251=dropdowns!$D$75,VRAGENLIJST!$H$251=dropdowns!$E$75),OFFSET(VRAGENLIJST!$H$255,Liquiditeit!Q3*2-6,0),IF(OR(VRAGENLIJST!$H$251=dropdowns!$B$76,VRAGENLIJST!$H$251=dropdowns!$C$76,VRAGENLIJST!$H$251=dropdowns!$D$76,VRAGENLIJST!$H$251=dropdowns!$E$76),OFFSET(VRAGENLIJST!$H$255,Liquiditeit!Q3*2-8,0),0)))))) -> 0 | R13: =IF(VRAGENLIJST!$H$251="",0,IF(OR(VRAGENLIJST!$H$251=dropdowns!$B$72,VRAGENLIJST!$H$251=dropdowns!$C$72,VRAGENLIJST!$H$251=dropdowns!$D$72,VRAGENLIJST!$H$251=dropdowns!$E$72),OFFSET(VRAGENLIJST!$H$255,(COLUMN(R12)-COLUMN($E$12))*2,0),IF(OR(VRAGENLIJST!$H$251=dropdowns!$B$73,VRAGENLIJST!$H$251=dropdowns!$C$73,VRAGENLIJST!$H$251=dropdowns!$D$73,VRAGENLIJST!$H$251=dropdowns!$E$73),OFFSET(VRAGENLIJST!$H$255,Liquiditeit!R3*2-4,0)*0.5+(OFFSET(VRAGENLIJST!$H$255,(COLUMN(R12)-COLUMN($E$12))*2,0))*0.5,IF(OR(VRAGENLIJST!$H$251=dropdowns!$B$74,VRAGENLIJST!$H$251=dropdowns!$C$74,VRAGENLIJST!$H$251=dropdowns!$D$74,VRAGENLIJST!$H$251=dropdowns!$E$74),OFFSET(VRAGENLIJST!$H$255,Liquiditeit!R3*2-4,0),IF(OR(VRAGENLIJST!$H$251=dropdowns!$B$75,VRAGENLIJST!$H$251=dropdowns!$C$75,VRAGENLIJST!$H$251=dropdowns!$D$75,VRAGENLIJST!$H$251=dropdowns!$E$75),OFFSET(VRAGENLIJST!$H$255,Liquiditeit!R3*2-6,0),IF(OR(VRAGENLIJST!$H$251=dropdowns!$B$76,VRAGENLIJST!$H$251=dropdowns!$C$76,VRAGENLIJST!$H$251=dropdowns!$D$76,VRAGENLIJST!$H$251=dropdowns!$E$76),OFFSET(VRAGENLIJST!$H$255,Liquiditeit!R3*2-8,0),0)))))) -> 0 | S13: =IF(VRAGENLIJST!$H$251="",0,IF(OR(VRAGENLIJST!$H$251=dropdowns!$B$72,VRAGENLIJST!$H$251=dropdowns!$C$72,VRAGENLIJST!$H$251=dropdowns!$D$72,VRAGENLIJST!$H$251=dropdowns!$E$72),OFFSET(VRAGENLIJST!$H$255,(COLUMN(S12)-COLUMN($E$12))*2,0),IF(OR(VRAGENLIJST!$H$251=dropdowns!$B$73,VRAGENLIJST!$H$251=dropdowns!$C$73,VRAGENLIJST!$H$251=dropdowns!$D$73,VRAGENLIJST!$H$251=dropdowns!$E$73),OFFSET(VRAGENLIJST!$H$255,Liquiditeit!S3*2-4,0)*0.5+(OFFSET(VRAGENLIJST!$H$255,(COLUMN(S12)-COLUMN($E$12))*2,0))*0.5,IF(OR(VRAGENLIJST!$H$251=dropdowns!$B$74,VRAGENLIJST!$H$251=dropdowns!$C$74,VRAGENLIJST!$H$251=dropdowns!$D$74,VRAGENLIJST!$H$251=dropdowns!$E$74),OFFSET(VRAGENLIJST!$H$255,Liquiditeit!S3*2-4,0),IF(OR(VRAGENLIJST!$H$251=dropdowns!$B$75,VRAGENLIJST!$H$251=dropdowns!$C$75,VRAGENLIJST!$H$251=dropdowns!$D$75,VRAGENLIJST!$H$251=dropdowns!$E$75),OFFSET(VRAGENLIJST!$H$255,Liquiditeit!S3*2-6,0),IF(OR(VRAGENLIJST!$H$251=dropdowns!$B$76,VRAGENLIJST!$H$251=dropdowns!$C$76,VRAGENLIJST!$H$251=dropdowns!$D$76,VRAGENLIJST!$H$251=dropdowns!$E$76),OFFSET(VRAGENLIJST!$H$255,Liquiditeit!S3*2-8,0),0)))))) -> 0 | T13: =IF(VRAGENLIJST!$H$251="",0,IF(OR(VRAGENLIJST!$H$251=dropdowns!$B$72,VRAGENLIJST!$H$251=dropdowns!$C$72,VRAGENLIJST!$H$251=dropdowns!$D$72,VRAGENLIJST!$H$251=dropdowns!$E$72),OFFSET(VRAGENLIJST!$H$255,(COLUMN(T12)-COLUMN($E$12))*2,0),IF(OR(VRAGENLIJST!$H$251=dropdowns!$B$73,VRAGENLIJST!$H$251=dropdowns!$C$73,VRAGENLIJST!$H$251=dropdowns!$D$73,VRAGENLIJST!$H$251=dropdowns!$E$73),OFFSET(VRAGENLIJST!$H$255,Liquiditeit!T3*2-4,0)*0.5+(OFFSET(VRAGENLIJST!$H$255,(COLUMN(T12)-COLUMN($E$12))*2,0))*0.5,IF(OR(VRAGENLIJST!$H$251=dropdowns!$B$74,VRAGENLIJST!$H$251=dropdowns!$C$74,VRAGENLIJST!$H$251=dropdowns!$D$74,VRAGENLIJST!$H$251=dropdowns!$E$74),OFFSET(VRAGENLIJST!$H$255,Liquiditeit!T3*2-4,0),IF(OR(VRAGENLIJST!$H$251=dropdowns!$B$75,VRAGENLIJST!$H$251=dropdowns!$C$75,VRAGENLIJST!$H$251=dropdowns!$D$75,VRAGENLIJST!$H$251=dropdowns!$E$75),OFFSET(VRAGENLIJST!$H$255,Liquiditeit!T3*2-6,0),IF(OR(VRAGENLIJST!$H$251=dropdowns!$B$76,VRAGENLIJST!$H$251=dropdowns!$C$76,VRAGENLIJST!$H$251=dropdowns!$D$76,VRAGENLIJST!$H$251=dropdowns!$E$76),OFFSET(VRAGENLIJST!$H$255,Liquiditeit!T3*2-8,0),0)))))) -> 0 | U13: =IF(VRAGENLIJST!$H$251="",0,IF(OR(VRAGENLIJST!$H$251=dropdowns!$B$72,VRAGENLIJST!$H$251=dropdowns!$C$72,VRAGENLIJST!$H$251=dropdowns!$D$72,VRAGENLIJST!$H$251=dropdowns!$E$72),OFFSET(VRAGENLIJST!$H$255,(COLUMN(U12)-COLUMN($E$12))*2,0),IF(OR(VRAGENLIJST!$H$251=dropdowns!$B$73,VRAGENLIJST!$H$251=dropdowns!$C$73,VRAGENLIJST!$H$251=dropdowns!$D$73,VRAGENLIJST!$H$251=dropdowns!$E$73),OFFSET(VRAGENLIJST!$H$255,Liquiditeit!U3*2-4,0)*0.5+(OFFSET(VRAGENLIJST!$H$255,(COLUMN(U12)-COLUMN($E$12))*2,0))*0.5,IF(OR(VRAGENLIJST!$H$251=dropdowns!$B$74,VRAGENLIJST!$H$251=dropdowns!$C$74,VRAGENLIJST!$H$251=dropdowns!$D$74,VRAGENLIJST!$H$251=dropdowns!$E$74),OFFSET(VRAGENLIJST!$H$255,Liquiditeit!U3*2-4,0),IF(OR(VRAGENLIJST!$H$251=dropdowns!$B$75,VRAGENLIJST!$H$251=dropdowns!$C$75,VRAGENLIJST!$H$251=dropdowns!$D$75,VRAGENLIJST!$H$251=dropdowns!$E$75),OFFSET(VRAGENLIJST!$H$255,Liquiditeit!U3*2-6,0),IF(OR(VRAGENLIJST!$H$251=dropdowns!$B$76,VRAGENLIJST!$H$251=dropdowns!$C$76,VRAGENLIJST!$H$251=dropdowns!$D$76,VRAGENLIJST!$H$251=dropdowns!$E$76),OFFSET(VRAGENLIJST!$H$255,Liquiditeit!U3*2-8,0),0)))))) -> 0 | V13: =IF(VRAGENLIJST!$H$251="",0,IF(OR(VRAGENLIJST!$H$251=dropdowns!$B$72,VRAGENLIJST!$H$251=dropdowns!$C$72,VRAGENLIJST!$H$251=dropdowns!$D$72,VRAGENLIJST!$H$251=dropdowns!$E$72),OFFSET(VRAGENLIJST!$H$255,(COLUMN(V12)-COLUMN($E$12))*2,0),IF(OR(VRAGENLIJST!$H$251=dropdowns!$B$73,VRAGENLIJST!$H$251=dropdowns!$C$73,VRAGENLIJST!$H$251=dropdowns!$D$73,VRAGENLIJST!$H$251=dropdowns!$E$73),OFFSET(VRAGENLIJST!$H$255,Liquiditeit!V3*2-4,0)*0.5+(OFFSET(VRAGENLIJST!$H$255,(COLUMN(V12)-COLUMN($E$12))*2,0))*0.5,IF(OR(VRAGENLIJST!$H$251=dropdowns!$B$74,VRAGENLIJST!$H$251=dropdowns!$C$74,VRAGENLIJST!$H$251=dropdowns!$D$74,VRAGENLIJST!$H$251=dropdowns!$E$74),OFFSET(VRAGENLIJST!$H$255,Liquiditeit!V3*2-4,0),IF(OR(VRAGENLIJST!$H$251=dropdowns!$B$75,VRAGENLIJST!$H$251=dropdowns!$C$75,VRAGENLIJST!$H$251=dropdowns!$D$75,VRAGENLIJST!$H$251=dropdowns!$E$75),OFFSET(VRAGENLIJST!$H$255,Liquiditeit!V3*2-6,0),IF(OR(VRAGENLIJST!$H$251=dropdowns!$B$76,VRAGENLIJST!$H$251=dropdowns!$C$76,VRAGENLIJST!$H$251=dropdowns!$D$76,VRAGENLIJST!$H$251=dropdowns!$E$76),OFFSET(VRAGENLIJST!$H$255,Liquiditeit!V3*2-8,0),0)))))) -> 0 | W13: =IF(VRAGENLIJST!$H$251="",0,IF(OR(VRAGENLIJST!$H$251=dropdowns!$B$72,VRAGENLIJST!$H$251=dropdowns!$C$72,VRAGENLIJST!$H$251=dropdowns!$D$72,VRAGENLIJST!$H$251=dropdowns!$E$72),OFFSET(VRAGENLIJST!$H$255,(COLUMN(W12)-COLUMN($E$12))*2,0),IF(OR(VRAGENLIJST!$H$251=dropdowns!$B$73,VRAGENLIJST!$H$251=dropdowns!$C$73,VRAGENLIJST!$H$251=dropdowns!$D$73,VRAGENLIJST!$H$251=dropdowns!$E$73),OFFSET(VRAGENLIJST!$H$255,Liquiditeit!W3*2-4,0)*0.5+(OFFSET(VRAGENLIJST!$H$255,(COLUMN(W12)-COLUMN($E$12))*2,0))*0.5,IF(OR(VRAGENLIJST!$H$251=dropdowns!$B$74,VRAGENLIJST!$H$251=dropdowns!$C$74,VRAGENLIJST!$H$251=dropdowns!$D$74,VRAGENLIJST!$H$251=dropdowns!$E$74),OFFSET(VRAGENLIJST!$H$255,Liquiditeit!W3*2-4,0),IF(OR(VRAGENLIJST!$H$251=dropdowns!$B$75,VRAGENLIJST!$H$251=dropdowns!$C$75,VRAGENLIJST!$H$251=dropdowns!$D$75,VRAGENLIJST!$H$251=dropdowns!$E$75),OFFSET(VRAGENLIJST!$H$255,Liquiditeit!W3*2-6,0),IF(OR(VRAGENLIJST!$H$251=dropdowns!$B$76,VRAGENLIJST!$H$251=dropdowns!$C$76,VRAGENLIJST!$H$251=dropdowns!$D$76,VRAGENLIJST!$H$251=dropdowns!$E$76),OFFSET(VRAGENLIJST!$H$255,Liquiditeit!W3*2-8,0),0)))))) -> 0 | X13: =IF(VRAGENLIJST!$H$251="",0,IF(OR(VRAGENLIJST!$H$251=dropdowns!$B$72,VRAGENLIJST!$H$251=dropdowns!$C$72,VRAGENLIJST!$H$251=dropdowns!$D$72,VRAGENLIJST!$H$251=dropdowns!$E$72),OFFSET(VRAGENLIJST!$H$255,(COLUMN(X12)-COLUMN($E$12))*2,0),IF(OR(VRAGENLIJST!$H$251=dropdowns!$B$73,VRAGENLIJST!$H$251=dropdowns!$C$73,VRAGENLIJST!$H$251=dropdowns!$D$73,VRAGENLIJST!$H$251=dropdowns!$E$73),OFFSET(VRAGENLIJST!$H$255,Liquiditeit!X3*2-4,0)*0.5+(OFFSET(VRAGENLIJST!$H$255,(COLUMN(X12)-COLUMN($E$12))*2,0))*0.5,IF(OR(VRAGENLIJST!$H$251=dropdowns!$B$74,VRAGENLIJST!$H$251=dropdowns!$C$74,VRAGENLIJST!$H$251=dropdowns!$D$74,VRAGENLIJST!$H$251=dropdowns!$E$74),OFFSET(VRAGENLIJST!$H$255,Liquiditeit!X3*2-4,0),IF(OR(VRAGENLIJST!$H$251=dropdowns!$B$75,VRAGENLIJST!$H$251=dropdowns!$C$75,VRAGENLIJST!$H$251=dropdowns!$D$75,VRAGENLIJST!$H$251=dropdowns!$E$75),OFFSET(VRAGENLIJST!$H$255,Liquiditeit!X3*2-6,0),IF(OR(VRAGENLIJST!$H$251=dropdowns!$B$76,VRAGENLIJST!$H$251=dropdowns!$C$76,VRAGENLIJST!$H$251=dropdowns!$D$76,VRAGENLIJST!$H$251=dropdowns!$E$76),OFFSET(VRAGENLIJST!$H$255,Liquiditeit!X3*2-8,0),0)))))) -> 0 | ... AB13: =IF(VRAGENLIJST!$H$251="",0,IF(OR(VRAGENLIJST!$H$251=dropdowns!$B$72,VRAGENLIJST!$H$251=dropdowns!$C$72,VRAGENLIJST!$H$251=dropdowns!$D$72,VRAGENLIJST!$H$251=dropdowns!$E$72),OFFSET(VRAGENLIJST!$H$255,(COLUMN(AB12)-COLUMN($E$12))*2,0),IF(OR(VRAGENLIJST!$H$251=dropdowns!$B$73,VRAGENLIJST!$H$251=dropdowns!$C$73,VRAGENLIJST!$H$251=dropdowns!$D$73,VRAGENLIJST!$H$251=dropdowns!$E$73),OFFSET(VRAGENLIJST!$H$255,Liquiditeit!AB3*2-4,0)*0.5+(OFFSET(VRAGENLIJST!$H$255,(COLUMN(AB12)-COLUMN($E$12))*2,0))*0.5,IF(OR(VRAGENLIJST!$H$251=dropdowns!$B$74,VRAGENLIJST!$H$251=dropdowns!$C$74,VRAGENLIJST!$H$251=dropdowns!$D$74,VRAGENLIJST!$H$251=dropdowns!$E$74),OFFSET(VRAGENLIJST!$H$255,Liquiditeit!AB3*2-4,0),IF(OR(VRAGENLIJST!$H$251=dropdowns!$B$75,VRAGENLIJST!$H$251=dropdowns!$C$75,VRAGENLIJST!$H$251=dropdowns!$D$75,VRAGENLIJST!$H$251=dropdowns!$E$75),OFFSET(VRAGENLIJST!$H$255,Liquiditeit!AB3*2-6,0),IF(OR(VRAGENLIJST!$H$251=dropdowns!$B$76,VRAGENLIJST!$H$251=dropdowns!$C$76,VRAGENLIJST!$H$251=dropdowns!$D$76,VRAGENLIJST!$H$251=dropdowns!$E$76),OFFSET(VRAGENLIJST!$H$255,Liquiditeit!AB3*2-8,0),0)))))) -> 0 | AC13: =SUM(Q13:AB13) -> 0 | AD13: =IF(VRAGENLIJST!$H$251="",0,IF(OR(VRAGENLIJST!$H$251=dropdowns!$B$72,VRAGENLIJST!$H$251=dropdowns!$C$72,VRAGENLIJST!$H$251=dropdowns!$D$72,VRAGENLIJST!$H$251=dropdowns!$E$72),OFFSET(VRAGENLIJST!$H$255,(COLUMN(AD12)-COLUMN($F$12))*2,0),IF(OR(VRAGENLIJST!$H$251=dropdowns!$B$73,VRAGENLIJST!$H$251=dropdowns!$C$73,VRAGENLIJST!$H$251=dropdowns!$D$73,VRAGENLIJST!$H$251=dropdowns!$E$73),OFFSET(VRAGENLIJST!$H$255,Liquiditeit!AD3*2-4,0)*0.5+(OFFSET(VRAGENLIJST!$H$255,(COLUMN(AD12)-COLUMN($F$12))*2,0))*0.5,IF(OR(VRAGENLIJST!$H$251=dropdowns!$B$74,VRAGENLIJST!$H$251=dropdowns!$C$74,VRAGENLIJST!$H$251=dropdowns!$D$74,VRAGENLIJST!$H$251=dropdowns!$E$74),OFFSET(VRAGENLIJST!$H$255,Liquiditeit!AD3*2-4,0),IF(OR(VRAGENLIJST!$H$251=dropdowns!$B$75,VRAGENLIJST!$H$251=dropdowns!$C$75,VRAGENLIJST!$H$251=dropdowns!$D$75,VRAGENLIJST!$H$251=dropdowns!$E$75),OFFSET(VRAGENLIJST!$H$255,Liquiditeit!AD3*2-6,0),IF(OR(VRAGENLIJST!$H$251=dropdowns!$B$76,VRAGENLIJST!$H$251=dropdowns!$C$76,VRAGENLIJST!$H$251=dropdowns!$D$76,VRAGENLIJST!$H$251=dropdowns!$E$76),OFFSET(VRAGENLIJST!$H$255,Liquiditeit!AD3*2-8,0),0)))))) -> 0 | AE13: =IF(VRAGENLIJST!$H$251="",0,IF(OR(VRAGENLIJST!$H$251=dropdowns!$B$72,VRAGENLIJST!$H$251=dropdowns!$C$72,VRAGENLIJST!$H$251=dropdowns!$D$72,VRAGENLIJST!$H$251=dropdowns!$E$72),OFFSET(VRAGENLIJST!$H$255,(COLUMN(AE12)-COLUMN($F$12))*2,0),IF(OR(VRAGENLIJST!$H$251=dropdowns!$B$73,VRAGENLIJST!$H$251=dropdowns!$C$73,VRAGENLIJST!$H$251=dropdowns!$D$73,VRAGENLIJST!$H$251=dropdowns!$E$73),OFFSET(VRAGENLIJST!$H$255,Liquiditeit!AE3*2-4,0)*0.5+(OFFSET(VRAGENLIJST!$H$255,(COLUMN(AE12)-COLUMN($F$12))*2,0))*0.5,IF(OR(VRAGENLIJST!$H$251=dropdowns!$B$74,VRAGENLIJST!$H$251=dropdowns!$C$74,VRAGENLIJST!$H$251=dropdowns!$D$74,VRAGENLIJST!$H$251=dropdowns!$E$74),OFFSET(VRAGENLIJST!$H$255,Liquiditeit!AE3*2-4,0),IF(OR(VRAGENLIJST!$H$251=dropdowns!$B$75,VRAGENLIJST!$H$251=dropdowns!$C$75,VRAGENLIJST!$H$251=dropdowns!$D$75,VRAGENLIJST!$H$251=dropdowns!$E$75),OFFSET(VRAGENLIJST!$H$255,Liquiditeit!AE3*2-6,0),IF(OR(VRAGENLIJST!$H$251=dropdowns!$B$76,VRAGENLIJST!$H$251=dropdowns!$C$76,VRAGENLIJST!$H$251=dropdowns!$D$76,VRAGENLIJST!$H$251=dropdowns!$E$76),OFFSET(VRAGENLIJST!$H$255,Liquiditeit!AE3*2-8,0),0)))))) -> 0 | AF13: =IF(VRAGENLIJST!$H$251="",0,IF(OR(VRAGENLIJST!$H$251=dropdowns!$B$72,VRAGENLIJST!$H$251=dropdowns!$C$72,VRAGENLIJST!$H$251=dropdowns!$D$72,VRAGENLIJST!$H$251=dropdowns!$E$72),OFFSET(VRAGENLIJST!$H$255,(COLUMN(AF12)-COLUMN($F$12))*2,0),IF(OR(VRAGENLIJST!$H$251=dropdowns!$B$73,VRAGENLIJST!$H$251=dropdowns!$C$73,VRAGENLIJST!$H$251=dropdowns!$D$73,VRAGENLIJST!$H$251=dropdowns!$E$73),OFFSET(VRAGENLIJST!$H$255,Liquiditeit!AF3*2-4,0)*0.5+(OFFSET(VRAGENLIJST!$H$255,(COLUMN(AF12)-COLUMN($F$12))*2,0))*0.5,IF(OR(VRAGENLIJST!$H$251=dropdowns!$B$74,VRAGENLIJST!$H$251=dropdowns!$C$74,VRAGENLIJST!$H$251=dropdowns!$D$74,VRAGENLIJST!$H$251=dropdowns!$E$74),OFFSET(VRAGENLIJST!$H$255,Liquiditeit!AF3*2-4,0),IF(OR(VRAGENLIJST!$H$251=dropdowns!$B$75,VRAGENLIJST!$H$251=dropdowns!$C$75,VRAGENLIJST!$H$251=dropdowns!$D$75,VRAGENLIJST!$H$251=dropdowns!$E$75),OFFSET(VRAGENLIJST!$H$255,Liquiditeit!AF3*2-6,0),IF(OR(VRAGENLIJST!$H$251=dropdowns!$B$76,VRAGENLIJST!$H$251=dropdowns!$C$76,VRAGENLIJST!$H$251=dropdowns!$D$76,VRAGENLIJST!$H$251=dropdowns!$E$76),OFFSET(VRAGENLIJST!$H$255,Liquiditeit!AF3*2-8,0),0)))))) -> 0 | AG13: =IF(VRAGENLIJST!$H$251="",0,IF(OR(VRAGENLIJST!$H$251=dropdowns!$B$72,VRAGENLIJST!$H$251=dropdowns!$C$72,VRAGENLIJST!$H$251=dropdowns!$D$72,VRAGENLIJST!$H$251=dropdowns!$E$72),OFFSET(VRAGENLIJST!$H$255,(COLUMN(AG12)-COLUMN($F$12))*2,0),IF(OR(VRAGENLIJST!$H$251=dropdowns!$B$73,VRAGENLIJST!$H$251=dropdowns!$C$73,VRAGENLIJST!$H$251=dropdowns!$D$73,VRAGENLIJST!$H$251=dropdowns!$E$73),OFFSET(VRAGENLIJST!$H$255,Liquiditeit!AG3*2-4,0)*0.5+(OFFSET(VRAGENLIJST!$H$255,(COLUMN(AG12)-COLUMN($F$12))*2,0))*0.5,IF(OR(VRAGENLIJST!$H$251=dropdowns!$B$74,VRAGENLIJST!$H$251=dropdowns!$C$74,VRAGENLIJST!$H$251=dropdowns!$D$74,VRAGENLIJST!$H$251=dropdowns!$E$74),OFFSET(VRAGENLIJST!$H$255,Liquiditeit!AG3*2-4,0),IF(OR(VRAGENLIJST!$H$251=dropdowns!$B$75,VRAGENLIJST!$H$251=dropdowns!$C$75,VRAGENLIJST!$H$251=dropdowns!$D$75,VRAGENLIJST!$H$251=dropdowns!$E$75),OFFSET(VRAGENLIJST!$H$255,Liquiditeit!AG3*2-6,0),IF(OR(VRAGENLIJST!$H$251=dropdowns!$B$76,VRAGENLIJST!$H$251=dropdowns!$C$76,VRAGENLIJST!$H$251=dropdowns!$D$76,VRAGENLIJST!$H$251=dropdowns!$E$76),OFFSET(VRAGENLIJST!$H$255,Liquiditeit!AG3*2-8,0),0)))))) -> 0 | AH13: =IF(VRAGENLIJST!$H$251="",0,IF(OR(VRAGENLIJST!$H$251=dropdowns!$B$72,VRAGENLIJST!$H$251=dropdowns!$C$72,VRAGENLIJST!$H$251=dropdowns!$D$72,VRAGENLIJST!$H$251=dropdowns!$E$72),OFFSET(VRAGENLIJST!$H$255,(COLUMN(AH12)-COLUMN($F$12))*2,0),IF(OR(VRAGENLIJST!$H$251=dropdowns!$B$73,VRAGENLIJST!$H$251=dropdowns!$C$73,VRAGENLIJST!$H$251=dropdowns!$D$73,VRAGENLIJST!$H$251=dropdowns!$E$73),OFFSET(VRAGENLIJST!$H$255,Liquiditeit!AH3*2-4,0)*0.5+(OFFSET(VRAGENLIJST!$H$255,(COLUMN(AH12)-COLUMN($F$12))*2,0))*0.5,IF(OR(VRAGENLIJST!$H$251=dropdowns!$B$74,VRAGENLIJST!$H$251=dropdowns!$C$74,VRAGENLIJST!$H$251=dropdowns!$D$74,VRAGENLIJST!$H$251=dropdowns!$E$74),OFFSET(VRAGENLIJST!$H$255,Liquiditeit!AH3*2-4,0),IF(OR(VRAGENLIJST!$H$251=dropdowns!$B$75,VRAGENLIJST!$H$251=dropdowns!$C$75,VRAGENLIJST!$H$251=dropdowns!$D$75,VRAGENLIJST!$H$251=dropdowns!$E$75),OFFSET(VRAGENLIJST!$H$255,Liquiditeit!AH3*2-6,0),IF(OR(VRAGENLIJST!$H$251=dropdowns!$B$76,VRAGENLIJST!$H$251=dropdowns!$C$76,VRAGENLIJST!$H$251=dropdowns!$D$76,VRAGENLIJST!$H$251=dropdowns!$E$76),OFFSET(VRAGENLIJST!$H$255,Liquiditeit!AH3*2-8,0),0)))))) -> 0 | AI13: =IF(VRAGENLIJST!$H$251="",0,IF(OR(VRAGENLIJST!$H$251=dropdowns!$B$72,VRAGENLIJST!$H$251=dropdowns!$C$72,VRAGENLIJST!$H$251=dropdowns!$D$72,VRAGENLIJST!$H$251=dropdowns!$E$72),OFFSET(VRAGENLIJST!$H$255,(COLUMN(AI12)-COLUMN($F$12))*2,0),IF(OR(VRAGENLIJST!$H$251=dropdowns!$B$73,VRAGENLIJST!$H$251=dropdowns!$C$73,VRAGENLIJST!$H$251=dropdowns!$D$73,VRAGENLIJST!$H$251=dropdowns!$E$73),OFFSET(VRAGENLIJST!$H$255,Liquiditeit!AI3*2-4,0)*0.5+(OFFSET(VRAGENLIJST!$H$255,(COLUMN(AI12)-COLUMN($F$12))*2,0))*0.5,IF(OR(VRAGENLIJST!$H$251=dropdowns!$B$74,VRAGENLIJST!$H$251=dropdowns!$C$74,VRAGENLIJST!$H$251=dropdowns!$D$74,VRAGENLIJST!$H$251=dropdowns!$E$74),OFFSET(VRAGENLIJST!$H$255,Liquiditeit!AI3*2-4,0),IF(OR(VRAGENLIJST!$H$251=dropdowns!$B$75,VRAGENLIJST!$H$251=dropdowns!$C$75,VRAGENLIJST!$H$251=dropdowns!$D$75,VRAGENLIJST!$H$251=dropdowns!$E$75),OFFSET(VRAGENLIJST!$H$255,Liquiditeit!AI3*2-6,0),IF(OR(VRAGENLIJST!$H$251=dropdowns!$B$76,VRAGENLIJST!$H$251=dropdowns!$C$76,VRAGENLIJST!$H$251=dropdowns!$D$76,VRAGENLIJST!$H$251=dropdowns!$E$76),OFFSET(VRAGENLIJST!$H$255,Liquiditeit!AI3*2-8,0),0)))))) -> 0 | AJ13: =IF(VRAGENLIJST!$H$251="",0,IF(OR(VRAGENLIJST!$H$251=dropdowns!$B$72,VRAGENLIJST!$H$251=dropdowns!$C$72,VRAGENLIJST!$H$251=dropdowns!$D$72,VRAGENLIJST!$H$251=dropdowns!$E$72),OFFSET(VRAGENLIJST!$H$255,(COLUMN(AJ12)-COLUMN($F$12))*2,0),IF(OR(VRAGENLIJST!$H$251=dropdowns!$B$73,VRAGENLIJST!$H$251=dropdowns!$C$73,VRAGENLIJST!$H$251=dropdowns!$D$73,VRAGENLIJST!$H$251=dropdowns!$E$73),OFFSET(VRAGENLIJST!$H$255,Liquiditeit!AJ3*2-4,0)*0.5+(OFFSET(VRAGENLIJST!$H$255,(COLUMN(AJ12)-COLUMN($F$12))*2,0))*0.5,IF(OR(VRAGENLIJST!$H$251=dropdowns!$B$74,VRAGENLIJST!$H$251=dropdowns!$C$74,VRAGENLIJST!$H$251=dropdowns!$D$74,VRAGENLIJST!$H$251=dropdowns!$E$74),OFFSET(VRAGENLIJST!$H$255,Liquiditeit!AJ3*2-4,0),IF(OR(VRAGENLIJST!$H$251=dropdowns!$B$75,VRAGENLIJST!$H$251=dropdowns!$C$75,VRAGENLIJST!$H$251=dropdowns!$D$75,VRAGENLIJST!$H$251=dropdowns!$E$75),OFFSET(VRAGENLIJST!$H$255,Liquiditeit!AJ3*2-6,0),IF(OR(VRAGENLIJST!$H$251=dropdowns!$B$76,VRAGENLIJST!$H$251=dropdowns!$C$76,VRAGENLIJST!$H$251=dropdowns!$D$76,VRAGENLIJST!$H$251=dropdowns!$E$76),OFFSET(VRAGENLIJST!$H$255,Liquiditeit!AJ3*2-8,0),0)))))) -> 0 | AK13: =IF(VRAGENLIJST!$H$251="",0,IF(OR(VRAGENLIJST!$H$251=dropdowns!$B$72,VRAGENLIJST!$H$251=dropdowns!$C$72,VRAGENLIJST!$H$251=dropdowns!$D$72,VRAGENLIJST!$H$251=dropdowns!$E$72),OFFSET(VRAGENLIJST!$H$255,(COLUMN(AK12)-COLUMN($F$12))*2,0),IF(OR(VRAGENLIJST!$H$251=dropdowns!$B$73,VRAGENLIJST!$H$251=dropdowns!$C$73,VRAGENLIJST!$H$251=dropdowns!$D$73,VRAGENLIJST!$H$251=dropdowns!$E$73),OFFSET(VRAGENLIJST!$H$255,Liquiditeit!AK3*2-4,0)*0.5+(OFFSET(VRAGENLIJST!$H$255,(COLUMN(AK12)-COLUMN($F$12))*2,0))*0.5,IF(OR(VRAGENLIJST!$H$251=dropdowns!$B$74,VRAGENLIJST!$H$251=dropdowns!$C$74,VRAGENLIJST!$H$251=dropdowns!$D$74,VRAGENLIJST!$H$251=dropdowns!$E$74),OFFSET(VRAGENLIJST!$H$255,Liquiditeit!AK3*2-4,0),IF(OR(VRAGENLIJST!$H$251=dropdowns!$B$75,VRAGENLIJST!$H$251=dropdowns!$C$75,VRAGENLIJST!$H$251=dropdowns!$D$75,VRAGENLIJST!$H$251=dropdowns!$E$75),OFFSET(VRAGENLIJST!$H$255,Liquiditeit!AK3*2-6,0),IF(OR(VRAGENLIJST!$H$251=dropdowns!$B$76,VRAGENLIJST!$H$251=dropdowns!$C$76,VRAGENLIJST!$H$251=dropdowns!$D$76,VRAGENLIJST!$H$251=dropdowns!$E$76),OFFSET(VRAGENLIJST!$H$255,Liquiditeit!AK3*2-8,0),0)))))) -> 0 | ... AO13: =IF(VRAGENLIJST!$H$251="",0,IF(OR(VRAGENLIJST!$H$251=dropdowns!$B$72,VRAGENLIJST!$H$251=dropdowns!$C$72,VRAGENLIJST!$H$251=dropdowns!$D$72,VRAGENLIJST!$H$251=dropdowns!$E$72),OFFSET(VRAGENLIJST!$H$255,(COLUMN(AO12)-COLUMN($F$12))*2,0),IF(OR(VRAGENLIJST!$H$251=dropdowns!$B$73,VRAGENLIJST!$H$251=dropdowns!$C$73,VRAGENLIJST!$H$251=dropdowns!$D$73,VRAGENLIJST!$H$251=dropdowns!$E$73),OFFSET(VRAGENLIJST!$H$255,Liquiditeit!AO3*2-4,0)*0.5+(OFFSET(VRAGENLIJST!$H$255,(COLUMN(AO12)-COLUMN($F$12))*2,0))*0.5,IF(OR(VRAGENLIJST!$H$251=dropdowns!$B$74,VRAGENLIJST!$H$251=dropdowns!$C$74,VRAGENLIJST!$H$251=dropdowns!$D$74,VRAGENLIJST!$H$251=dropdowns!$E$74),OFFSET(VRAGENLIJST!$H$255,Liquiditeit!AO3*2-4,0),IF(OR(VRAGENLIJST!$H$251=dropdowns!$B$75,VRAGENLIJST!$H$251=dropdowns!$C$75,VRAGENLIJST!$H$251=dropdowns!$D$75,VRAGENLIJST!$H$251=dropdowns!$E$75),OFFSET(VRAGENLIJST!$H$255,Liquiditeit!AO3*2-6,0),IF(OR(VRAGENLIJST!$H$251=dropdowns!$B$76,VRAGENLIJST!$H$251=dropdowns!$C$76,VRAGENLIJST!$H$251=dropdowns!$D$76,VRAGENLIJST!$H$251=dropdowns!$E$76),OFFSET(VRAGENLIJST!$H$255,Liquiditeit!AO3*2-8,0),0)))))) -> 0 | AP13: =SUM(AD13:AO13) -> 0
B14: =Vertaling!A275 -> Btw | D14: =D11*VRAGENLIJST!$D$249+Liquiditeit!D12*VRAGENLIJST!$F$249+D13*VRAGENLIJST!$H$249 -> 0 | E14: =E11*VRAGENLIJST!$D$249+Liquiditeit!E12*VRAGENLIJST!$F$249+E13*VRAGENLIJST!$H$249 -> 0 | F14: =F11*VRAGENLIJST!$D$249+Liquiditeit!F12*VRAGENLIJST!$F$249+F13*VRAGENLIJST!$H$249 -> 0 | G14: =G11*VRAGENLIJST!$D$249+Liquiditeit!G12*VRAGENLIJST!$F$249+G13*VRAGENLIJST!$H$249 -> 0 | H14: =H11*VRAGENLIJST!$D$249+Liquiditeit!H12*VRAGENLIJST!$F$249+H13*VRAGENLIJST!$H$249 -> 0 | I14: =I11*VRAGENLIJST!$D$249+Liquiditeit!I12*VRAGENLIJST!$F$249+I13*VRAGENLIJST!$H$249 -> 0 | J14: =J11*VRAGENLIJST!$D$249+Liquiditeit!J12*VRAGENLIJST!$F$249+J13*VRAGENLIJST!$H$249 -> 0 | K14: =K11*VRAGENLIJST!$D$249+Liquiditeit!K12*VRAGENLIJST!$F$249+K13*VRAGENLIJST!$H$249 -> 0 | ... O14: =O11*VRAGENLIJST!$D$249+Liquiditeit!O12*VRAGENLIJST!$F$249+O13*VRAGENLIJST!$H$249 -> 0 | P14: =SUM(D14:O14) -> 0 | Q14: =Q11*VRAGENLIJST!$D$249+Liquiditeit!Q12*VRAGENLIJST!$F$249+Q13*VRAGENLIJST!$H$249 -> 0 | R14: =R11*VRAGENLIJST!$D$249+Liquiditeit!R12*VRAGENLIJST!$F$249+R13*VRAGENLIJST!$H$249 -> 0 | S14: =S11*VRAGENLIJST!$D$249+Liquiditeit!S12*VRAGENLIJST!$F$249+S13*VRAGENLIJST!$H$249 -> 0 | T14: =T11*VRAGENLIJST!$D$249+Liquiditeit!T12*VRAGENLIJST!$F$249+T13*VRAGENLIJST!$H$249 -> 0 | U14: =U11*VRAGENLIJST!$D$249+Liquiditeit!U12*VRAGENLIJST!$F$249+U13*VRAGENLIJST!$H$249 -> 0 | V14: =V11*VRAGENLIJST!$D$249+Liquiditeit!V12*VRAGENLIJST!$F$249+V13*VRAGENLIJST!$H$249 -> 0 | W14: =W11*VRAGENLIJST!$D$249+Liquiditeit!W12*VRAGENLIJST!$F$249+W13*VRAGENLIJST!$H$249 -> 0 | X14: =X11*VRAGENLIJST!$D$249+Liquiditeit!X12*VRAGENLIJST!$F$249+X13*VRAGENLIJST!$H$249 -> 0 | ... AB14: =AB11*VRAGENLIJST!$D$249+Liquiditeit!AB12*VRAGENLIJST!$F$249+AB13*VRAGENLIJST!$H$249 -> 0 | AC14: =SUM(Q14:AB14) -> 0 | AD14: =AD11*VRAGENLIJST!$D$249+Liquiditeit!AD12*VRAGENLIJST!$F$249+AD13*VRAGENLIJST!$H$249 -> 0 | AE14: =AE11*VRAGENLIJST!$D$249+Liquiditeit!AE12*VRAGENLIJST!$F$249+AE13*VRAGENLIJST!$H$249 -> 0 | AF14: =AF11*VRAGENLIJST!$D$249+Liquiditeit!AF12*VRAGENLIJST!$F$249+AF13*VRAGENLIJST!$H$249 -> 0 | AG14: =AG11*VRAGENLIJST!$D$249+Liquiditeit!AG12*VRAGENLIJST!$F$249+AG13*VRAGENLIJST!$H$249 -> 0 | AH14: =AH11*VRAGENLIJST!$D$249+Liquiditeit!AH12*VRAGENLIJST!$F$249+AH13*VRAGENLIJST!$H$249 -> 0 | AI14: =AI11*VRAGENLIJST!$D$249+Liquiditeit!AI12*VRAGENLIJST!$F$249+AI13*VRAGENLIJST!$H$249 -> 0 | AJ14: =AJ11*VRAGENLIJST!$D$249+Liquiditeit!AJ12*VRAGENLIJST!$F$249+AJ13*VRAGENLIJST!$H$249 -> 0 | AK14: =AK11*VRAGENLIJST!$D$249+Liquiditeit!AK12*VRAGENLIJST!$F$249+AK13*VRAGENLIJST!$H$249 -> 0 | ... AO14: =AO11*VRAGENLIJST!$D$249+Liquiditeit!AO12*VRAGENLIJST!$F$249+AO13*VRAGENLIJST!$H$249 -> 0 | AP14: =SUM(AD14:AO14) -> 0
B15: =Vertaling!A276 -> Omzet incl. btw | D15: =SUM(D12:D14) -> 0 | E15: =SUM(E12:E14) -> 0 | F15: =SUM(F12:F14) -> 0 | G15: =SUM(G12:G14) -> 0 | H15: =SUM(H12:H14) -> 0 | I15: =SUM(I12:I14) -> 0 | J15: =SUM(J12:J14) -> 0 | K15: =SUM(K12:K14) -> 0 | ... O15: =SUM(O12:O14) -> 0 | P15: =SUM(D15:O15) -> 0
B16: =Vertaling!A277 -> Totale ontvangsten | C16: =SUM(C8:C15) -> 0 | D16: =SUM(D8:D14) -> 0 | E16: =SUM(E8:E14) -> 0 | F16: =SUM(F8:F14) -> 0 | G16: =SUM(G8:G14) -> 0 | H16: =SUM(H8:H14) -> 0 | I16: =SUM(I8:I14) -> 0 | J16: =SUM(J8:J14) -> 0 | K16: =SUM(K8:K14) -> 0 | ... O16: =SUM(O8:O14) -> 0 | P16: =SUM(C16:O16) -> 0 | Q16: =SUM(Q8:Q14) -> 0 | R16: =SUM(R8:R14) -> 0 | S16: =SUM(S8:S14) -> 0 | T16: =SUM(T8:T14) -> 0 | U16: =SUM(U8:U14) -> 0 | V16: =SUM(V8:V14) -> 0 | W16: =SUM(W8:W14) -> 0 | X16: =SUM(X8:X14) -> 0 | ... AB16: =SUM(AB8:AB14) -> 0 | AC16: =SUM(P16:AB16) -> 0 | AD16: =SUM(AD8:AD14) -> 0 | AE16: =SUM(AE8:AE14) -> 0 | AF16: =SUM(AF8:AF14) -> 0 | AG16: =SUM(AG8:AG14) -> 0 | AH16: =SUM(AH8:AH14) -> 0 | AI16: =SUM(AI8:AI14) -> 0 | AJ16: =SUM(AJ8:AJ14) -> 0 | AK16: =SUM(AK8:AK14) -> 0 | ... AO16: =SUM(AO8:AO14) -> 0 | AP16: =SUM(AC16:AO16) -> 0
B18: =Vertaling!A278 -> Uitgaven
B19: =Vertaling!A279 -> Investering | C19: =SUM('Investering & Financiering'!D4:D9) -> 0 | P19: =SUM(C19:O19) -> 0 | AC19: =SUM(P19:AB19) -> 0 | AP19: =SUM(AC19:AO19) -> 0
B20: =Vertaling!A280 -> Inkoop product 1 | C20: =IF(OR(VRAGENLIJST!D99=dropdowns!$B$28,VRAGENLIJST!D99=dropdowns!$C$28,VRAGENLIJST!D99=dropdowns!$D$28,VRAGENLIJST!D99=dropdowns!$E$28),0,VRAGENLIJST!H99) -> 0 | D20: =IF(VRAGENLIJST!$D$170="",0,IF(OR(VRAGENLIJST!$D$170=dropdowns!$B$72,VRAGENLIJST!$D$170=dropdowns!$C$72,VRAGENLIJST!$D$170=dropdowns!$D$72,VRAGENLIJST!$D$170=dropdowns!$E$72),VRAGENLIJST!$D$255*VRAGENLIJST!$D$166,IF(OR(VRAGENLIJST!$D$170=dropdowns!$B$73,VRAGENLIJST!$D$170=dropdowns!$C$73,VRAGENLIJST!$D$170=dropdowns!$D$73,VRAGENLIJST!$D$170=dropdowns!$E$73),VRAGENLIJST!$D$255*0.5*VRAGENLIJST!$D$166,0))) -> 0 | E20: =IF(VRAGENLIJST!$D$170="",0,IF(OR(VRAGENLIJST!$D$170=dropdowns!$B$72,VRAGENLIJST!$D$170=dropdowns!$C$72,VRAGENLIJST!$D$170=dropdowns!$D$72,VRAGENLIJST!$D$170=dropdowns!$E$72),OFFSET(VRAGENLIJST!$D$255,(COLUMN(E20)-COLUMN($D$20))*2,0)*VRAGENLIJST!$D$166,IF(OR(VRAGENLIJST!$D$170=dropdowns!$B$73,VRAGENLIJST!$D$170=dropdowns!$C$73,VRAGENLIJST!$D$170=dropdowns!$D$73,VRAGENLIJST!$D$170=dropdowns!$E$73),VRAGENLIJST!$D$255*0.5*VRAGENLIJST!$D$166+(OFFSET(VRAGENLIJST!$D$255,(COLUMN(E20)-COLUMN($D$20))*2,0))*0.5*VRAGENLIJST!$D$166,IF(OR(VRAGENLIJST!$D$170=dropdowns!$B$74,VRAGENLIJST!$D$170=dropdowns!$C$74,VRAGENLIJST!$D$170=dropdowns!$D$74,VRAGENLIJST!$D$170=dropdowns!$E$74),VRAGENLIJST!$D$255*VRAGENLIJST!$D$166,0)))) -> 0 | F20: =IF(VRAGENLIJST!$D$170="",0,IF(OR(VRAGENLIJST!$D$170=dropdowns!$B$72,VRAGENLIJST!$D$170=dropdowns!$C$72,VRAGENLIJST!$D$170=dropdowns!$D$72,VRAGENLIJST!$D$170=dropdowns!$E$72),OFFSET(VRAGENLIJST!$D$255,(COLUMN(F20)-COLUMN($D$20))*2,0)*VRAGENLIJST!$D$166,IF(OR(VRAGENLIJST!$D$170=dropdowns!$B$73,VRAGENLIJST!$D$170=dropdowns!$C$73,VRAGENLIJST!$D$170=dropdowns!$D$73,VRAGENLIJST!$D$170=dropdowns!$E$73),OFFSET(VRAGENLIJST!$D$255,Liquiditeit!F3*2-4,0)*0.5*VRAGENLIJST!$D$166+(OFFSET(VRAGENLIJST!$D$255,(COLUMN(F20)-COLUMN($D$20))*2,0))*0.5*VRAGENLIJST!$D$166,IF(OR(VRAGENLIJST!$D$170=dropdowns!$B$74,VRAGENLIJST!$D$170=dropdowns!$C$74,VRAGENLIJST!$D$170=dropdowns!$D$74,VRAGENLIJST!$D$170=dropdowns!$E$74),OFFSET(VRAGENLIJST!$D$255,Liquiditeit!F3*2-4,0)*VRAGENLIJST!$D$166,IF(OR(VRAGENLIJST!$D$170=dropdowns!$B$75,VRAGENLIJST!$D$170=dropdowns!$C$75,VRAGENLIJST!$D$170=dropdowns!$D$75,VRAGENLIJST!$D$170=dropdowns!$E$75),OFFSET(VRAGENLIJST!$D$255,Liquiditeit!F3*2-6,0)*VRAGENLIJST!$D$166,IF(OR(VRAGENLIJST!$D$170=dropdowns!$B$76,VRAGENLIJST!$D$170=dropdowns!$C$76,VRAGENLIJST!$D$170=dropdowns!$D$76,VRAGENLIJST!$D$170=dropdowns!$E$76),VRAGENLIJST!$D$255*VRAGENLIJST!$D$166,0)))))) -> 0 | G20: =IF(VRAGENLIJST!$D$170="",0,IF(OR(VRAGENLIJST!$D$170=dropdowns!$B$72,VRAGENLIJST!$D$170=dropdowns!$C$72,VRAGENLIJST!$D$170=dropdowns!$D$72,VRAGENLIJST!$D$170=dropdowns!$E$72),OFFSET(VRAGENLIJST!$D$255,(COLUMN(G20)-COLUMN($D$20))*2,0)*VRAGENLIJST!$D$166,IF(OR(VRAGENLIJST!$D$170=dropdowns!$B$73,VRAGENLIJST!$D$170=dropdowns!$C$73,VRAGENLIJST!$D$170=dropdowns!$D$73,VRAGENLIJST!$D$170=dropdowns!$E$73),OFFSET(VRAGENLIJST!$D$255,Liquiditeit!G3*2-4,0)*0.5*VRAGENLIJST!$D$166+(OFFSET(VRAGENLIJST!$D$255,(COLUMN(G20)-COLUMN($D$20))*2,0))*0.5*VRAGENLIJST!$D$166,IF(OR(VRAGENLIJST!$D$170=dropdowns!$B$74,VRAGENLIJST!$D$170=dropdowns!$C$74,VRAGENLIJST!$D$170=dropdowns!$D$74,VRAGENLIJST!$D$170=dropdowns!$E$74),OFFSET(VRAGENLIJST!$D$255,Liquiditeit!G3*2-4,0)*VRAGENLIJST!$D$166,IF(OR(VRAGENLIJST!$D$170=dropdowns!$B$75,VRAGENLIJST!$D$170=dropdowns!$C$75,VRAGENLIJST!$D$170=dropdowns!$D$75,VRAGENLIJST!$D$170=dropdowns!$E$75),OFFSET(VRAGENLIJST!$D$255,Liquiditeit!G3*2-6,0)*VRAGENLIJST!$D$166,IF(OR(VRAGENLIJST!$D$170=dropdowns!$B$76,VRAGENLIJST!$D$170=dropdowns!$C$76,VRAGENLIJST!$D$170=dropdowns!$D$76,VRAGENLIJST!$D$170=dropdowns!$E$76),VRAGENLIJST!$D$255*VRAGENLIJST!$D$166,0)))))) -> 0 | H20: =IF(VRAGENLIJST!$D$170="",0,IF(OR(VRAGENLIJST!$D$170=dropdowns!$B$72,VRAGENLIJST!$D$170=dropdowns!$C$72,VRAGENLIJST!$D$170=dropdowns!$D$72,VRAGENLIJST!$D$170=dropdowns!$E$72),OFFSET(VRAGENLIJST!$D$255,(COLUMN(H20)-COLUMN($D$20))*2,0)*VRAGENLIJST!$D$166,IF(OR(VRAGENLIJST!$D$170=dropdowns!$B$73,VRAGENLIJST!$D$170=dropdowns!$C$73,VRAGENLIJST!$D$170=dropdowns!$D$73,VRAGENLIJST!$D$170=dropdowns!$E$73),OFFSET(VRAGENLIJST!$D$255,Liquiditeit!H3*2-4,0)*0.5*VRAGENLIJST!$D$166+(OFFSET(VRAGENLIJST!$D$255,(COLUMN(H20)-COLUMN($D$20))*2,0))*0.5*VRAGENLIJST!$D$166,IF(OR(VRAGENLIJST!$D$170=dropdowns!$B$74,VRAGENLIJST!$D$170=dropdowns!$C$74,VRAGENLIJST!$D$170=dropdowns!$D$74,VRAGENLIJST!$D$170=dropdowns!$E$74),OFFSET(VRAGENLIJST!$D$255,Liquiditeit!H3*2-4,0)*VRAGENLIJST!$D$166,IF(OR(VRAGENLIJST!$D$170=dropdowns!$B$75,VRAGENLIJST!$D$170=dropdowns!$C$75,VRAGENLIJST!$D$170=dropdowns!$D$75,VRAGENLIJST!$D$170=dropdowns!$E$75),OFFSET(VRAGENLIJST!$D$255,Liquiditeit!H3*2-6,0)*VRAGENLIJST!$D$166,IF(OR(VRAGENLIJST!$D$170=dropdowns!$B$76,VRAGENLIJST!$D$170=dropdowns!$C$76,VRAGENLIJST!$D$170=dropdowns!$D$76,VRAGENLIJST!$D$170=dropdowns!$E$76),OFFSET(VRAGENLIJST!$D$255,Liquiditeit!H3*2-8,0)*VRAGENLIJST!$D$166,0)))))) -> 0 | I20: =IF(VRAGENLIJST!$D$170="",0,IF(OR(VRAGENLIJST!$D$170=dropdowns!$B$72,VRAGENLIJST!$D$170=dropdowns!$C$72,VRAGENLIJST!$D$170=dropdowns!$D$72,VRAGENLIJST!$D$170=dropdowns!$E$72),OFFSET(VRAGENLIJST!$D$255,(COLUMN(I20)-COLUMN($D$20))*2,0)*VRAGENLIJST!$D$166,IF(OR(VRAGENLIJST!$D$170=dropdowns!$B$73,VRAGENLIJST!$D$170=dropdowns!$C$73,VRAGENLIJST!$D$170=dropdowns!$D$73,VRAGENLIJST!$D$170=dropdowns!$E$73),OFFSET(VRAGENLIJST!$D$255,Liquiditeit!I3*2-4,0)*0.5*VRAGENLIJST!$D$166+(OFFSET(VRAGENLIJST!$D$255,(COLUMN(I20)-COLUMN($D$20))*2,0))*0.5*VRAGENLIJST!$D$166,IF(OR(VRAGENLIJST!$D$170=dropdowns!$B$74,VRAGENLIJST!$D$170=dropdowns!$C$74,VRAGENLIJST!$D$170=dropdowns!$D$74,VRAGENLIJST!$D$170=dropdowns!$E$74),OFFSET(VRAGENLIJST!$D$255,Liquiditeit!I3*2-4,0)*VRAGENLIJST!$D$166,IF(OR(VRAGENLIJST!$D$170=dropdowns!$B$75,VRAGENLIJST!$D$170=dropdowns!$C$75,VRAGENLIJST!$D$170=dropdowns!$D$75,VRAGENLIJST!$D$170=dropdowns!$E$75),OFFSET(VRAGENLIJST!$D$255,Liquiditeit!I3*2-6,0)*VRAGENLIJST!$D$166,IF(OR(VRAGENLIJST!$D$170=dropdowns!$B$76,VRAGENLIJST!$D$170=dropdowns!$C$76,VRAGENLIJST!$D$170=dropdowns!$D$76,VRAGENLIJST!$D$170=dropdowns!$E$76),OFFSET(VRAGENLIJST!$D$255,Liquiditeit!I3*2-8,0)*VRAGENLIJST!$D$166,0)))))) -> 0 | J20: =IF(VRAGENLIJST!$D$170="",0,IF(OR(VRAGENLIJST!$D$170=dropdowns!$B$72,VRAGENLIJST!$D$170=dropdowns!$C$72,VRAGENLIJST!$D$170=dropdowns!$D$72,VRAGENLIJST!$D$170=dropdowns!$E$72),OFFSET(VRAGENLIJST!$D$255,(COLUMN(J20)-COLUMN($D$20))*2,0)*VRAGENLIJST!$D$166,IF(OR(VRAGENLIJST!$D$170=dropdowns!$B$73,VRAGENLIJST!$D$170=dropdowns!$C$73,VRAGENLIJST!$D$170=dropdowns!$D$73,VRAGENLIJST!$D$170=dropdowns!$E$73),OFFSET(VRAGENLIJST!$D$255,Liquiditeit!J3*2-4,0)*0.5*VRAGENLIJST!$D$166+(OFFSET(VRAGENLIJST!$D$255,(COLUMN(J20)-COLUMN($D$20))*2,0))*0.5*VRAGENLIJST!$D$166,IF(OR(VRAGENLIJST!$D$170=dropdowns!$B$74,VRAGENLIJST!$D$170=dropdowns!$C$74,VRAGENLIJST!$D$170=dropdowns!$D$74,VRAGENLIJST!$D$170=dropdowns!$E$74),OFFSET(VRAGENLIJST!$D$255,Liquiditeit!J3*2-4,0)*VRAGENLIJST!$D$166,IF(OR(VRAGENLIJST!$D$170=dropdowns!$B$75,VRAGENLIJST!$D$170=dropdowns!$C$75,VRAGENLIJST!$D$170=dropdowns!$D$75,VRAGENLIJST!$D$170=dropdowns!$E$75),OFFSET(VRAGENLIJST!$D$255,Liquiditeit!J3*2-6,0)*VRAGENLIJST!$D$166,IF(OR(VRAGENLIJST!$D$170=dropdowns!$B$76,VRAGENLIJST!$D$170=dropdowns!$C$76,VRAGENLIJST!$D$170=dropdowns!$D$76,VRAGENLIJST!$D$170=dropdowns!$E$76),OFFSET(VRAGENLIJST!$D$255,Liquiditeit!J3*2-8,0)*VRAGENLIJST!$D$166,0)))))) -> 0 | K20: =IF(VRAGENLIJST!$D$170="",0,IF(OR(VRAGENLIJST!$D$170=dropdowns!$B$72,VRAGENLIJST!$D$170=dropdowns!$C$72,VRAGENLIJST!$D$170=dropdowns!$D$72,VRAGENLIJST!$D$170=dropdowns!$E$72),OFFSET(VRAGENLIJST!$D$255,(COLUMN(K20)-COLUMN($D$20))*2,0)*VRAGENLIJST!$D$166,IF(OR(VRAGENLIJST!$D$170=dropdowns!$B$73,VRAGENLIJST!$D$170=dropdowns!$C$73,VRAGENLIJST!$D$170=dropdowns!$D$73,VRAGENLIJST!$D$170=dropdowns!$E$73),OFFSET(VRAGENLIJST!$D$255,Liquiditeit!K3*2-4,0)*0.5*VRAGENLIJST!$D$166+(OFFSET(VRAGENLIJST!$D$255,(COLUMN(K20)-COLUMN($D$20))*2,0))*0.5*VRAGENLIJST!$D$166,IF(OR(VRAGENLIJST!$D$170=dropdowns!$B$74,VRAGENLIJST!$D$170=dropdowns!$C$74,VRAGENLIJST!$D$170=dropdowns!$D$74,VRAGENLIJST!$D$170=dropdowns!$E$74),OFFSET(VRAGENLIJST!$D$255,Liquiditeit!K3*2-4,0)*VRAGENLIJST!$D$166,IF(OR(VRAGENLIJST!$D$170=dropdowns!$B$75,VRAGENLIJST!$D$170=dropdowns!$C$75,VRAGENLIJST!$D$170=dropdowns!$D$75,VRAGENLIJST!$D$170=dropdowns!$E$75),OFFSET(VRAGENLIJST!$D$255,Liquiditeit!K3*2-6,0)*VRAGENLIJST!$D$166,IF(OR(VRAGENLIJST!$D$170=dropdowns!$B$76,VRAGENLIJST!$D$170=dropdowns!$C$76,VRAGENLIJST!$D$170=dropdowns!$D$76,VRAGENLIJST!$D$170=dropdowns!$E$76),OFFSET(VRAGENLIJST!$D$255,Liquiditeit!K3*2-8,0)*VRAGENLIJST!$D$166,0)))))) -> 0 | L20: =IF(VRAGENLIJST!$D$170="",0,IF(OR(VRAGENLIJST!$D$170=dropdowns!$B$72,VRAGENLIJST!$D$170=dropdowns!$C$72,VRAGENLIJST!$D$170=dropdowns!$D$72,VRAGENLIJST!$D$170=dropdowns!$E$72),OFFSET(VRAGENLIJST!$D$255,(COLUMN(L20)-COLUMN($D$20))*2,0)*VRAGENLIJST!$D$166,IF(OR(VRAGENLIJST!$D$170=dropdowns!$B$73,VRAGENLIJST!$D$170=dropdowns!$C$73,VRAGENLIJST!$D$170=dropdowns!$D$73,VRAGENLIJST!$D$170=dropdowns!$E$73),OFFSET(VRAGENLIJST!$D$255,Liquiditeit!L3*2-4,0)*0.5*VRAGENLIJST!$D$166+(OFFSET(VRAGENLIJST!$D$255,(COLUMN(L20)-COLUMN($D$20))*2,0))*0.5*VRAGENLIJST!$D$166,IF(OR(VRAGENLIJST!$D$170=dropdowns!$B$74,VRAGENLIJST!$D$170=dropdowns!$C$74,VRAGENLIJST!$D$170=dropdowns!$D$74,VRAGENLIJST!$D$170=dropdowns!$E$74),OFFSET(VRAGENLIJST!$D$255,Liquiditeit!L3*2-4,0)*VRAGENLIJST!$D$166,IF(OR(VRAGENLIJST!$D$170=dropdowns!$B$75,VRAGENLIJST!$D$170=dropdowns!$C$75,VRAGENLIJST!$D$170=dropdowns!$D$75,VRAGENLIJST!$D$170=dropdowns!$E$75),OFFSET(VRAGENLIJST!$D$255,Liquiditeit!L3*2-6,0)*VRAGENLIJST!$D$166,IF(OR(VRAGENLIJST!$D$170=dropdowns!$B$76,VRAGENLIJST!$D$170=dropdowns!$C$76,VRAGENLIJST!$D$170=dropdowns!$D$76,VRAGENLIJST!$D$170=dropdowns!$E$76),OFFSET(VRAGENLIJST!$D$255,Liquiditeit!L3*2-8,0)*VRAGENLIJST!$D$166,0)))))) -> 0 | M20: =IF(VRAGENLIJST!$D$170="",0,IF(OR(VRAGENLIJST!$D$170=dropdowns!$B$72,VRAGENLIJST!$D$170=dropdowns!$C$72,VRAGENLIJST!$D$170=dropdowns!$D$72,VRAGENLIJST!$D$170=dropdowns!$E$72),OFFSET(VRAGENLIJST!$D$255,(COLUMN(M20)-COLUMN($D$20))*2,0)*VRAGENLIJST!$D$166,IF(OR(VRAGENLIJST!$D$170=dropdowns!$B$73,VRAGENLIJST!$D$170=dropdowns!$C$73,VRAGENLIJST!$D$170=dropdowns!$D$73,VRAGENLIJST!$D$170=dropdowns!$E$73),OFFSET(VRAGENLIJST!$D$255,Liquiditeit!M3*2-4,0)*0.5*VRAGENLIJST!$D$166+(OFFSET(VRAGENLIJST!$D$255,(COLUMN(M20)-COLUMN($D$20))*2,0))*0.5*VRAGENLIJST!$D$166,IF(OR(VRAGENLIJST!$D$170=dropdowns!$B$74,VRAGENLIJST!$D$170=dropdowns!$C$74,VRAGENLIJST!$D$170=dropdowns!$D$74,VRAGENLIJST!$D$170=dropdowns!$E$74),OFFSET(VRAGENLIJST!$D$255,Liquiditeit!M3*2-4,0)*VRAGENLIJST!$D$166,IF(OR(VRAGENLIJST!$D$170=dropdowns!$B$75,VRAGENLIJST!$D$170=dropdowns!$C$75,VRAGENLIJST!$D$170=dropdowns!$D$75,VRAGENLIJST!$D$170=dropdowns!$E$75),OFFSET(VRAGENLIJST!$D$255,Liquiditeit!M3*2-6,0)*VRAGENLIJST!$D$166,IF(OR(VRAGENLIJST!$D$170=dropdowns!$B$76,VRAGENLIJST!$D$170=dropdowns!$C$76,VRAGENLIJST!$D$170=dropdowns!$D$76,VRAGENLIJST!$D$170=dropdowns!$E$76),OFFSET(VRAGENLIJST!$D$255,Liquiditeit!M3*2-8,0)*VRAGENLIJST!$D$166,0)))))) -> 0 | N20: =IF(VRAGENLIJST!$D$170="",0,IF(OR(VRAGENLIJST!$D$170=dropdowns!$B$72,VRAGENLIJST!$D$170=dropdowns!$C$72,VRAGENLIJST!$D$170=dropdowns!$D$72,VRAGENLIJST!$D$170=dropdowns!$E$72),OFFSET(VRAGENLIJST!$D$255,(COLUMN(N20)-COLUMN($D$20))*2,0)*VRAGENLIJST!$D$166,IF(OR(VRAGENLIJST!$D$170=dropdowns!$B$73,VRAGENLIJST!$D$170=dropdowns!$C$73,VRAGENLIJST!$D$170=dropdowns!$D$73,VRAGENLIJST!$D$170=dropdowns!$E$73),OFFSET(VRAGENLIJST!$D$255,Liquiditeit!N3*2-4,0)*0.5*VRAGENLIJST!$D$166+(OFFSET(VRAGENLIJST!$D$255,(COLUMN(N20)-COLUMN($D$20))*2,0))*0.5*VRAGENLIJST!$D$166,IF(OR(VRAGENLIJST!$D$170=dropdowns!$B$74,VRAGENLIJST!$D$170=dropdowns!$C$74,VRAGENLIJST!$D$170=dropdowns!$D$74,VRAGENLIJST!$D$170=dropdowns!$E$74),OFFSET(VRAGENLIJST!$D$255,Liquiditeit!N3*2-4,0)*VRAGENLIJST!$D$166,IF(OR(VRAGENLIJST!$D$170=dropdowns!$B$75,VRAGENLIJST!$D$170=dropdowns!$C$75,VRAGENLIJST!$D$170=dropdowns!$D$75,VRAGENLIJST!$D$170=dropdowns!$E$75),OFFSET(VRAGENLIJST!$D$255,Liquiditeit!N3*2-6,0)*VRAGENLIJST!$D$166,IF(OR(VRAGENLIJST!$D$170=dropdowns!$B$76,VRAGENLIJST!$D$170=dropdowns!$C$76,VRAGENLIJST!$D$170=dropdowns!$D$76,VRAGENLIJST!$D$170=dropdowns!$E$76),OFFSET(VRAGENLIJST!$D$255,Liquiditeit!N3*2-8,0)*VRAGENLIJST!$D$166,0)))))) -> 0 | O20: =IF(VRAGENLIJST!$D$170="",0,IF(OR(VRAGENLIJST!$D$170=dropdowns!$B$72,VRAGENLIJST!$D$170=dropdowns!$C$72,VRAGENLIJST!$D$170=dropdowns!$D$72,VRAGENLIJST!$D$170=dropdowns!$E$72),OFFSET(VRAGENLIJST!$D$255,(COLUMN(O20)-COLUMN($D$20))*2,0)*VRAGENLIJST!$D$166,IF(OR(VRAGENLIJST!$D$170=dropdowns!$B$73,VRAGENLIJST!$D$170=dropdowns!$C$73,VRAGENLIJST!$D$170=dropdowns!$D$73,VRAGENLIJST!$D$170=dropdowns!$E$73),OFFSET(VRAGENLIJST!$D$255,Liquiditeit!O3*2-4,0)*0.5*VRAGENLIJST!$D$166+(OFFSET(VRAGENLIJST!$D$255,(COLUMN(O20)-COLUMN($D$20))*2,0))*0.5*VRAGENLIJST!$D$166,IF(OR(VRAGENLIJST!$D$170=dropdowns!$B$74,VRAGENLIJST!$D$170=dropdowns!$C$74,VRAGENLIJST!$D$170=dropdowns!$D$74,VRAGENLIJST!$D$170=dropdowns!$E$74),OFFSET(VRAGENLIJST!$D$255,Liquiditeit!O3*2-4,0)*VRAGENLIJST!$D$166,IF(OR(VRAGENLIJST!$D$170=dropdowns!$B$75,VRAGENLIJST!$D$170=dropdowns!$C$75,VRAGENLIJST!$D$170=dropdowns!$D$75,VRAGENLIJST!$D$170=dropdowns!$E$75),OFFSET(VRAGENLIJST!$D$255,Liquiditeit!O3*2-6,0)*VRAGENLIJST!$D$166,IF(OR(VRAGENLIJST!$D$170=dropdowns!$B$76,VRAGENLIJST!$D$170=dropdowns!$C$76,VRAGENLIJST!$D$170=dropdowns!$D$76,VRAGENLIJST!$D$170=dropdowns!$E$76),OFFSET(VRAGENLIJST!$D$255,Liquiditeit!O3*2-8,0)*VRAGENLIJST!$D$166,0)))))) -> 0 | P20: =SUM(C20:O20) -> 0 | Q20: =IF(VRAGENLIJST!$D$170="",0,IF(OR(VRAGENLIJST!$D$170=dropdowns!$B$72,VRAGENLIJST!$D$170=dropdowns!$C$72,VRAGENLIJST!$D$170=dropdowns!$D$72,VRAGENLIJST!$D$170=dropdowns!$E$72),OFFSET(VRAGENLIJST!$D$255,(COLUMN(Q20)-COLUMN($E$20))*2,0)*VRAGENLIJST!$D$166,IF(OR(VRAGENLIJST!$D$170=dropdowns!$B$73,VRAGENLIJST!$D$170=dropdowns!$C$73,VRAGENLIJST!$D$170=dropdowns!$D$73,VRAGENLIJST!$D$170=dropdowns!$E$73),OFFSET(VRAGENLIJST!$D$255,Liquiditeit!Q3*2-4,0)*0.5*VRAGENLIJST!$D$166+(OFFSET(VRAGENLIJST!$D$255,(COLUMN(Q20)-COLUMN($E$20))*2,0))*0.5*VRAGENLIJST!$D$166,IF(OR(VRAGENLIJST!$D$170=dropdowns!$B$74,VRAGENLIJST!$D$170=dropdowns!$C$74,VRAGENLIJST!$D$170=dropdowns!$D$74,VRAGENLIJST!$D$170=dropdowns!$E$74),OFFSET(VRAGENLIJST!$D$255,Liquiditeit!Q3*2-4,0)*VRAGENLIJST!$D$166,IF(OR(VRAGENLIJST!$D$170=dropdowns!$B$75,VRAGENLIJST!$D$170=dropdowns!$C$75,VRAGENLIJST!$D$170=dropdowns!$D$75,VRAGENLIJST!$D$170=dropdowns!$E$75),OFFSET(VRAGENLIJST!$D$255,Liquiditeit!Q3*2-6,0)*VRAGENLIJST!$D$166,IF(OR(VRAGENLIJST!$D$170=dropdowns!$B$76,VRAGENLIJST!$D$170=dropdowns!$C$76,VRAGENLIJST!$D$170=dropdowns!$D$76,VRAGENLIJST!$D$170=dropdowns!$E$76),OFFSET(VRAGENLIJST!$D$255,Liquiditeit!Q3*2-8,0)*VRAGENLIJST!$D$166,0)))))) -> 0 | R20: =IF(VRAGENLIJST!$D$170="",0,IF(OR(VRAGENLIJST!$D$170=dropdowns!$B$72,VRAGENLIJST!$D$170=dropdowns!$C$72,VRAGENLIJST!$D$170=dropdowns!$D$72,VRAGENLIJST!$D$170=dropdowns!$E$72),OFFSET(VRAGENLIJST!$D$255,(COLUMN(R20)-COLUMN($E$20))*2,0)*VRAGENLIJST!$D$166,IF(OR(VRAGENLIJST!$D$170=dropdowns!$B$73,VRAGENLIJST!$D$170=dropdowns!$C$73,VRAGENLIJST!$D$170=dropdowns!$D$73,VRAGENLIJST!$D$170=dropdowns!$E$73),OFFSET(VRAGENLIJST!$D$255,Liquiditeit!R3*2-4,0)*0.5*VRAGENLIJST!$D$166+(OFFSET(VRAGENLIJST!$D$255,(COLUMN(R20)-COLUMN($E$20))*2,0))*0.5*VRAGENLIJST!$D$166,IF(OR(VRAGENLIJST!$D$170=dropdowns!$B$74,VRAGENLIJST!$D$170=dropdowns!$C$74,VRAGENLIJST!$D$170=dropdowns!$D$74,VRAGENLIJST!$D$170=dropdowns!$E$74),OFFSET(VRAGENLIJST!$D$255,Liquiditeit!R3*2-4,0)*VRAGENLIJST!$D$166,IF(OR(VRAGENLIJST!$D$170=dropdowns!$B$75,VRAGENLIJST!$D$170=dropdowns!$C$75,VRAGENLIJST!$D$170=dropdowns!$D$75,VRAGENLIJST!$D$170=dropdowns!$E$75),OFFSET(VRAGENLIJST!$D$255,Liquiditeit!R3*2-6,0)*VRAGENLIJST!$D$166,IF(OR(VRAGENLIJST!$D$170=dropdowns!$B$76,VRAGENLIJST!$D$170=dropdowns!$C$76,VRAGENLIJST!$D$170=dropdowns!$D$76,VRAGENLIJST!$D$170=dropdowns!$E$76),OFFSET(VRAGENLIJST!$D$255,Liquiditeit!R3*2-8,0)*VRAGENLIJST!$D$166,0)))))) -> 0 | S20: =IF(VRAGENLIJST!$D$170="",0,IF(OR(VRAGENLIJST!$D$170=dropdowns!$B$72,VRAGENLIJST!$D$170=dropdowns!$C$72,VRAGENLIJST!$D$170=dropdowns!$D$72,VRAGENLIJST!$D$170=dropdowns!$E$72),OFFSET(VRAGENLIJST!$D$255,(COLUMN(S20)-COLUMN($E$20))*2,0)*VRAGENLIJST!$D$166,IF(OR(VRAGENLIJST!$D$170=dropdowns!$B$73,VRAGENLIJST!$D$170=dropdowns!$C$73,VRAGENLIJST!$D$170=dropdowns!$D$73,VRAGENLIJST!$D$170=dropdowns!$E$73),OFFSET(VRAGENLIJST!$D$255,Liquiditeit!S3*2-4,0)*0.5*VRAGENLIJST!$D$166+(OFFSET(VRAGENLIJST!$D$255,(COLUMN(S20)-COLUMN($E$20))*2,0))*0.5*VRAGENLIJST!$D$166,IF(OR(VRAGENLIJST!$D$170=dropdowns!$B$74,VRAGENLIJST!$D$170=dropdowns!$C$74,VRAGENLIJST!$D$170=dropdowns!$D$74,VRAGENLIJST!$D$170=dropdowns!$E$74),OFFSET(VRAGENLIJST!$D$255,Liquiditeit!S3*2-4,0)*VRAGENLIJST!$D$166,IF(OR(VRAGENLIJST!$D$170=dropdowns!$B$75,VRAGENLIJST!$D$170=dropdowns!$C$75,VRAGENLIJST!$D$170=dropdowns!$D$75,VRAGENLIJST!$D$170=dropdowns!$E$75),OFFSET(VRAGENLIJST!$D$255,Liquiditeit!S3*2-6,0)*VRAGENLIJST!$D$166,IF(OR(VRAGENLIJST!$D$170=dropdowns!$B$76,VRAGENLIJST!$D$170=dropdowns!$C$76,VRAGENLIJST!$D$170=dropdowns!$D$76,VRAGENLIJST!$D$170=dropdowns!$E$76),OFFSET(VRAGENLIJST!$D$255,Liquiditeit!S3*2-8,0)*VRAGENLIJST!$D$166,0)))))) -> 0 | T20: =IF(VRAGENLIJST!$D$170="",0,IF(OR(VRAGENLIJST!$D$170=dropdowns!$B$72,VRAGENLIJST!$D$170=dropdowns!$C$72,VRAGENLIJST!$D$170=dropdowns!$D$72,VRAGENLIJST!$D$170=dropdowns!$E$72),OFFSET(VRAGENLIJST!$D$255,(COLUMN(T20)-COLUMN($E$20))*2,0)*VRAGENLIJST!$D$166,IF(OR(VRAGENLIJST!$D$170=dropdowns!$B$73,VRAGENLIJST!$D$170=dropdowns!$C$73,VRAGENLIJST!$D$170=dropdowns!$D$73,VRAGENLIJST!$D$170=dropdowns!$E$73),OFFSET(VRAGENLIJST!$D$255,Liquiditeit!T3*2-4,0)*0.5*VRAGENLIJST!$D$166+(OFFSET(VRAGENLIJST!$D$255,(COLUMN(T20)-COLUMN($E$20))*2,0))*0.5*VRAGENLIJST!$D$166,IF(OR(VRAGENLIJST!$D$170=dropdowns!$B$74,VRAGENLIJST!$D$170=dropdowns!$C$74,VRAGENLIJST!$D$170=dropdowns!$D$74,VRAGENLIJST!$D$170=dropdowns!$E$74),OFFSET(VRAGENLIJST!$D$255,Liquiditeit!T3*2-4,0)*VRAGENLIJST!$D$166,IF(OR(VRAGENLIJST!$D$170=dropdowns!$B$75,VRAGENLIJST!$D$170=dropdowns!$C$75,VRAGENLIJST!$D$170=dropdowns!$D$75,VRAGENLIJST!$D$170=dropdowns!$E$75),OFFSET(VRAGENLIJST!$D$255,Liquiditeit!T3*2-6,0)*VRAGENLIJST!$D$166,IF(OR(VRAGENLIJST!$D$170=dropdowns!$B$76,VRAGENLIJST!$D$170=dropdowns!$C$76,VRAGENLIJST!$D$170=dropdowns!$D$76,VRAGENLIJST!$D$170=dropdowns!$E$76),OFFSET(VRAGENLIJST!$D$255,Liquiditeit!T3*2-8,0)*VRAGENLIJST!$D$166,0)))))) -> 0 | U20: =IF(VRAGENLIJST!$D$170="",0,IF(OR(VRAGENLIJST!$D$170=dropdowns!$B$72,VRAGENLIJST!$D$170=dropdowns!$C$72,VRAGENLIJST!$D$170=dropdowns!$D$72,VRAGENLIJST!$D$170=dropdowns!$E$72),OFFSET(VRAGENLIJST!$D$255,(COLUMN(U20)-COLUMN($E$20))*2,0)*VRAGENLIJST!$D$166,IF(OR(VRAGENLIJST!$D$170=dropdowns!$B$73,VRAGENLIJST!$D$170=dropdowns!$C$73,VRAGENLIJST!$D$170=dropdowns!$D$73,VRAGENLIJST!$D$170=dropdowns!$E$73),OFFSET(VRAGENLIJST!$D$255,Liquiditeit!U3*2-4,0)*0.5*VRAGENLIJST!$D$166+(OFFSET(VRAGENLIJST!$D$255,(COLUMN(U20)-COLUMN($E$20))*2,0))*0.5*VRAGENLIJST!$D$166,IF(OR(VRAGENLIJST!$D$170=dropdowns!$B$74,VRAGENLIJST!$D$170=dropdowns!$C$74,VRAGENLIJST!$D$170=dropdowns!$D$74,VRAGENLIJST!$D$170=dropdowns!$E$74),OFFSET(VRAGENLIJST!$D$255,Liquiditeit!U3*2-4,0)*VRAGENLIJST!$D$166,IF(OR(VRAGENLIJST!$D$170=dropdowns!$B$75,VRAGENLIJST!$D$170=dropdowns!$C$75,VRAGENLIJST!$D$170=dropdowns!$D$75,VRAGENLIJST!$D$170=dropdowns!$E$75),OFFSET(VRAGENLIJST!$D$255,Liquiditeit!U3*2-6,0)*VRAGENLIJST!$D$166,IF(OR(VRAGENLIJST!$D$170=dropdowns!$B$76,VRAGENLIJST!$D$170=dropdowns!$C$76,VRAGENLIJST!$D$170=dropdowns!$D$76,VRAGENLIJST!$D$170=dropdowns!$E$76),OFFSET(VRAGENLIJST!$D$255,Liquiditeit!U3*2-8,0)*VRAGENLIJST!$D$166,0)))))) -> 0 | V20: =IF(VRAGENLIJST!$D$170="",0,IF(OR(VRAGENLIJST!$D$170=dropdowns!$B$72,VRAGENLIJST!$D$170=dropdowns!$C$72,VRAGENLIJST!$D$170=dropdowns!$D$72,VRAGENLIJST!$D$170=dropdowns!$E$72),OFFSET(VRAGENLIJST!$D$255,(COLUMN(V20)-COLUMN($E$20))*2,0)*VRAGENLIJST!$D$166,IF(OR(VRAGENLIJST!$D$170=dropdowns!$B$73,VRAGENLIJST!$D$170=dropdowns!$C$73,VRAGENLIJST!$D$170=dropdowns!$D$73,VRAGENLIJST!$D$170=dropdowns!$E$73),OFFSET(VRAGENLIJST!$D$255,Liquiditeit!V3*2-4,0)*0.5*VRAGENLIJST!$D$166+(OFFSET(VRAGENLIJST!$D$255,(COLUMN(V20)-COLUMN($E$20))*2,0))*0.5*VRAGENLIJST!$D$166,IF(OR(VRAGENLIJST!$D$170=dropdowns!$B$74,VRAGENLIJST!$D$170=dropdowns!$C$74,VRAGENLIJST!$D$170=dropdowns!$D$74,VRAGENLIJST!$D$170=dropdowns!$E$74),OFFSET(VRAGENLIJST!$D$255,Liquiditeit!V3*2-4,0)*VRAGENLIJST!$D$166,IF(OR(VRAGENLIJST!$D$170=dropdowns!$B$75,VRAGENLIJST!$D$170=dropdowns!$C$75,VRAGENLIJST!$D$170=dropdowns!$D$75,VRAGENLIJST!$D$170=dropdowns!$E$75),OFFSET(VRAGENLIJST!$D$255,Liquiditeit!V3*2-6,0)*VRAGENLIJST!$D$166,IF(OR(VRAGENLIJST!$D$170=dropdowns!$B$76,VRAGENLIJST!$D$170=dropdowns!$C$76,VRAGENLIJST!$D$170=dropdowns!$D$76,VRAGENLIJST!$D$170=dropdowns!$E$76),OFFSET(VRAGENLIJST!$D$255,Liquiditeit!V3*2-8,0)*VRAGENLIJST!$D$166,0)))))) -> 0 | W20: =IF(VRAGENLIJST!$D$170="",0,IF(OR(VRAGENLIJST!$D$170=dropdowns!$B$72,VRAGENLIJST!$D$170=dropdowns!$C$72,VRAGENLIJST!$D$170=dropdowns!$D$72,VRAGENLIJST!$D$170=dropdowns!$E$72),OFFSET(VRAGENLIJST!$D$255,(COLUMN(W20)-COLUMN($E$20))*2,0)*VRAGENLIJST!$D$166,IF(OR(VRAGENLIJST!$D$170=dropdowns!$B$73,VRAGENLIJST!$D$170=dropdowns!$C$73,VRAGENLIJST!$D$170=dropdowns!$D$73,VRAGENLIJST!$D$170=dropdowns!$E$73),OFFSET(VRAGENLIJST!$D$255,Liquiditeit!W3*2-4,0)*0.5*VRAGENLIJST!$D$166+(OFFSET(VRAGENLIJST!$D$255,(COLUMN(W20)-COLUMN($E$20))*2,0))*0.5*VRAGENLIJST!$D$166,IF(OR(VRAGENLIJST!$D$170=dropdowns!$B$74,VRAGENLIJST!$D$170=dropdowns!$C$74,VRAGENLIJST!$D$170=dropdowns!$D$74,VRAGENLIJST!$D$170=dropdowns!$E$74),OFFSET(VRAGENLIJST!$D$255,Liquiditeit!W3*2-4,0)*VRAGENLIJST!$D$166,IF(OR(VRAGENLIJST!$D$170=dropdowns!$B$75,VRAGENLIJST!$D$170=dropdowns!$C$75,VRAGENLIJST!$D$170=dropdowns!$D$75,VRAGENLIJST!$D$170=dropdowns!$E$75),OFFSET(VRAGENLIJST!$D$255,Liquiditeit!W3*2-6,0)*VRAGENLIJST!$D$166,IF(OR(VRAGENLIJST!$D$170=dropdowns!$B$76,VRAGENLIJST!$D$170=dropdowns!$C$76,VRAGENLIJST!$D$170=dropdowns!$D$76,VRAGENLIJST!$D$170=dropdowns!$E$76),OFFSET(VRAGENLIJST!$D$255,Liquiditeit!W3*2-8,0)*VRAGENLIJST!$D$166,0)))))) -> 0 | X20: =IF(VRAGENLIJST!$D$170="",0,IF(OR(VRAGENLIJST!$D$170=dropdowns!$B$72,VRAGENLIJST!$D$170=dropdowns!$C$72,VRAGENLIJST!$D$170=dropdowns!$D$72,VRAGENLIJST!$D$170=dropdowns!$E$72),OFFSET(VRAGENLIJST!$D$255,(COLUMN(X20)-COLUMN($E$20))*2,0)*VRAGENLIJST!$D$166,IF(OR(VRAGENLIJST!$D$170=dropdowns!$B$73,VRAGENLIJST!$D$170=dropdowns!$C$73,VRAGENLIJST!$D$170=dropdowns!$D$73,VRAGENLIJST!$D$170=dropdowns!$E$73),OFFSET(VRAGENLIJST!$D$255,Liquiditeit!X3*2-4,0)*0.5*VRAGENLIJST!$D$166+(OFFSET(VRAGENLIJST!$D$255,(COLUMN(X20)-COLUMN($E$20))*2,0))*0.5*VRAGENLIJST!$D$166,IF(OR(VRAGENLIJST!$D$170=dropdowns!$B$74,VRAGENLIJST!$D$170=dropdowns!$C$74,VRAGENLIJST!$D$170=dropdowns!$D$74,VRAGENLIJST!$D$170=dropdowns!$E$74),OFFSET(VRAGENLIJST!$D$255,Liquiditeit!X3*2-4,0)*VRAGENLIJST!$D$166,IF(OR(VRAGENLIJST!$D$170=dropdowns!$B$75,VRAGENLIJST!$D$170=dropdowns!$C$75,VRAGENLIJST!$D$170=dropdowns!$D$75,VRAGENLIJST!$D$170=dropdowns!$E$75),OFFSET(VRAGENLIJST!$D$255,Liquiditeit!X3*2-6,0)*VRAGENLIJST!$D$166,IF(OR(VRAGENLIJST!$D$170=dropdowns!$B$76,VRAGENLIJST!$D$170=dropdowns!$C$76,VRAGENLIJST!$D$170=dropdowns!$D$76,VRAGENLIJST!$D$170=dropdowns!$E$76),OFFSET(VRAGENLIJST!$D$255,Liquiditeit!X3*2-8,0)*VRAGENLIJST!$D$166,0)))))) -> 0 | ... AB20: =IF(VRAGENLIJST!$D$170="",0,IF(OR(VRAGENLIJST!$D$170=dropdowns!$B$72,VRAGENLIJST!$D$170=dropdowns!$C$72,VRAGENLIJST!$D$170=dropdowns!$D$72,VRAGENLIJST!$D$170=dropdowns!$E$72),OFFSET(VRAGENLIJST!$D$255,(COLUMN(AB20)-COLUMN($E$20))*2,0)*VRAGENLIJST!$D$166,IF(OR(VRAGENLIJST!$D$170=dropdowns!$B$73,VRAGENLIJST!$D$170=dropdowns!$C$73,VRAGENLIJST!$D$170=dropdowns!$D$73,VRAGENLIJST!$D$170=dropdowns!$E$73),OFFSET(VRAGENLIJST!$D$255,Liquiditeit!AB3*2-4,0)*0.5*VRAGENLIJST!$D$166+(OFFSET(VRAGENLIJST!$D$255,(COLUMN(AB20)-COLUMN($E$20))*2,0))*0.5*VRAGENLIJST!$D$166,IF(OR(VRAGENLIJST!$D$170=dropdowns!$B$74,VRAGENLIJST!$D$170=dropdowns!$C$74,VRAGENLIJST!$D$170=dropdowns!$D$74,VRAGENLIJST!$D$170=dropdowns!$E$74),OFFSET(VRAGENLIJST!$D$255,Liquiditeit!AB3*2-4,0)*VRAGENLIJST!$D$166,IF(OR(VRAGENLIJST!$D$170=dropdowns!$B$75,VRAGENLIJST!$D$170=dropdowns!$C$75,VRAGENLIJST!$D$170=dropdowns!$D$75,VRAGENLIJST!$D$170=dropdowns!$E$75),OFFSET(VRAGENLIJST!$D$255,Liquiditeit!AB3*2-6,0)*VRAGENLIJST!$D$166,IF(OR(VRAGENLIJST!$D$170=dropdowns!$B$76,VRAGENLIJST!$D$170=dropdowns!$C$76,VRAGENLIJST!$D$170=dropdowns!$D$76,VRAGENLIJST!$D$170=dropdowns!$E$76),OFFSET(VRAGENLIJST!$D$255,Liquiditeit!AB3*2-8,0)*VRAGENLIJST!$D$166,0)))))) -> 0 | AC20: =SUM(P20:AB20) -> 0 | AD20: =IF(VRAGENLIJST!$D$170="",0,IF(OR(VRAGENLIJST!$D$170=dropdowns!$B$72,VRAGENLIJST!$D$170=dropdowns!$C$72,VRAGENLIJST!$D$170=dropdowns!$D$72,VRAGENLIJST!$D$170=dropdowns!$E$72),OFFSET(VRAGENLIJST!$D$255,(COLUMN(AD20)-COLUMN($F$20))*2,0)*VRAGENLIJST!$D$166,IF(OR(VRAGENLIJST!$D$170=dropdowns!$B$73,VRAGENLIJST!$D$170=dropdowns!$C$73,VRAGENLIJST!$D$170=dropdowns!$D$73,VRAGENLIJST!$D$170=dropdowns!$E$73),OFFSET(VRAGENLIJST!$D$255,Liquiditeit!AD3*2-4,0)*0.5*VRAGENLIJST!$D$166+(OFFSET(VRAGENLIJST!$D$255,(COLUMN(AD20)-COLUMN($F$20))*2,0))*0.5*VRAGENLIJST!$D$166,IF(OR(VRAGENLIJST!$D$170=dropdowns!$B$74,VRAGENLIJST!$D$170=dropdowns!$C$74,VRAGENLIJST!$D$170=dropdowns!$D$74,VRAGENLIJST!$D$170=dropdowns!$E$74),OFFSET(VRAGENLIJST!$D$255,Liquiditeit!AD3*2-4,0)*VRAGENLIJST!$D$166,IF(OR(VRAGENLIJST!$D$170=dropdowns!$B$75,VRAGENLIJST!$D$170=dropdowns!$C$75,VRAGENLIJST!$D$170=dropdowns!$D$75,VRAGENLIJST!$D$170=dropdowns!$E$75),OFFSET(VRAGENLIJST!$D$255,Liquiditeit!AD3*2-6,0)*VRAGENLIJST!$D$166,IF(OR(VRAGENLIJST!$D$170=dropdowns!$B$76,VRAGENLIJST!$D$170=dropdowns!$C$76,VRAGENLIJST!$D$170=dropdowns!$D$76,VRAGENLIJST!$D$170=dropdowns!$E$76),OFFSET(VRAGENLIJST!$D$255,Liquiditeit!AD3*2-8,0)*VRAGENLIJST!$D$166,0)))))) -> 0 | AE20: =IF(VRAGENLIJST!$D$170="",0,IF(OR(VRAGENLIJST!$D$170=dropdowns!$B$72,VRAGENLIJST!$D$170=dropdowns!$C$72,VRAGENLIJST!$D$170=dropdowns!$D$72,VRAGENLIJST!$D$170=dropdowns!$E$72),OFFSET(VRAGENLIJST!$D$255,(COLUMN(AE20)-COLUMN($F$20))*2,0)*VRAGENLIJST!$D$166,IF(OR(VRAGENLIJST!$D$170=dropdowns!$B$73,VRAGENLIJST!$D$170=dropdowns!$C$73,VRAGENLIJST!$D$170=dropdowns!$D$73,VRAGENLIJST!$D$170=dropdowns!$E$73),OFFSET(VRAGENLIJST!$D$255,Liquiditeit!AE3*2-4,0)*0.5*VRAGENLIJST!$D$166+(OFFSET(VRAGENLIJST!$D$255,(COLUMN(AE20)-COLUMN($F$20))*2,0))*0.5*VRAGENLIJST!$D$166,IF(OR(VRAGENLIJST!$D$170=dropdowns!$B$74,VRAGENLIJST!$D$170=dropdowns!$C$74,VRAGENLIJST!$D$170=dropdowns!$D$74,VRAGENLIJST!$D$170=dropdowns!$E$74),OFFSET(VRAGENLIJST!$D$255,Liquiditeit!AE3*2-4,0)*VRAGENLIJST!$D$166,IF(OR(VRAGENLIJST!$D$170=dropdowns!$B$75,VRAGENLIJST!$D$170=dropdowns!$C$75,VRAGENLIJST!$D$170=dropdowns!$D$75,VRAGENLIJST!$D$170=dropdowns!$E$75),OFFSET(VRAGENLIJST!$D$255,Liquiditeit!AE3*2-6,0)*VRAGENLIJST!$D$166,IF(OR(VRAGENLIJST!$D$170=dropdowns!$B$76,VRAGENLIJST!$D$170=dropdowns!$C$76,VRAGENLIJST!$D$170=dropdowns!$D$76,VRAGENLIJST!$D$170=dropdowns!$E$76),OFFSET(VRAGENLIJST!$D$255,Liquiditeit!AE3*2-8,0)*VRAGENLIJST!$D$166,0)))))) -> 0 | AF20: =IF(VRAGENLIJST!$D$170="",0,IF(OR(VRAGENLIJST!$D$170=dropdowns!$B$72,VRAGENLIJST!$D$170=dropdowns!$C$72,VRAGENLIJST!$D$170=dropdowns!$D$72,VRAGENLIJST!$D$170=dropdowns!$E$72),OFFSET(VRAGENLIJST!$D$255,(COLUMN(AF20)-COLUMN($F$20))*2,0)*VRAGENLIJST!$D$166,IF(OR(VRAGENLIJST!$D$170=dropdowns!$B$73,VRAGENLIJST!$D$170=dropdowns!$C$73,VRAGENLIJST!$D$170=dropdowns!$D$73,VRAGENLIJST!$D$170=dropdowns!$E$73),OFFSET(VRAGENLIJST!$D$255,Liquiditeit!AF3*2-4,0)*0.5*VRAGENLIJST!$D$166+(OFFSET(VRAGENLIJST!$D$255,(COLUMN(AF20)-COLUMN($F$20))*2,0))*0.5*VRAGENLIJST!$D$166,IF(OR(VRAGENLIJST!$D$170=dropdowns!$B$74,VRAGENLIJST!$D$170=dropdowns!$C$74,VRAGENLIJST!$D$170=dropdowns!$D$74,VRAGENLIJST!$D$170=dropdowns!$E$74),OFFSET(VRAGENLIJST!$D$255,Liquiditeit!AF3*2-4,0)*VRAGENLIJST!$D$166,IF(OR(VRAGENLIJST!$D$170=dropdowns!$B$75,VRAGENLIJST!$D$170=dropdowns!$C$75,VRAGENLIJST!$D$170=dropdowns!$D$75,VRAGENLIJST!$D$170=dropdowns!$E$75),OFFSET(VRAGENLIJST!$D$255,Liquiditeit!AF3*2-6,0)*VRAGENLIJST!$D$166,IF(OR(VRAGENLIJST!$D$170=dropdowns!$B$76,VRAGENLIJST!$D$170=dropdowns!$C$76,VRAGENLIJST!$D$170=dropdowns!$D$76,VRAGENLIJST!$D$170=dropdowns!$E$76),OFFSET(VRAGENLIJST!$D$255,Liquiditeit!AF3*2-8,0)*VRAGENLIJST!$D$166,0)))))) -> 0 | AG20: =IF(VRAGENLIJST!$D$170="",0,IF(OR(VRAGENLIJST!$D$170=dropdowns!$B$72,VRAGENLIJST!$D$170=dropdowns!$C$72,VRAGENLIJST!$D$170=dropdowns!$D$72,VRAGENLIJST!$D$170=dropdowns!$E$72),OFFSET(VRAGENLIJST!$D$255,(COLUMN(AG20)-COLUMN($F$20))*2,0)*VRAGENLIJST!$D$166,IF(OR(VRAGENLIJST!$D$170=dropdowns!$B$73,VRAGENLIJST!$D$170=dropdowns!$C$73,VRAGENLIJST!$D$170=dropdowns!$D$73,VRAGENLIJST!$D$170=dropdowns!$E$73),OFFSET(VRAGENLIJST!$D$255,Liquiditeit!AG3*2-4,0)*0.5*VRAGENLIJST!$D$166+(OFFSET(VRAGENLIJST!$D$255,(COLUMN(AG20)-COLUMN($F$20))*2,0))*0.5*VRAGENLIJST!$D$166,IF(OR(VRAGENLIJST!$D$170=dropdowns!$B$74,VRAGENLIJST!$D$170=dropdowns!$C$74,VRAGENLIJST!$D$170=dropdowns!$D$74,VRAGENLIJST!$D$170=dropdowns!$E$74),OFFSET(VRAGENLIJST!$D$255,Liquiditeit!AG3*2-4,0)*VRAGENLIJST!$D$166,IF(OR(VRAGENLIJST!$D$170=dropdowns!$B$75,VRAGENLIJST!$D$170=dropdowns!$C$75,VRAGENLIJST!$D$170=dropdowns!$D$75,VRAGENLIJST!$D$170=dropdowns!$E$75),OFFSET(VRAGENLIJST!$D$255,Liquiditeit!AG3*2-6,0)*VRAGENLIJST!$D$166,IF(OR(VRAGENLIJST!$D$170=dropdowns!$B$76,VRAGENLIJST!$D$170=dropdowns!$C$76,VRAGENLIJST!$D$170=dropdowns!$D$76,VRAGENLIJST!$D$170=dropdowns!$E$76),OFFSET(VRAGENLIJST!$D$255,Liquiditeit!AG3*2-8,0)*VRAGENLIJST!$D$166,0)))))) -> 0 | AH20: =IF(VRAGENLIJST!$D$170="",0,IF(OR(VRAGENLIJST!$D$170=dropdowns!$B$72,VRAGENLIJST!$D$170=dropdowns!$C$72,VRAGENLIJST!$D$170=dropdowns!$D$72,VRAGENLIJST!$D$170=dropdowns!$E$72),OFFSET(VRAGENLIJST!$D$255,(COLUMN(AH20)-COLUMN($F$20))*2,0)*VRAGENLIJST!$D$166,IF(OR(VRAGENLIJST!$D$170=dropdowns!$B$73,VRAGENLIJST!$D$170=dropdowns!$C$73,VRAGENLIJST!$D$170=dropdowns!$D$73,VRAGENLIJST!$D$170=dropdowns!$E$73),OFFSET(VRAGENLIJST!$D$255,Liquiditeit!AH3*2-4,0)*0.5*VRAGENLIJST!$D$166+(OFFSET(VRAGENLIJST!$D$255,(COLUMN(AH20)-COLUMN($F$20))*2,0))*0.5*VRAGENLIJST!$D$166,IF(OR(VRAGENLIJST!$D$170=dropdowns!$B$74,VRAGENLIJST!$D$170=dropdowns!$C$74,VRAGENLIJST!$D$170=dropdowns!$D$74,VRAGENLIJST!$D$170=dropdowns!$E$74),OFFSET(VRAGENLIJST!$D$255,Liquiditeit!AH3*2-4,0)*VRAGENLIJST!$D$166,IF(OR(VRAGENLIJST!$D$170=dropdowns!$B$75,VRAGENLIJST!$D$170=dropdowns!$C$75,VRAGENLIJST!$D$170=dropdowns!$D$75,VRAGENLIJST!$D$170=dropdowns!$E$75),OFFSET(VRAGENLIJST!$D$255,Liquiditeit!AH3*2-6,0)*VRAGENLIJST!$D$166,IF(OR(VRAGENLIJST!$D$170=dropdowns!$B$76,VRAGENLIJST!$D$170=dropdowns!$C$76,VRAGENLIJST!$D$170=dropdowns!$D$76,VRAGENLIJST!$D$170=dropdowns!$E$76),OFFSET(VRAGENLIJST!$D$255,Liquiditeit!AH3*2-8,0)*VRAGENLIJST!$D$166,0)))))) -> 0 | AI20: =IF(VRAGENLIJST!$D$170="",0,IF(OR(VRAGENLIJST!$D$170=dropdowns!$B$72,VRAGENLIJST!$D$170=dropdowns!$C$72,VRAGENLIJST!$D$170=dropdowns!$D$72,VRAGENLIJST!$D$170=dropdowns!$E$72),OFFSET(VRAGENLIJST!$D$255,(COLUMN(AI20)-COLUMN($F$20))*2,0)*VRAGENLIJST!$D$166,IF(OR(VRAGENLIJST!$D$170=dropdowns!$B$73,VRAGENLIJST!$D$170=dropdowns!$C$73,VRAGENLIJST!$D$170=dropdowns!$D$73,VRAGENLIJST!$D$170=dropdowns!$E$73),OFFSET(VRAGENLIJST!$D$255,Liquiditeit!AI3*2-4,0)*0.5*VRAGENLIJST!$D$166+(OFFSET(VRAGENLIJST!$D$255,(COLUMN(AI20)-COLUMN($F$20))*2,0))*0.5*VRAGENLIJST!$D$166,IF(OR(VRAGENLIJST!$D$170=dropdowns!$B$74,VRAGENLIJST!$D$170=dropdowns!$C$74,VRAGENLIJST!$D$170=dropdowns!$D$74,VRAGENLIJST!$D$170=dropdowns!$E$74),OFFSET(VRAGENLIJST!$D$255,Liquiditeit!AI3*2-4,0)*VRAGENLIJST!$D$166,IF(OR(VRAGENLIJST!$D$170=dropdowns!$B$75,VRAGENLIJST!$D$170=dropdowns!$C$75,VRAGENLIJST!$D$170=dropdowns!$D$75,VRAGENLIJST!$D$170=dropdowns!$E$75),OFFSET(VRAGENLIJST!$D$255,Liquiditeit!AI3*2-6,0)*VRAGENLIJST!$D$166,IF(OR(VRAGENLIJST!$D$170=dropdowns!$B$76,VRAGENLIJST!$D$170=dropdowns!$C$76,VRAGENLIJST!$D$170=dropdowns!$D$76,VRAGENLIJST!$D$170=dropdowns!$E$76),OFFSET(VRAGENLIJST!$D$255,Liquiditeit!AI3*2-8,0)*VRAGENLIJST!$D$166,0)))))) -> 0 | AJ20: =IF(VRAGENLIJST!$D$170="",0,IF(OR(VRAGENLIJST!$D$170=dropdowns!$B$72,VRAGENLIJST!$D$170=dropdowns!$C$72,VRAGENLIJST!$D$170=dropdowns!$D$72,VRAGENLIJST!$D$170=dropdowns!$E$72),OFFSET(VRAGENLIJST!$D$255,(COLUMN(AJ20)-COLUMN($F$20))*2,0)*VRAGENLIJST!$D$166,IF(OR(VRAGENLIJST!$D$170=dropdowns!$B$73,VRAGENLIJST!$D$170=dropdowns!$C$73,VRAGENLIJST!$D$170=dropdowns!$D$73,VRAGENLIJST!$D$170=dropdowns!$E$73),OFFSET(VRAGENLIJST!$D$255,Liquiditeit!AJ3*2-4,0)*0.5*VRAGENLIJST!$D$166+(OFFSET(VRAGENLIJST!$D$255,(COLUMN(AJ20)-COLUMN($F$20))*2,0))*0.5*VRAGENLIJST!$D$166,IF(OR(VRAGENLIJST!$D$170=dropdowns!$B$74,VRAGENLIJST!$D$170=dropdowns!$C$74,VRAGENLIJST!$D$170=dropdowns!$D$74,VRAGENLIJST!$D$170=dropdowns!$E$74),OFFSET(VRAGENLIJST!$D$255,Liquiditeit!AJ3*2-4,0)*VRAGENLIJST!$D$166,IF(OR(VRAGENLIJST!$D$170=dropdowns!$B$75,VRAGENLIJST!$D$170=dropdowns!$C$75,VRAGENLIJST!$D$170=dropdowns!$D$75,VRAGENLIJST!$D$170=dropdowns!$E$75),OFFSET(VRAGENLIJST!$D$255,Liquiditeit!AJ3*2-6,0)*VRAGENLIJST!$D$166,IF(OR(VRAGENLIJST!$D$170=dropdowns!$B$76,VRAGENLIJST!$D$170=dropdowns!$C$76,VRAGENLIJST!$D$170=dropdowns!$D$76,VRAGENLIJST!$D$170=dropdowns!$E$76),OFFSET(VRAGENLIJST!$D$255,Liquiditeit!AJ3*2-8,0)*VRAGENLIJST!$D$166,0)))))) -> 0 | AK20: =IF(VRAGENLIJST!$D$170="",0,IF(OR(VRAGENLIJST!$D$170=dropdowns!$B$72,VRAGENLIJST!$D$170=dropdowns!$C$72,VRAGENLIJST!$D$170=dropdowns!$D$72,VRAGENLIJST!$D$170=dropdowns!$E$72),OFFSET(VRAGENLIJST!$D$255,(COLUMN(AK20)-COLUMN($F$20))*2,0)*VRAGENLIJST!$D$166,IF(OR(VRAGENLIJST!$D$170=dropdowns!$B$73,VRAGENLIJST!$D$170=dropdowns!$C$73,VRAGENLIJST!$D$170=dropdowns!$D$73,VRAGENLIJST!$D$170=dropdowns!$E$73),OFFSET(VRAGENLIJST!$D$255,Liquiditeit!AK3*2-4,0)*0.5*VRAGENLIJST!$D$166+(OFFSET(VRAGENLIJST!$D$255,(COLUMN(AK20)-COLUMN($F$20))*2,0))*0.5*VRAGENLIJST!$D$166,IF(OR(VRAGENLIJST!$D$170=dropdowns!$B$74,VRAGENLIJST!$D$170=dropdowns!$C$74,VRAGENLIJST!$D$170=dropdowns!$D$74,VRAGENLIJST!$D$170=dropdowns!$E$74),OFFSET(VRAGENLIJST!$D$255,Liquiditeit!AK3*2-4,0)*VRAGENLIJST!$D$166,IF(OR(VRAGENLIJST!$D$170=dropdowns!$B$75,VRAGENLIJST!$D$170=dropdowns!$C$75,VRAGENLIJST!$D$170=dropdowns!$D$75,VRAGENLIJST!$D$170=dropdowns!$E$75),OFFSET(VRAGENLIJST!$D$255,Liquiditeit!AK3*2-6,0)*VRAGENLIJST!$D$166,IF(OR(VRAGENLIJST!$D$170=dropdowns!$B$76,VRAGENLIJST!$D$170=dropdowns!$C$76,VRAGENLIJST!$D$170=dropdowns!$D$76,VRAGENLIJST!$D$170=dropdowns!$E$76),OFFSET(VRAGENLIJST!$D$255,Liquiditeit!AK3*2-8,0)*VRAGENLIJST!$D$166,0)))))) -> 0 | ... AO20: =IF(VRAGENLIJST!$D$170="",0,IF(OR(VRAGENLIJST!$D$170=dropdowns!$B$72,VRAGENLIJST!$D$170=dropdowns!$C$72,VRAGENLIJST!$D$170=dropdowns!$D$72,VRAGENLIJST!$D$170=dropdowns!$E$72),OFFSET(VRAGENLIJST!$D$255,(COLUMN(AO20)-COLUMN($F$20))*2,0)*VRAGENLIJST!$D$166,IF(OR(VRAGENLIJST!$D$170=dropdowns!$B$73,VRAGENLIJST!$D$170=dropdowns!$C$73,VRAGENLIJST!$D$170=dropdowns!$D$73,VRAGENLIJST!$D$170=dropdowns!$E$73),OFFSET(VRAGENLIJST!$D$255,Liquiditeit!AO3*2-4,0)*0.5*VRAGENLIJST!$D$166+(OFFSET(VRAGENLIJST!$D$255,(COLUMN(AO20)-COLUMN($F$20))*2,0))*0.5*VRAGENLIJST!$D$166,IF(OR(VRAGENLIJST!$D$170=dropdowns!$B$74,VRAGENLIJST!$D$170=dropdowns!$C$74,VRAGENLIJST!$D$170=dropdowns!$D$74,VRAGENLIJST!$D$170=dropdowns!$E$74),OFFSET(VRAGENLIJST!$D$255,Liquiditeit!AO3*2-4,0)*VRAGENLIJST!$D$166,IF(OR(VRAGENLIJST!$D$170=dropdowns!$B$75,VRAGENLIJST!$D$170=dropdowns!$C$75,VRAGENLIJST!$D$170=dropdowns!$D$75,VRAGENLIJST!$D$170=dropdowns!$E$75),OFFSET(VRAGENLIJST!$D$255,Liquiditeit!AO3*2-6,0)*VRAGENLIJST!$D$166,IF(OR(VRAGENLIJST!$D$170=dropdowns!$B$76,VRAGENLIJST!$D$170=dropdowns!$C$76,VRAGENLIJST!$D$170=dropdowns!$D$76,VRAGENLIJST!$D$170=dropdowns!$E$76),OFFSET(VRAGENLIJST!$D$255,Liquiditeit!AO3*2-8,0)*VRAGENLIJST!$D$166,0)))))) -> 0 | AP20: =SUM(AC20:AO20) -> 0
